Workbook

Sheet GRÁFICOS
A1: #VALUE! | C1: SECRETARIA DE ESTADO DE INFRAESTRUTURA | G1: CONFERÊNCIA
C2: GEPPI - GERÊNCIA DE PLANEJAMENTO E PROGRAMAÇÃO DE INVESTIMENTOS | G2: Nº XX/XXXX
C3: CHECKLIST - CONFERÊNCIA DE PROJETOS | G3: DATA:
C4: RESUMO GRÁFICO
A6: IDENTIFICAÇÃO
A7: Objeto:
A8: Rodovia/Trecho:
A9: Complemento: | D9: Extensão:
A10: Licitação:
A11: Contratada:
A13: DOCUMENTOS DE ANÁLISE
A15: Data de entrega: | D15: Versão:
H36: u
I106: Tabela Resumo - Total
I109: Atende | J109: =VOLUMES_APRESENTAÇÃO!I6+TRÁFEGO!I6+EST_TOPOGRAFICOS!I6+PROJ_TOPOGRAFICOS!I6+HIDROLÓGICO!I6+GEOLÓGICOS!I6+GEOTÉCNICO!I6+EST_E_PROJ_DESAPROPRIAÇÃO!I6+AMBIENTAL!I6+ENSAIOS_REABILIT_RESTAURAÇ!I6+GEOMÉTRICO!I6+TERRAPLANAGEM!I6+PAVIMENTAÇÃO!I6+PROJ_REABIL!I6+PROJ_RESTAUR!I6+DRENAGEM!I6+SINALIZAÇÃO!I6+OAE!I6+OAC!I6+PAISAGISMO!I6+ILUMINAÇÃO!I6+PLANEJAMENTO!I6 -> 189 | K109: =J109/$J$113 -> 0.13394755
I110: Atende Parcialmente | J110: =VOLUMES_APRESENTAÇÃO!I7+TRÁFEGO!I7+EST_TOPOGRAFICOS!I7+PROJ_TOPOGRAFICOS!I7+HIDROLÓGICO!I7+GEOLÓGICOS!I7+GEOTÉCNICO!I7+EST_E_PROJ_DESAPROPRIAÇÃO!I7+AMBIENTAL!I7+ENSAIOS_REABILIT_RESTAURAÇ!I7+GEOMÉTRICO!I7+TERRAPLANAGEM!I7+PAVIMENTAÇÃO!I7+PROJ_REABIL!I7+PROJ_RESTAUR!I7+DRENAGEM!I7+SINALIZAÇÃO!I7+OAE!I7+OAC!I7+PAISAGISMO!I7+ILUMINAÇÃO!I7+PLANEJAMENTO!I7 -> 947 | K110: =J110/$J$113 -> 0.67115521
I111: Não Atende | J111: =VOLUMES_APRESENTAÇÃO!I8+TRÁFEGO!I8+EST_TOPOGRAFICOS!I8+PROJ_TOPOGRAFICOS!I8+HIDROLÓGICO!I8+GEOLÓGICOS!I8+GEOTÉCNICO!I8+EST_E_PROJ_DESAPROPRIAÇÃO!I8+AMBIENTAL!I8+ENSAIOS_REABILIT_RESTAURAÇ!I8+GEOMÉTRICO!I8+TERRAPLANAGEM!I8+PAVIMENTAÇÃO!I8+PROJ_REABIL!I8+PROJ_RESTAUR!I8+DRENAGEM!I8+SINALIZAÇÃO!I8+OAE!I8+OAC!I8+PAISAGISMO!I8+ILUMINAÇÃO!I8+PLANEJAMENTO!I8 -> 180 | K111: =J111/$J$113 -> 0.1275691
I112: Não Se Aplica | J112: =VOLUMES_APRESENTAÇÃO!I9+TRÁFEGO!I9+EST_TOPOGRAFICOS!I9+PROJ_TOPOGRAFICOS!I9+HIDROLÓGICO!I9+GEOLÓGICOS!I9+GEOTÉCNICO!I9+EST_E_PROJ_DESAPROPRIAÇÃO!I9+AMBIENTAL!I9+ENSAIOS_REABILIT_RESTAURAÇ!I9+GEOMÉTRICO!I9+TERRAPLANAGEM!I9+PAVIMENTAÇÃO!I9+PROJ_REABIL!I9+PROJ_RESTAUR!I9+DRENAGEM!I9+SINALIZAÇÃO!I9+OAE!I9+OAC!I9+PAISAGISMO!I9+ILUMINAÇÃO!I9+PLANEJAMENTO!I9 -> 95 | K112: =J112/$J$113 -> 0.067328136
J113: =VOLUMES_APRESENTAÇÃO!I10+TRÁFEGO!I10+EST_TOPOGRAFICOS!I10+PROJ_TOPOGRAFICOS!I10+HIDROLÓGICO!I10+GEOLÓGICOS!I10+GEOTÉCNICO!I10+EST_E_PROJ_DESAPROPRIAÇÃO!I10+AMBIENTAL!I10+ENSAIOS_REABILIT_RESTAURAÇ!I10+GEOMÉTRICO!I10+TERRAPLANAGEM!I10+PAVIMENTAÇÃO!I10+PROJ_REABIL!I10+PROJ_RESTAUR!I10+DRENAGEM!I10+SINALIZAÇÃO!I10+OAE!I10+OAC!I10+PAISAGISMO!I10+ILUMINAÇÃO!I10+PLANEJAMENTO!I10 -> 1411 | K113: =J113/$J$113 -> 1
J115: =J109+J110+J111+J112 -> 1411

Sheet VOLUMES_APRESENTAÇÃO
A1: #VALUE! | C1: SECRETARIA DE ESTADO DE INFRAESTRUTURA | F1: CONFERÊNCIA
C2: GEPPI - GERÊNCIA DE PLANEJAMENTO E PROGRAMAÇÃO DE INVESTIMENTOS | F2: Nº XX/XXXX
C3: CHECKLIST - CONFERÊNCIA DE PROJETOS | F3: DATA: | H3: Tabela Resumo
C4: DOCUMENTOS GERAIS
A6: IDENTIFICAÇÃO | H6: Atende | I6: =COUNTIF(D$1:$D$209,"Atende") -> 12 | J6: =I6/$I$10 -> 0.63157895
A7: Objeto: | H7: Atende Parcialmente | I7: =COUNTIF(D$1:$D$209,"Atende Parcialmente") -> 3 | J7: =I7/$I$10 -> 0.15789474
A8: Rodovia/Trecho: | H8: Não Atende | I8: =COUNTIF(D$1:$D$209,"Não Atende") -> 3 | J8: =I8/$I$10 -> 0.15789474
A9: Complemento: | D9: Extensão: | H9: Não Se Aplica | I9: =COUNTIF(D$1:$D$209,"Não Se Aplica") -> 1 | J9: =I9/$I$10 -> 0.052631579
A10: Licitação: | I10: =SUM(I6:I9) -> 19 | J10: =I10/$I$10 -> 1
A11: Contratada:
A13: DOCUMENTOS DE ANÁLISE
A15: Documento entregue:
A16: Data de entrega: | D16: Versão:
A17: ENTREGA | E17: FORMATO | F17: OBSERVAÇÕES
A18: Os arquivos digitais foram entregues em mídia convencionais, como CD, pendrive, HD externo ou transferência remota registrada por e-mail ou protocolada nas DUAS VERSÕES:
A19: 1 | B19: - não editável (PDF) ? | D19: Atende
A20: 2 | B20: - editável de acordo com cada tipo (.doc, .xls, .dwg, etc) ? | D20: Atende
A21: ITEM | B21: REFERÊNCIA | C21: QUESITO | E21: VOLUME/PÁGINA | F21: OBSERVAÇÕES
A22: 3 | C22: O conteúdo apresentado compreende todo o objeto previsto pelo Guia? | D22: Atende Parcialmente
A23: =A22+1 -> 4 | C23: As nomenclaturas dos volumes entregues estão conforme as exigências? | D23: Não Se Aplica
A24: =A23+1 -> 5 | B24: DNIT | C24: O mapa de localização da obra foi apresentado? | D24: Não Atende
A25: =A24+1 -> 6 | B25: DNIT | C25: Foi apresentada a Anotação de Responsabilidade Técnica (ART) do profissional responsável pelos estudos e projetos? | D25: Não Atende
A26: =A25+1 -> 7 | B26: DNIT | C26: Foi apresentada a Declaração de Responsabilidade Técnica pelos estudos e projetos? | D26: Não Atende
A27: =A26+1 -> 8 | C27: Os carimbos dos projetos possuem data, com no mínimo a informação de mês/ano? | D27: Atende
A28: =A27+1 -> 9 | C28: Os carimbos dos projetos possuem número da respectiva ART? | D28: Atende Parcialmente
A29: =A28+1 -> 10 | C29: Atende a entrega por Volumes pré-definida? | D29: Atende Parcialmente
A30: =A29+1 -> 11 | C30: Os documentos entregues estão organizados de acordo com a sequência estabelecida pelo Manual? | D30: Atende
A31: =A30+1 -> 12 | C31: Os documentos entregues estão legíveis e apresentam qualidade gráfica adequada? | D31: Atende
A32: =A31+1 -> 13 | C32: Os documentos possuem a assinatura e identificação dos responsáveis técnicos? | D32: Atende
A33: =A32+1 -> 14 | C33: Os arquivos digitais foram entregues em formato compatível com as exigências? | D33: Atende
A34: =A33+1 -> 15 | C34: As tabelas, gráficos e informações quantitativas estão devidamente referenciados? | D34: Atende
A35: =A34+1 -> 16 | C35: Os relatórios possuem índice e numeração de páginas? | D35: Atende
A36: =A35+1 -> 17 | C36: Os projetos possuem as escalas corretas e indicadas de forma clara? | D36: Atende
A37: =A36+1 -> 18 | C37: Os documentos estão assinados, incluindo a versão do projeto? | D37: Atende
A38: =A37+1 -> 19 | C38: Os desenhos em formato CAD (DWG) possuem layers organizados e devidamente rotulados? | D38: Atende
E41: Conferente: ___________________________________

Sheet TRÁFEGO
A1: #VALUE! | C1: SEINFRA | F1: CONFERÊNCIA
C2: GEPPI - GERÊNCIA DE PLANEJAMENTO E PROGRAMAÇÃO DE INVESTIMENTOS | F2: Nº XX/XXXX
C3: CHECKLIST - CONFERÊNCIA DE PROJETOS | F3: DATA: | H3: Tabela Resumo
C4: ESTUDOS DE TRÁFEGO
A6: IDENTIFICAÇÃO | H6: Atende | I6: =COUNTIF(D$1:$D$200,"Atende") -> 2 | J6: =I6/$I$10 -> 0.047619048
A7: Objeto: | H7: Atende Parcialmente | I7: =COUNTIF(D$1:$D$200,"Atende Parcialmente") -> 34 | J7: =I7/$I$10 -> 0.80952381
A8: Rodovia/Trecho: | H8: Não Atende | I8: =COUNTIF(D$1:$D$200,"Não Atende") -> 2 | J8: =I8/$I$10 -> 0.047619048
A9: Complemento: | D9: Extensão: | H9: Não Se Aplica | I9: =COUNTIF(D$1:$D$200,"Não Se Aplica") -> 4 | J9: =I9/$I$10 -> 0.095238095
A10: Licitação: | I10: =SUM(I6:I9) -> 42 | J10: =I10/$I$10 -> 1
A11: Contratada:
A13: DOCUMENTOS DE ANÁLISE
A15: Documento entregue:
A16: Data de entrega: | D16: Versão:
A17: ENTREGA | E17: FORMATO | F17: OBSERVAÇÕES
A18: Os arquivos digitais foram entregues em mídia convencionais, como CD, pendrive, HD externo ou transferência remota registrada por e-mail ou protocolada nas DUAS VERSÕES:
A19: 1 | B19: - não editável (PDF) ? | D19: Atende Parcialmente
A20: 2 | B20: - editável de acordo com cada tipo (.doc, .xls, .dwg, etc) ? | D20: Atende Parcialmente
A21: ITEM | B21: REFERÊNCIA | C21: QUESITO | E21: VOLUME/PÁGINA | F21: OBSERVAÇÕES
B23: IP-05 (5.2) | C23: Em relação ao Estudo realizado, foi apresentado:
A24: 3 | C24: - texto contendo metodologia utilizada? | D24: Atende Parcialmente
A25: 4 | C25: - texto contendo memória descritiva? | D25: Atende Parcialmente
A26: =A25+1 -> 5 | C26: - planilhas contendo as memórias de cálculo? | D26: Atende Parcialmente
A27: =A26+1 -> 6 | C27: - quadros, gráficos e figuras? | D27: Atende Parcialmente
A28: =A27+1 -> 7 | B28: IP-05 (4.1) | C28: - Estabelecimento das regiões de influência direta da rodovia, com a definição das zonas de tráfego, conforme item 4.1 da IP-05? | D28: Atende Parcialmente
A29: =A28+1 -> 8 | B29: IP-05 (4.2) | C29: - Coleta de dados de tráfego existentes, conforme item 4.2 da IP-05? | D29: Atende Parcialmente
B30: IP-05 (4.3) | C30: Com relação aos dados complementares apresentados da região, de acordo com item 4.3 da IP-05:
A31: 9 | B31: IP-05 (4.3 a) | C31: - dados sócio-econômicos ? | D31: Atende Parcialmente
A32: =A31+1 -> 10 | B32: IP-05 (4.3 b) | C32: - polos geradores de Tráfego? | D32: Atende Parcialmente
A33: =A32+1 -> 11 | B33: IP-05 (4.3 c) | C33: - sistemas modais distintos? | D33: Atende Parcialmente
B34: IP-05 (4.b) | C34: Com relação ao item 4.b (Coleta de dados Atuais), da IP-05:
A35: 12 | B35: DNIT | C35: - Foram apresentadas as silhuetas de veículos conforme portaria vigente do DENATRAN/DNIT? | D35: Atende Parcialmente
A36: =A35+1 -> 13 | C36: - Foi apresentada no mínimo 2 (duas) fotos (Modelo 1.0) do posto de contagem georeferenciadas e datadas, a legenda deve informar do que se trata a foto com identificação da rodovia/cidade? | D36: Atende
A37: =A36+1 -> 14 | C37: - Foi apresentado vídeo contendo integralmente a pesquisa de tráfego realizada? | D37: Atende Parcialmente
A38: =A37+1 -> 15 | C38: - Os dados da contagem de tráfego estão em conformidade com o arquivo de vídeo? | D38: Atende Parcialmente
A39: =A38+1 -> 16 | C39: - Foi apresentado mapa ou croqui com indicação dos postos de contagem identificados com coordenadas? | D39: Não Atende
A40: =A39+1 -> 17 | B40: DNIT | C40: - Foram apresentados dados de coleta em cada zona de trafégo, possuindo a contagem volumétrica classificatória, pelo período minímo de 3 dias ou 72 horas ininterruptas? | D40: Atende Parcialmente
A41: =A40+1 -> 18 | B41: DNIT | C41: - Houve a necessidade da realização de contagem volumétrica, classificatória e direcional por 3 dias durantes 72 horas na interseções? | D41: Atende Parcialmente
A42: =A41+1 -> 19 | B42: DNIT | C42: - Foram apresentadas planilhas de contagem contendo datas com seus respectivos períodos de coleta realizado? | D42: Atende Parcialmente
A43: =A42+1 -> 20 | B43: DNIT | C43: Foram apresentados as correções sazonais dos dados processados, com as devidas justificativas? | D43: Atende Parcialmente
A44: =A43+1 -> 21 | B44: IP-05 (4.5) | C44: Foram apresentadas as determinações das taxas de crescimento, conforme item 4.5 da IP-05? | D44: Atende Parcialmente
A45: =A44+1 -> 22 | B45: DNIT | C45: Foram apresentados Quadros de cargas, tolerâncias de carga, percentuais adotados e cálculos dos Fatores de veículos nas metodologias AASHTO e USACE? | D45: Não Se Aplica
A46: =A45+1 -> 23 | B46: IP-05 (4.6) | C46: Caso não tenha sido utilizado dados históricos para a projeção de tráfego, foi apresentada justificativa? | D46: Atende Parcialmente
B47: IP-05 (4.7) | C47: Para o Dimensionamento dos elementos do sistema, foram apresentados:
A48: 24 | B48: IP-05 (4.7.a) | C48: - o tipo e classe da rodovia? | D48: Não Atende
A49: =A48+1 -> 25 | B49: IP-05 (4.7.b) | C49: - o número de faixas exigidas para a via (inclusive faixa de entrelaçamento, ramos e necessidade de terceiras faixas ascendentes)? | D49: Atende Parcialmente
A50: =A49+1 -> 26 | B50: IP-05 (4.7.c) | C50: - o número de operações do eixo padrão, número N, pelos métodos da AASHTO e USACE? | D50: Não Se Aplica
A51: =A50+1 -> 27 | B51: IP-05 (4.7.c) | C51: - o número de repetições por tipo de eixo, por tipo de intervalo de carga? | D51: Atende Parcialmente
A52: =A51+1 -> 28 | B52: IP-05 (4.7.d) | C52: - da configuração das interseções? | D52: Atende Parcialmente
A53: =A52+1 -> 29 | B53: IP-05 (4.0) | C53: Houve caso específico conforme item 4.0? | D53: Atende Parcialmente
B54: IP-05 (4.0) | C54: Em relação ao item acima, foram apresentados:
A55: 30 | B55: IP-05 (4.8) | C55: - Elaboração das matrizes de geração de viagens? | D55: Atende Parcialmente
A56: =A55+1 -> 31 | B56: IP-05 (4.8) | C56: - Elaboração das matrizes de distribuição de viagens? | D56: Atende
A57: =A56+1 -> 32 | B57: IP-05 (4.9) | C57: - Avaliação/Elaboração de sistemas viários alternativos? | D57: Atende Parcialmente
A58: =A57+1 -> 33 | B58: IP-05 (4.10) | C58: - Análise da distribuição modal ? | D58: Atende Parcialmente
A59: =A58+1 -> 34 | B59: IP-05 (4.11) | C59: - Alocação das viagens na malha ? | D59: Atende Parcialmente
A60: =A59+1 -> 35 | B60: IP-05 (4.12) | C60: Foi apresentado algum caso específico e atípico que não se enquadrem nas especificações e Normas da GOINFRA? | D60: Não Se Aplica
A61: =A60+1 -> 36 | B61: IP-05 (4.12) | C61: O caso acima, foi devidamente justificado? | D61: Atende Parcialmente
B62: IP-05 (4.12) | C62: Em relação ao item anterior foi apresentado texto descritivo contendo:
A63: 37 | B63: IP-05 (4.12) | C63: - Metodologia utilizada ? | D63: Atende Parcialmente
A64: =A63+1 -> 38 | B64: IP-05 (4.12) | C64: - Memórias de cálculo ? | D64: Atende Parcialmente
A65: =A64+1 -> 39 | B65: IP-05 (4.12) | C65: - Quadros, gráficos e figuras ? | D65: Atende Parcialmente
A66: =A65+1 -> 40 | B66: IP-05 (5.2) | C66: Foram apresentados todos os arquivos relacionados acima em planilhas editáveis com fórmulas em software "excel" ou similar, além dos desenhos em software "cad" ou similar? | D66: Não Se Aplica
A67: =A66+1 -> 41 | B67: DNIT | C67: Foi apresentado a Anotação de responsabilidade técnica (ART) do profissional responsável pela disciplina? | D67: Atende Parcialmente
A68: =A67+1 -> 42 | B68: DNIT | C68: Foi apresentada a Declaração de responsabilidade técnica pelo estudo da disciplina? | D68: Atende Parcialmente
E71: Conferente: ___________________________________

Sheet EST_TOPOGRAFICOS
A1: #VALUE! | C1: SEINFRA | F1: CONFERÊNCIA
C2: GEPPI - GERÊNCIA DE PLANEJAMENTO E PROGRAMAÇÃO DE INVESTIMENTOS | F2: Nº XX/XXXX
C3: CHECKLIST - CONFERÊNCIA DE PROJETOS | F3: DATA: | H3: Tabela Resumo
C4: ESTUDOS TOPOGRÁFICOS
A6: IDENTIFICAÇÃO | H6: Atende | I6: =COUNTIF(D$1:$D$200,"Atende") -> 8 | J6: =I6/$I$10 -> 0.17021277
A7: Objeto: | H7: Atende Parcialmente | I7: =COUNTIF(D$1:$D$200,"Atende Parcialmente") -> 15 | J7: =I7/$I$10 -> 0.31914894
A8: Rodovia/Trecho: | H8: Não Atende | I8: =COUNTIF(D$1:$D$200,"Não Atende") -> 21 | J8: =I8/$I$10 -> 0.44680851
A9: Complemento: | D9: Extensão: | H9: Não Se Aplica | I9: =COUNTIF(D$1:$D$200,"Não Se Aplica") -> 3 | J9: =I9/$I$10 -> 0.063829787
A10: Licitação: | I10: =SUM(I6:I9) -> 47 | J10: =I10/$I$10 -> 1
A11: Contratada:
A13: DOCUMENTOS DE ANÁLISE
A15: Documento entregue:
A16: Data de entrega: | D16: Versão:
A17: ENTREGA | E17: FORMATO | F17: OBSERVAÇÕES
A18: Os arquivos digitais foram entregues em mídia convencionais, como CD, pendrive, HD externo ou transferência remota registrada por e-mail ou protocolada nas DUAS VERSÕES:
A19: 1 | B19: - não editável (PDF) ? | D19: Atende
A20: 2 | B20: - editável de acordo com cada tipo (.doc, .xls, .dwg, etc) ? | D20: Atende Parcialmente
A21: ITEM | B21: REFERÊNCIA | C21: QUESITO | E21: VOLUME/PÁGINA | F21: OBSERVAÇÕES
B22: IP-02 (5.1) | C22: Em relação ao Estudo realizado, foi apresentado:
A23: 3 | C23: - texto contendo memória descritiva e metodologia utilizada? | D23: Atende Parcialmente
A24: =A23+1 -> 4 | C24: - planilhas contendo as memórias de cálculo? | D24: Não Atende
A25: =A24+1 -> 5 | C25: - desenhos, quadros, gráficos e figuras? | D25: Não Se Aplica
A26: =A25+1 -> 6 | C26: Descrições dos equipamentos, aparelhos e softwares utilizados nos levantamentos e processamentos de dados, incluindo suas especificações técnicas? | D26: Não Atende
A27: =A26+1 -> 7 | C27: Em relação ao item anterior, foram apresentadas fotos georreferenciadas da utilização dos aparelhos e equipamentos nos levantamentos em campo? | D27: Atende
A28: =A27+1 -> 8 | C28: Foram apresentados certificados comprovando a calibração e bom funcionamento dos aparelhos e equipamentos utilizados? | D28: Atende Parcialmente
C29: Com relação ao traçado, foram apresentados:
A30: 9 | C30: - estudos com no mínimo 3 (três) concepções de traçado? | D30: Atende Parcialmente
A31: =A30+1 -> 10 | C31: - justificativa da alternativa do traçado escolhido? | D31: Não Se Aplica
A32: =A31+1 -> 11 | C32: Foi delimitada a Faixa domínio para levantamento da área em volta da diretriz escolhida? | D32: Não Atende
A33: =A32+1 -> 12 | C33: Foi apresentados o cálculo de fechamento da poligonal principal e das de apoio, utilizadas como base no levantamento planialtimétrico e na implantação do alinhamento escolhido? | D33: Não Atende
A34: =A33+1 -> 13 | C34: Com relação as coordenadas dos Marcos/RNs e de todos os outros pontos levantados, foram apresentados: | D34: Atende
A35: =A34+1 -> 14 | C35: - no plano topográfico local? | D35: Atende Parcialmente
A36: =A35+1 -> 15 | C36: - geodésico geográfico? | D36: Não Atende
A37: =A36+1 -> 16 | C37: - cartográfico UTM? | D37: Atende Parcialmente
A38: =A37+1 -> 17 | C38: Apresentação das altitudes geométricas e Normais dos Marcos/RNs e de todos os outros pontos levantados, conforme rede de nivelamento geométrico do IBGE? | D38: Atende
A39: =A38+1 -> 18 | C39: Apresentação das distâncias e ângulos que definem a diretriz aprovada? | D39: Atende Parcialmente
A40: =A39+1 -> 19 | C40: Relação completa dos Marcos/RNs implantados e suas localizações? | D40: Não Atende
A41: =A40+1 -> 20 | C41: Fotos georreferenciadas de todos os Marcos/RNs implantados? | D41: Atende
A42: =A41+1 -> 21 | C42: A Malha TIN 3D da superfície primitiva apresenta densidade de pontos com no mínimo 11 pontos por seção transversal na largura da faixa de domínio, com afastamento máximo de 20m entre as seções. | D42: Atende
A43: =A42+1 -> 22 | C43: Declaração da projetista de que editou a Malha TIN 3D da superfície primitiva, corrigindo erro na triangulação, entre os pontos, feita pelo software. | D43: Atende Parcialmente
B44: IP-02 (5.2.1) | C44: Foi apresentado o levantamento topográfico da superfície primitiva do terreno natural, nos planos topográfico local e cartográfico UTM, em arquivos editáveis, contendo as informações do item 5.2.1 (ABAIXO)?
B45: A | C45: Arquivo eletrônico no formato dwg ou dxf, compatível com os softwares AutoCad Civil 3D e/ou Topograph, contendo, no mínimo, os seguintes elementos:
A46: 23 | B46: 1 | C46: Pontos de cadastro com descrição da elevação? | D46: Atende Parcialmente
A47: =A46+1 -> 24 | B47: 2 | C47: Eixo projetado? | D47: Atende Parcialmente
A48: =A47+1 -> 25 | B48: 3 | C48: Perfil longitudinal? | D48: Não Atende
A49: =A48+1 -> 26 | B49: 4 | C49: Curvas de nível do terreno de 1 em 1 metro? | D49: Atende Parcialmente
A50: =A49+1 -> 27 | B50: 5 | C50: Marcos, Amarrações e RN's? | D50: Não Atende
A51: =A50+1 -> 28 | B51: 6 | C51: Poligonais de principais e de apoio? | D51: Não Atende
A52: =A51+1 -> 29 | B52: 7 | C52: Indicação do DATUM utilizado? | D52: Atende
A53: =A52+1 -> 30 | B53: 8 | C53: Desenho e respectivas informações das seções transversais com indicação da escala? | D53: Atende Parcialmente
A54: =A53+1 -> 31 | B54: 10 | C54: Malha TIN 3D da superfície primitiva? | D54: Não Atende
B55: B | C55: Arquivo dos pontos do levantamento, em formato txt ou xls, contendo as informações tabuladas no formato (ponto, leste, norte, elevação e descrição), sendo:
A56: 32 | B56: 1 | C56: PONTO - Numeração de ponto do levantamento? | D56: Não Atende
A57: =A56+1 -> 33 | B57: 2 | C57: LESTE - Coordenada leste de cada ponto? | D57: Não Atende
A58: =A57+1 -> 34 | B58: 3 | C58: NORTE - Coordenada norte de cada ponto? | D58: Não Se Aplica
A59: =A58+1 -> 35 | B59: 4 | C59: ELEVAÇÃO - Elevação de cada ponto? | D59: Não Atende
A60: =A59+1 -> 36 | B60: 5 | C60: DESCRIÇÃO - Eventual descrição associada a cada ponto? | D60: Não Atende
A61: =A60+1 -> 37 | B61: IP-02 (4.2) | C61: O eixo do projeto apresenta locação de pontos de 20 em 20 metros, e os pontos notáveis, a partir do marco inicial? | D61: Não Atende
A62: =A61+1 -> 38 | B62: IP-02 (4.1) | C62: O nivelamento do eixo do projeto está referenciado a rede de nivelamento geométrico do IBGE? | D62: Não Atende
B63: IP-02 (4.2) | C63: Foram apresentados relatórios de processamento dos seguintes itens:
A64: 39 | C64: - arquivos brutos? | D64: Atende Parcialmente
A65: =A64+1 -> 40 | C65: - arquivo Renex? | D65: Não Atende
A66: =A65+1 -> 41 | C66: - relatório das estações RBMC utilizados na determinação dos pares de Marcos Geodésicos implantados no início e no final do trecho? | D66: Atende
B67: IP-02 (4.8) | C67: Foram apresentados relatórios de processamento dos seguintes itens:
A68: 42 | C68: - arquivos brutos? | D68: Atende Parcialmente
A69: =A68+1 -> 43 | C69: - arquivo Rinex? | D69: Não Atende
A70: =A69+1 -> 44 | C70: - relatório das estações RBMC utilizados na determinação dos pares de marcos intermediários do trecho a cada 5 km ou em distâncias máximas de 2 km se levantados por RTK? | D70: Não Atende
A71: =A70+1 -> 45 | B71: DNIT | C71: Foi apresentado a Anotação de responsabilidade técnica (ART) do profissional responsável pela disciplina? | D71: Não Atende
A72: =A71+1 -> 46 | B72: DNIT | C72: Foi apresentada a Declaração de responsabilidade técnica pelo estudo da disciplina? | D72: Não Atende
A73: =A72+1 -> 47 | C73: Levantamento Aerofotogramétrico para Projetos Rodoviários | D73: Atende Parcialmente
E76: Conferente: ___________________________________

Sheet PROJ_TOPOGRAFICOS
A1: #VALUE! | C1: SEINFRA | F1: CONFERÊNCIA
C2: GEPPI - GERÊNCIA DE PLANEJAMENTO E PROGRAMAÇÃO DE INVESTIMENTOS | F2: Nº XX/XXXX
C3: CHECKLIST - CONFERÊNCIA DE PROJETOS | F3: DATA: | H3: Tabela Resumo
C4: PROJETO TOPOGRÁFICO
A6: IDENTIFICAÇÃO | H6: Atende | I6: =COUNTIF(D$1:$D$200,"Atende") -> 5 | J6: =I6/$I$10 -> 0.13513514
A7: Objeto: | H7: Atende Parcialmente | I7: =COUNTIF(D$1:$D$200,"Atende Parcialmente") -> 24 | J7: =I7/$I$10 -> 0.64864865
A8: Rodovia/Trecho: | H8: Não Atende | I8: =COUNTIF(D$1:$D$200,"Não Atende") -> 4 | J8: =I8/$I$10 -> 0.10810811
A9: Complemento: | D9: Extensão: | H9: Não Se Aplica | I9: =COUNTIF(D$1:$D$200,"Não Se Aplica") -> 4 | J9: =I9/$I$10 -> 0.10810811
A10: Licitação: | I10: =SUM(I6:I9) -> 37 | J10: =I10/$I$10 -> 1
A11: Contratada:
A13: DOCUMENTOS DE ANÁLISE
A15: Documento entregue:
A16: Data de entrega: | D16: Versão:
A17: ENTREGA | E17: FORMATO | F17: OBSERVAÇÕES
A18: Os arquivos digitais foram entregues em mídia convencionais, como CD, pendrive, HD externo ou transferência remota registrada por e-mail ou protocolada nas DUAS VERSÕES:
A19: 1 | B19: - não editável (PDF) ? | D19: Atende
A20: 2 | B20: - editável de acordo com cada tipo (.doc, .xls, .dwg, etc) ? | D20: Não Atende
A21: ITEM | B21: REFERÊNCIA | C21: QUESITO | E21: VOLUME/PÁGINA | F21: OBSERVAÇÕES
A22: 3 | B22: IP-02 (5.2.2) | C22: Foi apresentado texto contendo a metodologia com justificativa dos estudos realizados? | D22: Atende Parcialmente
A23: =A22+1 -> 4 | B23: IP-02 (4.1 e 5.1) | C23: Foi apresentada justificativa para a alternativa de traçado adotada? | D23: Não Atende
A24: =A23+1 -> 5 | B24: IP-02 (4.8 e 5.2.2) | C24: Foram apresentadas a relações completas dos marcos topográficos e RN's implantados? | D24: Atende Parcialmente
B25: IP-02 (4.8 e 5.2.2) | C25: Na relação dos marcos topográficos implantados, foram apresentados:
A26: 6 | C26: - altitudes? | D26: Atende Parcialmente
A27: =A26+1 -> 7 | C27: - localização no plano topográfico local? | D27: Não Se Aplica
A28: =A27+1 -> 8 | C28: - geodésico geografico? | D28: Atende Parcialmente
A29: =A28+1 -> 9 | C29: - cartográfico UTM? | D29: Atende Parcialmente
B30: IP-02 (4.8 e 5.2.2) | C30: Na relação dos RN's implantados, foram apresentados:
A31: 10 | C31: - altitudes? | D31: Atende Parcialmente
A32: =A31+1 -> 11 | C32: - localização no plano topográfico local? | D32: Atende Parcialmente
A33: =A32+1 -> 12 | C33: - geodésico geografico? | D33: Atende
A34: =A33+1 -> 13 | C34: - cartográfico UTM? | D34: Atende Parcialmente
A35: =A34+1 -> 14 | C35: Foi apresentado anexo fotográfico contendo pelo menos 1(uma) foto georreferenciada de cada Marcos e RN implantados? | D35: Atende Parcialmente
B36: IP-02 (5.2.2) | C36: Foi apresentada planta na escala de 1:2000, com curvas de nível intermediarias de 1 em 1 metro destacando as mestras de 5 em 5 metros:
A37: 15 | C37: - Topográfico local? | D37: Atende Parcialmente
A38: =A37+1 -> 16 | C38: - Cartográfico UTM? | D38: Atende Parcialmente
A39: =A38+1 -> 17 | B39: IP-02 (5.2.2) | C39: Foi apresentado o perfil da linha de locação na escala 1:2000 (H) e 1:200 (V)? | D39: Atende
A40: =A39+1 -> 18 | B40: IP-02 (5.2.2) | C40: Foi apresentado os desenhos de todas as seções transversais na escala de 1:200 (H) e (V) ou 1:200 (H) e 1:100 (V)? | D40: Atende Parcialmente
A41: =A40+1 -> 19 | B41: IP-02 (5.2.1) | C41: Foi apresentado o modelo digital da superfície primitiva do terreno natural (MDT), de acordo com itens 13, 14, 16, 19 e 20? | D41: Não Atende
A42: =A41+1 -> 20 | B42: IP-02 (4.4) | C42: Foi apresentado o levantamento batimétrico de 5 em 5 metros, no eixo do curso d'água? | D42: Atende Parcialmente
A43: =A42+1 -> 21 | B43: IP-02 (4.4) | C43: Caso não tenha feito o levantamento batimétrico relacionado acima, apresentou justificativa para este fato? | D43: Não Se Aplica
A44: =A43+1 -> 22 | B44: IP-02 (4.4) | C44: Apresentou levantamento topográfico de cada barranco, com 50 metros a jusante, e 50 metros a montante do ponto de travessia? | D44: Atende Parcialmente
A45: =A44+1 -> 23 | B45: IP-02 (4.4) | C45: Foi apresentado anotações de evidências de enchente máxima, afloramento de rocha e natureza dos barrancos? | D45: Atende Parcialmente
A46: =A45+1 -> 24 | B46: IP-02 (4.2) | C46: Foram locados os pontos notáveis da superfície? | D46: Atende Parcialmente
B47: IP-02 (4.2) | C47: Nos pontos notáveis relatados, foram apresentados:
A48: 25 | C48: - curvas? | D48: Atende Parcialmente
A49: =A48+1 -> 26 | C49: - cursos d’água? | D49: Atende
A50: =A49+1 -> 27 | C50: - obras existentes? | D50: Atende Parcialmente
A51: =A50+1 -> 28 | C51: - interseções? | D51: Não Se Aplica
A52: =A51+1 -> 29 | C52: - cruzamentos com rodovias? | D52: Atende Parcialmente
A53: =A52+1 -> 30 | C53: - cruzamento com ferrovias? | D53: Atende Parcialmente
A54: =A53+1 -> 31 | C54: - divisas de propriedade? | D54: Atende Parcialmente
A55: =A54+1 -> 32 | C55: - postes de energia? | D55: Não Se Aplica
A56: =A55+1 -> 33 | C56: - outras interferências? | D56: Atende Parcialmente
B57: IP-02 (4.5) | C57: Foi apresentado o Levantamento cadastral georreferenciado das divisas, limites e confrontações de cada propriedade dentro da faixa de domínio, citando os nomes de cada proprietário, nos planos:
A58: 34 | C58: - Topográfico local? | D58: Atende Parcialmente
A59: =A58+1 -> 35 | C59: - Cartográfico UTM? | D59: Atende
A60: =A59+1 -> 36 | B60: DNIT | C60: Foi apresentado a Anotação de responsabilidade técnica (ART) do profissional responsável pela disciplina? | D60: Atende Parcialmente
A61: =A60+1 -> 37 | B61: DNIT | C61: Foi apresentada a Declaração de responsabilidade técnica pelo estudo da disciplina? | D61: Não Atende
E64: Conferente: ___________________________________

Sheet HIDROLÓGICO
A1: #VALUE! | C1: SEINFRA | F1: CONFERÊNCIA
C2: GEPPI - GERÊNCIA DE PLANEJAMENTO E PROGRAMAÇÃO DE INVESTIMENTOS | F2: Nº XX/XXXX
C3: CHECKLIST - CONFERÊNCIA DE PROJETOS | F3: DATA: | H3: Tabela Resumo
C4: ESTUDOS HIDROLÓGICOS
A6: IDENTIFICAÇÃO | H6: Atende | I6: =COUNTIF(D$1:$D$200,"Atende") -> 6 | J6: =I6/$I$10 -> 0.071428571
A7: Objeto: | H7: Atende Parcialmente | I7: =COUNTIF(D$1:$D$200,"Atende Parcialmente") -> 61 | J7: =I7/$I$10 -> 0.72619048
A8: Rodovia/Trecho: | H8: Não Atende | I8: =COUNTIF(D$1:$D$200,"Não Atende") -> 13 | J8: =I8/$I$10 -> 0.1547619
A9: Complemento: | D9: Extensão: | H9: Não Se Aplica | I9: =COUNTIF(D$1:$D$200,"Não Se Aplica") -> 4 | J9: =I9/$I$10 -> 0.047619048
A10: Licitação: | I10: =SUM(I6:I9) -> 84 | J10: =I10/$I$10 -> 1
A11: Contratada:
A13: DOCUMENTOS DE ANÁLISE
A15: Documento entregue:
A16: Data de entrega: | D16: Versão:
A17: ENTREGA | E17: FORMATO | F17: OBSERVAÇÕES
A18: Os arquivos digitais foram entregues em mídia convencionais, como CD, pendrive, HD externo ou transferência remota registrada por e-mail ou protocolada nas DUAS VERSÕES:
A19: 1 | B19: - não editável (PDF) ? | D19: Atende Parcialmente
A20: 2 | B20: - editável de acordo com cada tipo (.doc, .xls, .dwg, etc) ? | D20: Atende Parcialmente
A21: ITEM | B21: REFERÊNCIA | C21: QUESITO | E21: VOLUME/PÁGINA | F21: OBSERVAÇÕES
B22: IP-03 (6.1) | C22: Foi apresentado Relatório com as informações, relacionadas:
A23: 3 | B23: IP-03 (6.1) | C23: Foi apresentado o descritivo dos estudos realizados no volume apresentado? | D23: Atende Parcialmente
A24: =A23+1 -> 4 | B24: IP-03 (6.1) | C24: Quais foram as metodologias utilizadas para elaboração do estudo? | D24: Atende Parcialmente
B25: IP-03 (4.0) | C25: A coleta de dados atendeu aos itens:
A26: 5 | B26: IP-03 (4.a) | C26: Qual local e orgão onde foi coletado os dados hidrológicos e estudos existentes? | D26: Atende Parcialmente
A27: =A26+1 -> 6 | B27: IP-03 (4.b) | C27: Coleta de elementos que permitam a definição das dimensões e demais características fisiográficas das bacias de contribuição? (forma, declividade, tipo de solo, recobrimento vegetal) | D27: Atende
A28: =A27+1 -> 7 | B28: IP-03 (4.c) | C28: Coleta de elementos que permita a identificação das modificações futuras que ocorrerão nas bacias tais como projetos, planos diretores e tendências de ocupação. | D28: Atende
A29: =A28+1 -> 8 | B29: IP-03 (4.1.c) | C29: Escolha criteriosa do posto que caracteriza o regime pluviométrico do trecho, justificando o aspecto hidrológico. Na ausência absoluta de posto na região, indicação precisa das fontes que forneceram os dados pluviométricos | D29: Atende
A30: =A29+1 -> 9 | B30: IP-03 (6.1) | C30: Foi apresentado o Resumo da coleta de dados hidrológicos? | D30: Atende Parcialmente
B31: IP-03 (6.1) | C31: Para o traçado escolhido, associando uma única bacia para cada Obra-de-arte projetada, foi apresentada:
A32: 10 | B32: IP-03 (6.1) | C32: - gráficos? | D32: Atende Parcialmente
A33: =A32+1 -> 11 | B33: IP-03 (6.1) | C33: - tabelas? | D33: Atende Parcialmente
A34: =A33+1 -> 12 | B34: IP-03 (6.1) | C34: - mapas das bacias? | D34: Atende Parcialmente
A35: =A34+1 -> 13 | B35: IP-03 (6.1) | C35: Foi apresentado o dimensionamento das obras com todo os parâmetros adotados e justificados? | D35: Não Se Aplica
A36: =A35+1 -> 14 | B36: IP-03 (6.1) | C36: Qual a influência que a obra irá trazer para o meio ambiente local? | D36: Atende
B37: IP-03 (6.1) | C37: Nos arquivos necessários para exame do projeto, foram apresentado:
A38: 15 | B38: IP-03 (6.1) | C38: Gráficos de perfil longitudinal do talvegue da bacia? | D38: Atende Parcialmente
A39: =A38+1 -> 16 | B39: IP-03 (6.1) | C39: Tabelas de cálculos das declividades efetivas? | D39: Atende Parcialmente
A40: =A39+1 -> 17 | B40: IP-03 (6.1) | C40: Mapas das bacias (.dwg), suficientes para o exame? | D40: Atende Parcialmente
A41: =A40+1 -> 18 | B41: IP-03 (6.1) | C41: Arquivos editáveis conforme item 6.1? | D41: Não Atende
A42: =A41+1 -> 19 | B42: IP-03 (4.1) | C42: Foi apresentado o mapa das bacias em escala conveniente, destacando a hidrografia principal e a localização do trecho em estudo? | D42: Não Atende
A43: =A42+1 -> 20 | B43: IP-03 (4.1) | C43: A apresentação do mapa de bacias foi numerado de forma a ser associada uma única bacia para cada Obra-de-Arte projetada? | D43: Atende Parcialmente
B44: IP-03 (4.1) | C44: Para dados da Pluviometria:
B45: IP-03 (4.1) | C45: Com relação os dados de chuva dos postos localizados na área de estudo, foi apresentado:
A46: 21 | B46: IP-03 (4.1) | C46: Localização do posto? | D46: Atende Parcialmente
A47: =A46+1 -> 22 | B47: IP-03 (4.1) | C47: Indicação das entidades responsável pela coleta? | D47: Não Atende
A48: =A47+1 -> 23 | B48: IP-03 (4.1) | C48: Período de observação da coleta? | D48: Atende Parcialmente
A49: =A48+1 -> 24 | B49: IP-03 (4.1) | C49: Foi apresentada a justificativa da escolha do(s) posto(s) que caracteriza(m) o regime pluviométrico do trecho? | D49: Não Se Aplica
A50: =A49+1 -> 25 | B50: IP-03 (4.1) | C50: Foi apresentado, na ausência absoluta de posto na região, indicação das fontes que forneceram os dados pluviométricos, os mapas isoietas, atlas meteorológico e equações pluviométricas com os respectivos autores? | D50: Não Atende
B51: IP-03 (4.1) | C51: Com relação aos dados de chuva, foi apresentado:
A52: 26 | C52: Tabelas ou gráficos? | D52: Atende Parcialmente
A53: =A52+1 -> 27 | B53: IP-03 (4.1) | C53: Média anual de chuvas da região? | D53: Atende Parcialmente
A54: =A53+1 -> 28 | B54: IP-03 (4.1) | C54: Média mensal? | D54: Atende
A55: =A54+1 -> 29 | B55: IP-03 (4.1) | C55: Total anual? | D55: Atende Parcialmente
A56: =A55+1 -> 30 | B56: IP-03 (4.1) | C56: Alturas máximas e mínimas? | D56: Não Se Aplica
A57: =A56+1 -> 31 | B57: IP-03 (4.1) | C57: Precipitação total? | D57: Atende
A58: =A57+1 -> 32 | B58: IP-03 (4.1) | C58: Precipitação máxima em 24 horas? | D58: Atende Parcialmente
B59: IP-03 (5.1) | C59: Foi apresentado a metodologia do processamento de dados pluviométricos para a obtenção das curvas intensidade x duração x frequência e altura x duração x frequência, para os períodos de observação de no mínimo:
A60: 33 | B60: IP-03 (5.1) | C60: - 5 anos? | D60: Atende Parcialmente
A61: =A60+1 -> 34 | B61: IP-03 (5.1) | C61: - 10 anos? | D61: Atende Parcialmente
A62: =A61+1 -> 35 | B62: IP-03 (5.1) | C62: - 15 anos? | D62: Atende Parcialmente
A63: =A62+1 -> 36 | B63: IP-03 (5.1) | C63: - 25 anos? | D63: Não Se Aplica
A64: =A63+1 -> 37 | B64: IP-03 (5.1) | C64: - 50 anos? | D64: Atende Parcialmente
A65: =A64+1 -> 38 | B65: IP-03 (5.1) | C65: - 100 anos? | D65: Atende Parcialmente
A66: =A65+1 -> 39 | B66: IP-03 (5.3) | C66: Apresentar qual tipo de fórmula utilizada para o cálculo do tempo de concentração e justificar sua escolha? | D66: Atende Parcialmente
B67: IP-03 (4.1) | C67: No cadastro das obras existentes, foi apresentado:
A68: 40 | B68: IP-03 (4.1) | C68: Indicação do tipo? | D68: Atende Parcialmente
A69: =A68+1 -> 41 | B69: IP-03 (4.1) | C69: Declividade? | D69: Atende Parcialmente
A70: =A69+1 -> 42 | B70: IP-03 (4.1) | C70: Altura de aterro? | D70: Não Atende
A71: =A70+1 -> 43 | B71: IP-03 (4.1) | C71: Condição da obra de arte? | D71: Atende Parcialmente
A72: =A71+1 -> 44 | B72: IP-03 (4.1) | C72: Cadastro das principais obras hidráulicas existentes/projetadas que possam influir nos estudos hidrológicos (barragens a montante/jusante da rodovia, canalizações, dragagens, dentre outros)? | D72: Atende Parcialmente
A73: =A72+1 -> 45 | B73: IP-03 (4.1) | C73: Foram consultadas entidades vinculadas à utilização de recursos hídricos, para a devida caracterização das obras e eventuais estudos e projetos de aproveitamentos hídricos previstos na região de interesse? | D73: Não Atende
B74: IP-03 (4.2) | C74: Para dados da Fluviométrica:
A75: 46 | B75: IP-03 (4.2) | C75: Foram coletados elementos para elaboração dos fluviogramas das alturas d'água médias, máximas e mínimas mensais d'agua dos principais rios da região? | D75: Atende Parcialmente
A76: =A75+1 -> 47 | B76: IP-03 (4.2) | C76: Foi apresentado o registro de enchente máxima dos cursos d'água, desprovidos de medidores, efetuado por meio de vestígios e informações locais? | D76: Atende Parcialmente
A77: =A76+1 -> 48 | B77: IP-03 (4) | C77: Foi apresentado algum caso específico e atípico que não se enquadrem nas especificações e Normas da GOINFRA? | D77: Não Atende
A78: =A77+1 -> 49 | B78: IP-03 (5.1) | C78: Foi apresentado os histogramas das precipitações totais anuais, com número de dias de chuva por ano; máximas, médias e mínimas das Precipitações mensais e do número de dias de chuva mensais? | D78: Atende Parcialmente
B79: IP-03 (5.1) | C79: Foi apresentado a metodologia do processamento de dados fluviométricos para a obtenção das curvas intensidade x duração x frequência e altura x duração x frequência, para os períodos de observação de no mínimo:
A80: 50 | B80: IP-03 (5.1) | C80: - 5 anos? | D80: Atende Parcialmente
A81: =A80+1 -> 51 | B81: IP-03 (5.1) | C81: - 10 anos? | D81: Atende Parcialmente
A82: =A81+1 -> 52 | B82: IP-03 (5.1) | C82: - 15 anos? | D82: Atende Parcialmente
A83: =A82+1 -> 53 | B83: IP-03 (5.1) | C83: - 25 anos? | D83: Atende Parcialmente
A84: =A83+1 -> 54 | B84: IP-03 (5.1) | C84: - 50 anos? | D84: Atende Parcialmente
A85: =A84+1 -> 55 | B85: IP-03 (5.1) | C85: - 100 anos? | D85: Atende Parcialmente
A86: =A85+1 -> 56 | B86: IP-03 (4.2) | C86: Foi apresentado o mapa contendo os postos fluviométricos da região de interesse para o projeto, com identificação das entidades que os operam e os calendários de observação? | D86: Não Atende
A87: =A86+1 -> 57 | B87: IP-03 (4.2) | C87: Foi apresentado fluviogramas das alturas máximas, médias e mínimas mensais e/ou outros necessários? | D87: Atende Parcialmente
A88: =A87+1 -> 58 | B88: IP-03 (4.2) | C88: Foi apresentado as curvas de frequência de níveis e curvas de descargas? | D88: Atende Parcialmente
A89: =A88+1 -> 59 | B89: IP-03 (4.2) | C89: Foi apresentado os Levantamentos topo-hidrológicos nas travessias dos principais cursos d’água? | D89: Atende Parcialmente
A90: =A89+1 -> 60 | B90: IP-03 (5.2) | C90: Foram apresentadas, para os dados fluviométricos, tabelas com informações dos valores extremos das vazões médias diárias (m³/s), e/ou cotas das enchentes máximas observadas, no caso de disposição ou não de réguas linimétricas? | D90: Não Atende
A91: =A90+1 -> 61 | B91: IP-03 (5.2) | C91: Foram apresentados, para os dados fluviométricos, os histogramas de vazões médias mensais, máximas vazões médias diárias e mínimas vazões médias diárias? | D91: Atende Parcialmente
A92: =A91+1 -> 62 | B92: IP-03 (5.3) | C92: Foi apresentada a justificativa da escolha do período de recorrência, caso não adotado conforme item 5.3.1, da IP-3? | D92: Não Atende
... A94: =A93+1 -> 64 | B94: IP-03 (5.4) | C94: Foi apresentada a justificativa da escolha do método de cálculo das vazões, caso não adotado conforme item 5.4, da IP-3? | D94: Não Atende
B95: IP-03 (5.4) | C95: Segundo a metodologia utilizada no item acima, foram apresentados:
A96: 65 | C96: Texto explicativo da metodologia utilizada? | D96: Atende Parcialmente
A97: =A96+1 -> 66 | C97: Planilhas contendo as memórias de cálculo? | D97: Atende Parcialmente
A98: =A97+1 -> 67 | B98: IP-03 (6.2) | C98: Foi apresentado planilhas, quadros, gráficos, tabelas, imagens e mapas das bacias, suficientes para exame do projeto, inclusive com arquivos editáveis conforme item 6.2? | D98: Atende Parcialmente
B99: IP-03 (6.2) | C99: Nos dados apresentados em planilha (de dimensionamento das obras/verificação hidráulica), constam as seguintes informações:
A100: 68 | B100: IP-03 (6.2) | C100: Numero da bacia? | D100: Atende Parcialmente
A101: =A100+1 -> 69 | B101: IP-03 (6.2) | C101: Estaca de localização da obra? | D101: Não Atende
A102: =A101+1 -> 70 | B102: IP-03 (6.2) | C102: Área da bacia? | D102: Atende Parcialmente
A103: =A102+1 -> 71 | B103: IP-03 (6.2) | C103: Comprimento do talvegue? | D103: Atende Parcialmente
A104: =A103+1 -> 72 | B104: IP-03 (6.2) | C104: Desnível? | D104: Atende Parcialmente
...

Sheet GEOLÓGICOS
A1: #VALUE! | C1: SEINFRA | F1: CONFERÊNCIA
C2: GEPPI - GERÊNCIA DE PLANEJAMENTO E PROGRAMAÇÃO DE INVESTIMENTOS | F2: Nº XX/XXXX
C3: CHECKLIST - CONFERÊNCIA DE PROJETOS | F3: DATA: | H3: Tabela Resumo
C4: ESTUDOS GEOLÓGICOS
A6: IDENTIFICAÇÃO | H6: Atende | I6: =COUNTIF(D$1:$D$200,"Atende") -> 7 | J6: =I6/$I$10 -> 0.5
A7: Objeto: | H7: Atende Parcialmente | I7: =COUNTIF(D$1:$D$200,"Atende Parcialmente") -> 0 | J7: =I7/$I$10 -> 0
A8: Rodovia/Trecho: | H8: Não Atende | I8: =COUNTIF(D$1:$D$200,"Não Atende") -> 6 | J8: =I8/$I$10 -> 0.42857143
A9: Complemento: | D9: Extensão: | H9: Não Se Aplica | I9: =COUNTIF(D$1:$D$200,"Não Se Aplica") -> 1 | J9: =I9/$I$10 -> 0.071428571
A10: Licitação: | I10: =SUM(I6:I9) -> 14 | J10: =I10/$I$10 -> 1
A11: Contratada:
A13: DOCUMENTOS DE ANÁLISE
A15: Documento entregue:
A16: Data de entrega: | D16: Versão:
A17: ENTREGA | E17: FORMATO | F17: OBSERVAÇÕES
A18: Os arquivos digitais foram entregues em mídia convencionais, como CD, pendrive, HD externo ou transferência remota registrada por e-mail ou protocolada nas DUAS VERSÕES:
A19: 1 | B19: - não editável (PDF) ? | D19: Atende
A20: 2 | B20: - editável de acordo com cada tipo (.doc, .xls, .dwg, etc) ? | D20: Atende
A21: ITEM | B21: REFERÊNCIA | C21: QUESITO | E21: VOLUME/PÁGINA | F21: OBSERVAÇÕES
A22: 3 | B22: IP-04 (5.1/5.3) | C22: Foi apresentado relatório contendo texto descritivo e mapas temáticos (escala 1: 50.000 ou maior) com a locação do eixo e área de influência de no mínimo 500 m de cada lado com informações de: | D22: Atende
A23: =A22+1 -> 4 | B23: IP-04 (5.1) | C23: - Situação geográfica? | D23: Atende
A24: =A23+1 -> 5 | B24: IP-04 (5.1) | C24: - Clima? | D24: Atende
A25: =A24+1 -> 6 | B25: IP-04 (5.1) | C25: - Vegetação? | D25: Atende
A26: =A25+1 -> 7 | B26: IP-04 (5.1) | C26: - Solos: reconhecimento de solos e sua limitação geotécnica, vulnerabilidade erosiva? | D26: Atende
A27: =A26+1 -> 8 | B27: IP-04 (5.3) | C27: - Aspectos Hidrogeológicos? | D27: Não Atende
A28: =A27+1 -> 9 | B28: IP-04 (5.1/5.3) | C28: - Aspectos fisiológicos e geomorfológicos com hipsometria? | D28: Não Atende
A29: =A28+1 -> 10 | B29: IP-04 (5.1) | C29: - Aspectos geológicos: estratigráficos, tectônicos e litológicos? | D29: Não Atende
A30: =A29+1 -> 11 | C30: Foram apresentadas as seções geológicas das áreas problemáticas? | D30: Não Atende
A31: =A30+1 -> 12 | B31: IP-04 (5.4) | C31: Há recomendações para solução de problemas construtivos de rodovia decorrentes da formação geológica da região? | D31: Não Atende
A32: =A31+1 -> 13 | B32: IP-04 (5.2) | C32: Foi apresentado o mapeamento de possíveis fontes de materiais "in natura" para pavimentação e em exploração comercial de cascalho, areia, brita, bem como indústria de cimento localizada na região de interesse, com consulta da situação de cada fonte na base SIGMINE da ANM? | D32: Não Se Aplica
A33: =A32+1 -> 14 | B33: IP-04 (5.3) | C33: Foi informado se as fontes de materiais para pavimentação estão sem restrições legais? | D33: Não Atende
E36: Conferente: ___________________________________

Sheet GEOTÉCNICO
A1: #VALUE! | C1: SEINFRA | F1: CONFERÊNCIA
C2: GEPPI - GERÊNCIA DE PLANEJAMENTO E PROGRAMAÇÃO DE INVESTIMENTOS | F2: Nº XX/XXXX
C3: CHECKLIST - CONFERÊNCIA DE PROJETOS | F3: DATA: | H3: Tabela Resumo
C4: ESTUDOS GEOTÉCNICOS
A6: IDENTIFICAÇÃO | H6: Atende | I6: =COUNTIF(D$1:$D$200,"Atende") -> 17 | J6: =I6/$I$10 -> 0.15740741
A7: Objeto: | H7: Atende Parcialmente | I7: =COUNTIF(D$1:$D$200,"Atende Parcialmente") -> 86 | J7: =I7/$I$10 -> 0.7962963
A8: Rodovia/Trecho: | H8: Não Atende | I8: =COUNTIF(D$1:$D$200,"Não Atende") -> 4 | J8: =I8/$I$10 -> 0.037037037
A9: Complemento: | D9: Extensão: | H9: Não Se Aplica | I9: =COUNTIF(D$1:$D$200,"Não Se Aplica") -> 1 | J9: =I9/$I$10 -> 0.0092592593
A10: Licitação: | I10: =SUM(I6:I9) -> 108 | J10: =I10/$I$10 -> 1
A11: Contratada:
A13: DOCUMENTOS DE ANÁLISE
A15: Documento entregue:
A16: Data de entrega: | D16: Versão:
A17: ENTREGA | E17: FORMATO | F17: OBSERVAÇÕES
A18: Os arquivos digitais foram entregues em mídia convencionais, como CD, pendrive, HD externo ou transferência remota registrada por e-mail ou protocolada nas DUAS VERSÕES:
A19: 1 | B19: - não editável (PDF) ? | D19: Atende Parcialmente
A20: 2 | B20: - editável de acordo com cada tipo (.doc, .xls, .dwg, etc) ? | D20: Atende Parcialmente
A21: ITEM | B21: REFERÊNCIA | C21: QUESITO | E21: VOLUME/PÁGINA | F21: OBSERVAÇÕES
B22: IP-07 (3.1, 4.1 e 5.2) | C22: Estudo do Subleito e Cortes
A23: 3 | C23: Os furos de sondagem estão localizados no eixo e nas bordas da plataforma de forma alternada? | D23: Atende
A24: =A23+1 -> 4 | C24: Os furos de sondagem estão espaçados, no máximo, de 200 em 200 metros, nos trechos em aterro com altura inferior a 0,60 m? | D24: Atende
A25: =A24+1 -> 5 | C25: Em cortes de até 300 metros de extensão, há no mínimo 3 furos de sondagem? | D25: Atende
A26: =A25+1 -> 6 | C26: Em cortes de 300 até 400 metros de extensão, há no mínimo 4 furos de sondagem? | D26: Não Atende
A27: =A26+1 -> 7 | C27: Em cortes com extensão superior a 400 metros, há 1 furo a cada 150 metros? | D27: Não Atende
A28: =A27+1 -> 8 | C28: As sondagens para fins de coleta de amostras foram realizadas até 1,0 metro abaixo do greide de terraplenagem? | D28: Não Atende
A29: =A28+1 -> 9 | C29: Nos cortes foram realizadas sondagens rotativas para caracterização total do corte quanto ao volume de material de 2ª e/ou 3ª categoria? | D29: Atende
A30: =A29+1 -> 10 | C30: Foram anotadas as presenças de água nos furos de sondagem, com data e NA? | D30: Atende Parcialmente
A31: =A30+1 -> 11 | C31: O perfil dos solos estão apresentados nos cortes longitudinais? | D31: Atende Parcialmente
C32: Foram realizados os seguintes ensaios de laboratório:
A33: 12 | C33: - Análise granulométrica por peneiramento simples? | D33: Atende
A34: =A33+1 -> 13 | C34: - Análise granulométrica por sedimentação? | D34: Atende Parcialmente
A35: =A34+1 -> 14 | C35: - Limite de liquidez e de plasticidade? | D35: Atende
A36: =A35+1 -> 15 | C36: - Ensaios de compactação, com 5 pontos? | D36: Atende Parcialmente
A37: =A36+1 -> 16 | C37: - Ensaios de ISC? | D37: Atende
A38: =A37+1 -> 17 | C38: - Massa específica aparente in situ? | D38: Atende Parcialmente
B39: IP-07 (4.2) | C39: Estudo de empréstimo para corpo de aterro, camada final de aterro e subleito.
A40: 18 | C40: Os furos de sondagem para empréstimos laterais estão espaçados de 100 em 100 metros? | D40: Atende
A41: =A40+1 -> 19 | C41: Nos empréstimos laterais a profundidade foi limitada a, no máximo, 2,00 metros? | D41: Atende
C42: Com relação as caixas de empréstimo concentradas, foram realizados:
A43: 20 | C43: - no mínimo 5 furos de sondagens, para empréstimos concentrados com área de até 10.000m²? | D43: Atende Parcialmente
A44: =A43+1 -> 21 | C44: - reticulado com malha de 50x50 metros, com espaçamento máximo de 50 metros entre os furos, para empréstimos concentrados com área acima de 10.000 m²? | D44: Atende
A45: =A44+1 -> 22 | C45: A profundidade dos furos de sondagens nos empréstimos é compatível com a profundidade prevista de exploração? | D45: Atende
C46: Foram realizados os seguintes ensaios de laboratório:
A47: 23 | C47: - Análise granulométrica? | D47: Atende Parcialmente
A48: =A47+1 -> 24 | C48: - Limite de liquidez e de plasticidade? | D48: Atende Parcialmente
A49: =A48+1 -> 25 | C49: - Ensaios de compactação (proctor normal e/ou intermediário), com 5 pontos? | D49: Atende
A50: =A49+1 -> 26 | C50: - Ensaios de ISC e expansão? | D50: Atende
A51: =A50+1 -> 27 | C51: - Densidade "in situ"? | D51: Atende Parcialmente
B52: IP-07 (4.3) | C52: Estudo de ocorrência de materiais para pavimentação
B53: IP-07 (4.3.1) | C53: Materiais Granulares
A54: 28 | C54: Nas jazidas de materiais granulares julgados viáveis foram executados furos de sondagem em todos os nós da malha de 30x30 metros? | D54: Atende
A55: =A54+1 -> 29 | C55: Foi apresentado croqui da jazida com a malha e a posição de cada furo de sondagem? | D55: Atende Parcialmente
A56: =A55+1 -> 30 | C56: Foram apresentadas as características e volume útil de todas as jazidas adotadas? | D56: Atende Parcialmente
A57: =A56+1 -> 31 | C57: A profundidade dos furos é compatível com a profundidade útil prevista de exploração? | D57: Atende
C58: Com relação as características das jazidas, foram apresentados:
A59: 32 | C59: - nome do proprietário? | D59: Atende Parcialmente
A60: =A59+1 -> 33 | C60: - endereço da mesma? | D60: Atende
A61: =A60+1 -> 34 | C61: - distância ao eixo da rodovia? | D61: Atende Parcialmente
A62: =A61+1 -> 35 | C62: - condições de acesso e exploração? | D62: Atende
A63: =A62+1 -> 36 | C63: - vegetação existente? | D63: Atende Parcialmente
A64: =A63+1 -> 37 | C64: - área e volume a ser explorado? | D64: Atende Parcialmente
A65: =A64+1 -> 38 | C65: Foi apresentadas a Declaração de Interesse do Proprietário em fornecer material para a obra? | D65: Não Atende
A66: =A65+1 -> 39 | C66: Foi informado se a jazida está localizada em área de reserva legal da propriedade? | D66: Atende Parcialmente
A67: =A66+1 -> 40 | C67: Foi apresentada Declaração de que a cascalheira atende aos quesitos técnicos e ambientais como material de construção e que não foram observados empecilhos para o licenciamento ambiental da cascalheira ou apresentação do Licenciamento Ambiental vigente? | D67: Não Se Aplica
B68: IP-07 (4.3.1) | C68: Foram realizados, os seguintes ensaios de laboratório, com a amostras coletadas nos nós da malha:
A69: 41 | C69: - Análise granulométrica por peneiramento simples, em todos os furos? | D69: Atende Parcialmente
A70: =A69+1 -> 42 | C70: - Equivalente de areia, em todos os furos? | D70: Atende Parcialmente
A71: =A70+1 -> 43 | C71: - Ensaios de compactação, com 5 pontos (Intermediário e Modificado), em furos alternados? | D71: Atende Parcialmente
A72: =A71+1 -> 44 | C72: - Ensaios de ISC e expansão, em furos alternados? | D72: Atende Parcialmente
A73: =A72+1 -> 45 | C73: - Densidade "in situ", em furos alternados? | D73: Atende Parcialmente
A74: =A73+1 -> 46 | B74: IP-07 (4.3.5) | C74: - Abrasão Los Angeles, no caso de materiais lateríticos? | D74: Atende Parcialmente
B75: IP-07 (4.3.3) | C75: Materiais Pétreos
A76: 47 | C76: Foi apresentado croqui com a localização e distância para o Canteiro/Instalações/Depósito de todos os fornecedores indicados no projeto? | D76: Atende Parcialmente
C77: Com relação aos fornecedores indicados, foram apresentados:
A78: 48 | C78: - nome do proprietário? | D78: Atende Parcialmente
A79: =A78+1 -> 49 | C79: - endereço? | D79: Atende Parcialmente
A80: =A79+1 -> 50 | C80: - contato? | D80: Atende Parcialmente
A81: =A80+1 -> 51 | C81: Foi indicada a capacidade de fornecimento de todos os fornecedores indicados? | D81: Atende Parcialmente
A82: =A81+1 -> 52 | C82: Foi apresentada justificativa para a indicação dos fornecedores, com a verificação de todas as pedreiras mais próximas à obra? | D82: Atende Parcialmente
A83: =A82+1 -> 53 | C83: Foi apresentada Declaração de Interesse comercial de Fornecimento de material para obra e que a exploração do material está devidamente licenciado? | D83: Atende Parcialmente
C84: Foram realizados os seguintes ensaios de laboratório:
A85: 54 | C85: - Análise granulométrica por peneiramento simples? | D85: Atende Parcialmente
A86: =A85+1 -> 55 | C86: - Abrasão Los Angeles? | D86: Atende Parcialmente
A87: =A86+1 -> 56 | C87: - Adesividade? | D87: Atende Parcialmente
A88: =A87+1 -> 57 | C88: - Durabilidade? | D88: Atende Parcialmente
A89: =A88+1 -> 58 | C89: - Índice de forma? | D89: Atende Parcialmente
A90: =A89+1 -> 59 | C90: - Massa específica? | D90: Atende Parcialmente
A91: =A90+1 -> 60 | C91: - Absorção? | D91: Atende Parcialmente
A92: =A91+1 -> 61 | C92: Os resultados dos ensaios atendem às especificações técnicas? | D92: Atende Parcialmente
B93: IP-07 (4.3.4) | C93: Areias
A94: 62 | C94: Foi apresentado croqui com a localização e distância para o Canteiro/Instalações/Depósito de todos os fornecedores indicados no projeto? | D94: Atende Parcialmente
C95: Com relação aos fornecedores indicados, foram apresentados:
A96: 63 | C96: - nome do proprietário? | D96: Atende Parcialmente
A97: =A96+1 -> 64 | C97: - endereço? | D97: Atende Parcialmente
A98: =A97+1 -> 65 | C98: - contato? | D98: Atende Parcialmente
A99: =A98+1 -> 66 | C99: Foi indicada a capacidade de fornecimento de todos os fornecedores indicados? | D99: Atende Parcialmente
A100: =A99+1 -> 67 | C100: Foi apresentada justificativa para a indicação dos fornecedores, com a verificação de todos os areais mais próximos à obra? | D100: Atende Parcialmente
A101: =A100+1 -> 68 | C101: Foi apresentada Declaração de Interesse comercial de Fornecimento de material para obra e que a exploração do material está devidamente licenciado? | D101: Atende Parcialmente
C102: Foram realizados os seguintes ensaios de laboratório:
A103: 69 | C103: - Análise granulométrica por peneiramento simples? | D103: Atende Parcialmente
...

Sheet EST_E_PROJ_DESAPROPRIAÇÃO
A1: #VALUE! | C1: SEINFRA | F1: CONFERÊNCIA
C2: GEPPI - GERÊNCIA DE PLANEJAMENTO E PROGRAMAÇÃO DE INVESTIMENTOS | F2: Nº XX/XXXX
C3: CHECKLIST - CONFERÊNCIA DE PROJETOS | F3: DATA: | H3: Tabela Resumo
C4: PROJETO DE DESAPROPRIAÇÃO
A6: IDENTIFICAÇÃO | H6: Atende | I6: =COUNTIF(D$1:$D$200,"Atende") -> 8 | J6: =I6/$I$10 -> 0.4
A7: Objeto: | H7: Atende Parcialmente | I7: =COUNTIF(D$1:$D$200,"Atende Parcialmente") -> 6 | J7: =I7/$I$10 -> 0.3
A8: Rodovia/Trecho: | H8: Não Atende | I8: =COUNTIF(D$1:$D$200,"Não Atende") -> 5 | J8: =I8/$I$10 -> 0.25
A9: Complemento: | D9: Extensão: | H9: Não Se Aplica | I9: =COUNTIF(D$1:$D$200,"Não Se Aplica") -> 1 | J9: =I9/$I$10 -> 0.05
A10: Licitação: | I10: =SUM(I6:I9) -> 20 | J10: =I10/$I$10 -> 1
A11: Contratada:
A13: DOCUMENTOS DE ANÁLISE
A15: Documento entregue:
A16: Data de entrega: | D16: Versão:
A17: ENTREGA | E17: FORMATO | F17: OBSERVAÇÕES
A18: Os arquivos digitais foram entregues em mídia convencionais, como CD, pendrive, HD externo ou transferência remota registrada por e-mail ou protocolada nas DUAS VERSÕES:
A19: 1 | B19: - não editável (PDF) ? | D19: Atende Parcialmente
A20: 2 | B20: - editável de acordo com cada tipo (.doc, .xls, .dwg, etc) ? | D20: Atende Parcialmente
A21: ITEM | B21: REFERÊNCIA | C21: QUESITO | E21: VOLUME/PÁGINA | F21: OBSERVAÇÕES
A22: 3 | B22: IP-16 (6.2) | C22: Foram apresentadas memória descritiva e justificativa do projeto elaborado? | D22: Atende Parcialmente
A23: =A22+1 -> 4 | B23: IP-16 (5.0) | C23: Foi apresentado Quadro Resumo das Áreas a Desapropriar, conforme MODELO 03 da IP-16? | D23: Atende Parcialmente
A24: =A23+1 -> 5 | C24: Foi apresentado mapa mostrando a localização de todos os imóveis confrontantes com o traçado da rodovia, conforme Quadro Resumo da Áreas a Desapropriar? | D24: Atende
A25: =A24+1 -> 6 | B25: IP-16 (5.0) | C25: Foram apresentadas todas as plantas cadastrais individuais (MODELO 01 da IP-16) dos imóveis apresentados no Quadro Resumo das Áreas a Desapropriar? | D25: Atende
A26: =A25+1 -> 7 | B26: IP-16 (5.1) | C26: As plantas apresentadas tiveram as propriedades amarradas ao estaqueamento indicado no projeto geométrico? | D26: Não Atende
A27: =A26+1 -> 8 | B27: IP-16 (5.1) | C27: As plantas apresentadas tiveram as propriedades amarrada no marco quilométrico, no caso de rodovia construída? | D27: Não Atende
A28: =A27+1 -> 9 | B28: IP-16 (5.1 a) | C28: Para cada propriedade a ser desapropriada foi apresentado o memorial descritivo cadastral, contendo divisas, limites e confrontações de cada propriedade (MODELO 02 da IP-16)? | D28: Atende Parcialmente
A29: =A28+1 -> 10 | B29: IP-16 (5.1 f) | C29: Para cada propriedade a ser desapropriada consta no projeto a descrição das benfeitorias e classificação das construções predominantes? | D29: Atende Parcialmente
A30: =A29+1 -> 11 | B30: IP-16 (5.1 g) | C30: Para cada propriedade a ser desapropriada estão indicadas no projeto as atividades econômicas desenvolvidas na propriedade, registrando dados qualitativos e quantitativos das produções? | D30: Não Atende
A31: =A30+1 -> 12 | B31: IP-16 (5.3) | C31: Foi apresentada estimativa preliminar de valor (MODELO 04 da IP-16), de acordo com a NBR-14653, para cada propriedade a ser desapropriada? | D31: Não Atende
A32: =A31+1 -> 13 | B32: IP-16 (5.3) | C32: Foram apresentadas as pesquisas de mercado (no mínimo 15) para compor amostra representativa sobre o valor das propriedades? | D32: Não Atende
A33: =A32+1 -> 14 | B33: IP-16 (5.2) | C33: Consta a situação legal de cada imóvel a ser desapropriado? | D33: Atende
A34: =A33+1 -> 15 | B34: IP-16 (5.1 b) | C34: Foram apresentados aspectos orográficos da região? | D34: Não Se Aplica
A35: =A34+1 -> 16 | B35: IP-16 (5.1 c) | C35: Consta no projeto a existência de serviços públicos tais como: rodovias, ferrovias, transporte coletivo, esgoto sanitário e pluvial, eletricidade, abastecimento d'água, telefônico, e outros? | D35: Atende
A36: =A35+1 -> 17 | B36: IP-16 (5.1 d) | C36: Consta no projeto o aproveitamento econômico da região, indicando as explorações predominantes, no caso de área rural? | D36: Atende
... A38: =A37+1 -> 19 | B38: IP-16 (5.1) | C38: Foi apresentado relatório fotográfico (fotos georreferenciadas) das propriedades com no mínimo 6 (seis) fotos de cada propriedade? | D38: Atende
A39: =A38+1 -> 20 | C39: Foram apresentados todos os arquivos em planilhas editáveis com fórmulas em software "Excel" ou similar, e os desenhos em "cad" ou similar? | D39: Atende
E42: Conferente: ___________________________________

Sheet AMBIENTAL
A1: #VALUE! | C1: SEINFRA | F1: CONFERÊNCIA
C2: GEPPI - GERÊNCIA DE PLANEJAMENTO E PROGRAMAÇÃO DE INVESTIMENTOS | F2: Nº XX/XXXX
C3: CHECKLIST - CONFERÊNCIA DE PROJETOS | F3: DATA: | H3: Tabela Resumo
C4: ESTUDOS AMBIENTAIS
A6: IDENTIFICAÇÃO | H6: Atende | I6: =COUNTIF(D$1:$D$169,"Atende") -> 2 | J6: =I6/$I$10 -> 0.086956522
A7: Objeto: | H7: Atende Parcialmente | I7: =COUNTIF(D$1:$D$169,"Atende Parcialmente") -> 12 | J7: =I7/$I$10 -> 0.52173913
A8: Rodovia/Trecho: | H8: Não Atende | I8: =COUNTIF(D$1:$D$169,"Não Atende") -> 8 | J8: =I8/$I$10 -> 0.34782609
A9: Complemento: | D9: Extensão: | H9: Não Se Aplica | I9: =COUNTIF(D$1:$D$169,"Não Se Aplica") -> 1 | J9: =I9/$I$10 -> 0.043478261
A10: Licitação: | I10: =SUM(I6:I9) -> 23 | J10: =I10/$I$10 -> 1
A11: Contratada:
A13: DOCUMENTOS DE ANÁLISE
A15: Documento entregue:
A16: Data de entrega: | D16: Versão:
A17: ENTREGA | E17: FORMATO | F17: OBSERVAÇÕES
A18: Os arquivos digitais foram entregues em mídia convencionais, como CD, pendrive, HD externo ou transferência remota registrada por e-mail ou protocolada nas DUAS VERSÕES:
A19: 1 | B19: - não editável (PDF) ? | D19: Atende Parcialmente
A20: 2 | B20: - editável de acordo com cada tipo (.doc, .xls, .dwg, etc) ? | D20: Atende Parcialmente
A21: ITEM | B21: REFERÊNCIA | C21: QUESITO | E21: VOLUME/PÁGINA | F21: OBSERVAÇÕES
C22: Projeto de Proteção Ambiental
C23: Desenho
A24: 3 | B24: GUIA GOINFRA | C24: Esquema linear constando os locais de bota-fora, empréstimos, jazidas, pedreiras, passivo ambiental e pontos notáveis; | D24: Não Se Aplica
A25: 4 | B25: GUIA GOINFRA | C25: Detalhes de soluções; | D25: Atende Parcialmente
A26: 5 | B26: GUIA GOINFRA | C26: Detalhes específicos para tratamento de jazidas, empréstimos, áreas de uso e outras | D26: Atende Parcialmente
C27: Memorial
A28: 6 | B28: GUIA GOINFRA | C28: Lista de espécies vegetais a empregar, técnicas de plantio e de conservação; | D28: Atende Parcialmente
A29: =A28+1 -> 7 | B29: GUIA GOINFRA | C29: Quadro de quantidades contendo código, discriminação das espécies e de todos os serviços e distâncias de transporte | D29: Atende Parcialmente
A30: =A29+1 -> 8 | B30: GUIA GOINFRA | C30: Justificativa do projeto; | D30: Atende
A31: =A30+1 -> 9 | B31: GUIA GOINFRA | C31: Cálculo dos quantitativos. | D31: Atende Parcialmente
C32: Especificação
A33: 10 | B33: GUIA GOINFRA | C33: Materiais | D33: Atende Parcialmente
A34: =A33+1 -> 11 | B34: GUIA GOINFRA | C34: Serviços | D34: Atende Parcialmente
C35: Na elaboração do Componente Ambiental foi observado
A36: 12 | B36: IS-246 | C36: Recomendações / condicionantes dos órgãos ambientais | D36: Não Atende
A37: =A36+1 -> 13 | B37: IS-246 | C37: Política Ambiental e documentos normativos do DNIT | D37: Não Atende
A38: =A37+1 -> 14 | B38: IS-246 | C38: Vulnerabilidades e Potencialidades dos fatores ambientais da área de influência do Empreendimento Rodoviário | D38: Não Atende
A39: =A38+1 -> 15 | B39: IS-246 | C39: Zoneamento Ecológico – Econômico | D39: Não Atende
A40: =A39+1 -> 16 | B40: IPR – 726 | C40: Os Estudos de Viabilidade Técnico-Econômica–Ambiental de Rodovias demonstra se a alternativa escolhida, sob o enfoque de traçado e características técnicas e operacionais, oferece maior benefício que outras, em termos de custo total de transporte? | D40: Não Atende
C41: Os Estudos e Projetos Ambientais devem ser desenvolvidos em conformidade com os seguintes Manuais e Instruções do DNIT
A42: 17 | B42: IS-246 | C42: Manual Rodoviário de Conservação, Monitoramento e Controle Ambientais | D42: Atende Parcialmente
A43: =A42+1 -> 18 | B43: IS-246 | C43: Manual para Ordenamento do Uso do Solo nas Faixas de Domínio e Lindeiras das Rodovias Federais | D43: Não Atende
A44: =A43+1 -> 19 | B44: IS-246 | C44: Instruções de Proteção Ambiental das Faixas de Domínio e Lindeiras das Rodovias Federai | D44: Não Atende
A45: =A44+1 -> 20 | B45: IS-246 | C45: Diretrizes e Procedimentos para Reassentamento de Populações Afetadas em Obras Rodoviárias da DEP/DNER/DNIT; | D45: Não Atende
A46: =A45+1 -> 21 | B46: IS-246 | C46: Corpo Normativo Ambiental para Empreendimentos Rodoviários, do DNIT. | D46: Atende Parcialmente
A47: =A46+1 -> 22 | B47: IS-246 | C47: Diretrizes Básicas para Atividades Ambientais Rodoviárias – Escopos Básicos e Instruções de Serviços | D47: Atende Parcialmente
A48: =A47+1 -> 23 | B48: IS-246 | C48: Manual para Atividades Ambientais Rodoviárias | D48: Atende
E51: Conferente: ___________________________________

Sheet ENSAIOS_REABILIT_RESTAURAÇ
A1: #VALUE! | C1: SEINFRA | F1: CONFERÊNCIA
C2: GEPPI - GERÊNCIA DE PLANEJAMENTO E PROGRAMAÇÃO DE INVESTIMENTOS | F2: Nº XX/XXXX
C3: CHECKLIST - CONFERÊNCIA DE PROJETOS | F3: DATA: | H3: Tabela Resumo
C4: ENSAIOS
A6: IDENTIFICAÇÃO | H6: Atende | I6: =COUNTIF(D$1:$D$235,"Atende") -> 5 | J6: =I6/$I$10 -> 0.089285714
A7: Objeto: | H7: Atende Parcialmente | I7: =COUNTIF(D$1:$D$235,"Atende Parcialmente") -> 6 | J7: =I7/$I$10 -> 0.10714286
A8: Rodovia/Trecho: | H8: Não Atende | I8: =COUNTIF(D$1:$D$235,"Não Atende") -> 42 | J8: =I8/$I$10 -> 0.75
A9: Complemento: | D9: Extensão: | H9: Não Se Aplica | I9: =COUNTIF(D$1:$D$235,"Não Se Aplica") -> 3 | J9: =I9/$I$10 -> 0.053571429
A10: Licitação: | I10: =SUM(I6:I9) -> 56 | J10: =I10/$I$10 -> 1
A11: Contratada:
A13: DOCUMENTOS DE ANÁLISE
A15: Documento entregue:
A16: Data de entrega: | D16: Versão:
A17: ENTREGA | E17: FORMATO | F17: OBSERVAÇÕES
A18: Os arquivos digitais foram entregues em mídia convencionais, como CD, pendrive, HD externo ou transferência remota registrada por e-mail ou protocolada nas DUAS VERSÕES:
A19: 1 | B19: - não editável (PDF) ? | D19: Atende
A20: 2 | B20: - editável de acordo com cada tipo (.doc, .xls, .dwg, etc) ? | D20: Atende
A21: ITEM | B21: REFERÊNCIA | C21: QUESITO | E21: VOLUME/PÁGINA
C23: Levantamento de Iregularidades Longitudinais - IRI
A24: 3 | C24: Apresenta o Quociente de Irregularidade - QI? | D24: Não Atende
A25: =A24+1 -> 4 | C25: Caracteriza a rodovia pelo tipo de pavimento (flexível, rígido ou semirrígido)? | D25: Não Atende
A26: =A25+1 -> 5 | C26: Apresenta os equipamentos utilizados para realiar o escaneamento da área? | D26: Atende Parcialmente
A27: =A26+1 -> 6 | C27: Apresenta coordenadas geográficas dos trechos em estudo? | D27: Atende
A28: =A27+1 -> 7 | C28: Fotografias de trechos representativos das condições observadas? | D28: Não Atende
A29: =A28+1 -> 8 | C29: Apresenta certificados de calibração do equipamento utilizado? | D29: Não Atende
A30: =A29+1 -> 9 | C30: Classificação de qualidade da rodovia conforme critérios técnicos? | D30: Não Se Aplica
A31: =A30+1 -> 10 | C31: Há a subdivisão em seções analisadas, demonstrada de forma clara no relatório de estudo? | D31: Atende Parcialmente
A32: =A31+1 -> 11 | C32: Mapas temáticos destacando variações do IRI em intervalos pré-definidos? | D32: Atende Parcialmente
C33: Deflectometria
A34: 12 | C34: Cabeçalho apresente o tipo e modelo do deflectometro utilizado? | D34: Atende Parcialmente
A35: =A34+1 -> 13 | C35: Apresenta resultados de capacidade estrutural do pavimento? | D35: Não Atende
A36: =A35+1 -> 14 | C36: Coordenadas geográficas ou estações quilométricas dos pontos de medição? | D36: Não Atende
A37: =A36+1 -> 15 | C37: Fotografias dos pontos de medição e condições do pavimento. | D37: Não Atende
A38: =A37+1 -> 16 | C38: Condições climáticas no momento da execução (temperatura ambiente e da superfície do pavimento)? | D38: Não Atende
A39: =A38+1 -> 17 | C39: Apresenta resultados de tipo e espessura das camadas (superfície de rolamento, base, sub-base e subleito)? | D39: Não Atende
A40: =A39+1 -> 18 | C40: Apresenta a magnitude da carga aplicada (em kN)? | D40: Não Atende
A41: =A40+1 -> 19 | C41: Apresenta a frequência de calibração e certificação do equipamento? | D41: Não Atende
A42: =A41+1 -> 20 | C42: Deflexões medidas em cada sensor (em micrômetros ou milímetros)? | D42: Não Atende
A43: =A42+1 -> 21 | C43: Apresenta fotografias dos pontos de medição e condições do pavimento.? | D43: Não Atende
A44: =A43+1 -> 22 | C44: Apresenta o resultado de necessidade de reforço ou intervenções corretivas (recapeamento, reciclagem)? | D44: Não Se Aplica
A45: =A44+1 -> 23 | C45: Apresenta tabelas completas com os valores de deflexão e carga em cada ponto? | D45: Não Se Aplica
C46: Levantamento Visual Contínuo - LVC
A47: 24 | B47: GOINFRA IP-06 | C47: Apresenta cálculo de Índice de Gravidade Global Expedito - IGGE? | D47: Atende Parcialmente
A48: =A47+1 -> 25 | B48: GOINFRA IP-06 | C48: Apresenta Índice de Condição do Pavimento Flexível - ICPF? | D48: Atende Parcialmente
A49: =A48+1 -> 26 | B49: GOINFRA IP-06 | C49: Apresenta Índice do Estado da Superfície do Pavimento - IES? | D49: Atende
A50: =A49+1 -> 27 | B50: GOINFRA IP-06 | C50: Apresenta Índice do Estado da Superfície do Pavimento - IES? | D50: Atende
A51: =A50+1 -> 28 | B51: DNIT 008/2003 PRO | C51: Cabeçalho apresenta código e extensão do Plano Nacional de Viação PNV? | D51: Não Atende
A52: =A51+1 -> 29 | B52: DNIT 008/2003 PRO | C52: Cabeçalho apresenta Volume Médio Diario de Trafego nos dois sentidos (VMD)? | D52: Não Atende
A53: =A52+1 -> 30 | B53: DNIT 008/2003 PRO | C53: Cabeçalho apresenta data de levantamento? | D53: Não Atende
A54: =A53+1 -> 31 | B54: IP-06 (4.2) | C54: Foi apresentado o levantamento visual contínuo na forma de preenchimento do formulário (Anexo B) da IP-06? | D54: Não Atende
B55: IP-06 (4.2) | C55: O formulário (Anexo B) foi preenchido com os dados mínimos da rodovia:
A56: 32 | B56: IP-06 (4.2) | C56: - Identificação da Rodovia? | D56: Não Atende
A57: =A56+1 -> 33 | B57: IP-06 (4.2) | C57: - Código dos SRE's que compõem o trecho? | D57: Não Atende
A58: =A57+1 -> 34 | B58: IP-06 (4.2) | C58: - Extensão de cada SRE? | D58: Não Atende
A59: =A58+1 -> 35 | B59: IP-06 (4.2) | C59: - Extensão total do Levantamento? | D59: Não Atende
A60: =A59+1 -> 36 | B60: IP-06 (4.2) | C60: - Início e Fim do trecho? | D60: Não Atende
A61: =A60+1 -> 37 | B61: IP-06 (4.2) | C61: - Tipo de Pista “Simples” ou “Dupla”? | D61: Não Atende
A62: =A61+1 -> 38 | B62: IP-06 (4.2) | C62: - Data do Levantamento? | D62: Não Atende
A63: =A62+1 -> 39 | B63: IP-06 (4.2) | C63: - Nº do segmento dentro do trecho? | D63: Não Atende
A64: =A63+1 -> 40 | B64: IP-06 (4.2) | C64: - Registro do Odômetro (Início e Fim)? | D64: Não Atende
A65: =A64+1 -> 41 | B65: IP-06 (4.2) | C65: - Quilometragem do início e fim do segmento? | D65: Não Atende
A66: =A65+1 -> 42 | B66: IP-06 (4.2) | C66: - Extensão do segmento? | D66: Não Atende
A67: =A66+1 -> 43 | B67: IP-06 (4.2) | C67: - Frequencia dos defeitos do segmento? | D67: Não Atende
A68: =A67+1 -> 44 | C68: Foi apresentado relatório fotográfico (Modelo 3.0) do levantamento executado, com no mínimo 2 fotos para cada ponto com distância de 500m entre eles* ? (*No ponto tirar uma foto no sentido do estaqueamento, mostrando a situação da pista, girar 180º e tirar outra foto mostrando a situação anterior da pista.) | D68: Não Atende
A69: =A68+1 -> 45 | C69: Foi apresentada a descrição exata do ponto de início e final do projeto, com informações de localização (coordenadas) e fotografias georreferenciadas ? | D69: Não Atende
A70: =A69+1 -> 46 | B70: IP-06 (4.4) | C70: Os formulários de levantamentos (Anexo B) foram apresentados? | D70: Não Atende
A71: =A70+1 -> 47 | C71: Foram verificadas as fotos do Relatório Fotográfico (item 16) por amostragem de no mínimo 2 km, com a classificação de acordo com o "conceito" da tabela do Anexo D, sendo escolhida a de menor nível de condição da superfície do trecho? | D71: Não Atende
A72: =A71+1 -> 48 | B72: IP-06 (5.0) | C72: Foi apresentado algum caso específico e atípico que não se enquadrem nas especificações e Normas da GOINFRA? | D72: Não Atende
A73: =A72+1 -> 49 | B73: IP-06 (5.0) | C73: O caso acima, foi devidamente justificado? | D73: Não Atende
A74: =A73+1 -> 50 | B74: IP-06 (5.0) | C74: Em relação ao item anterior foi apresentado texto descritivo contendo: | D74: Não Atende
A75: =A74+1 -> 51 | C75: - Metodologia utilizada ? | D75: Não Atende
A76: =A75+1 -> 52 | C76: - Memórias de cálculo ? | D76: Não Atende
A77: =A76+1 -> 53 | C77: - Quadros, gráficos e figuras ? | D77: Não Atende
A78: =A77+1 -> 54 | C78: Foram apresentados todos os arquivos relacionados acima em planilhas editáveis com fórmulas em software "excel" ou similar, além dos desenhos em software "cad" ou similar? | D78: Não Atende
A79: =A78+1 -> 55 | B79: DNIT | C79: Foi apresentado a Anotação de responsabilidade técnica (ART) do profissional responsável pela disciplina? | D79: Não Atende
A80: =A79+1 -> 56 | B80: DNIT | C80: Foi apresentada a Declaração de responsabilidade técnica pelo estudo da disciplina? | D80: Não Atende
E83: Conferente: ___________________________________

Sheet GEOMÉTRICO
A1: #VALUE! | C1: SEINFRA | F1: CONFERÊNCIA
C2: GEPPI - GERÊNCIA DE PLANEJAMENTO E PROGRAMAÇÃO DE INVESTIMENTOS | F2: Nº XX/XXXX
C3: CHECKLIST - CONFERÊNCIA DE PROJETOS | F3: DATA: | H3: Tabela Resumo
C4: PROJETO GEOMÉTRICO
A6: IDENTIFICAÇÃO | H6: Atende | I6: =COUNTIF(D$1:$D$200,"Atende") -> 2 | J6: =I6/$I$10 -> 0.04
A7: Objeto: | H7: Atende Parcialmente | I7: =COUNTIF(D$1:$D$200,"Atende Parcialmente") -> 44 | J7: =I7/$I$10 -> 0.88
A8: Rodovia/Trecho: | H8: Não Atende | I8: =COUNTIF(D$1:$D$200,"Não Atende") -> 2 | J8: =I8/$I$10 -> 0.04
A9: Complemento: | D9: Extensão: | H9: Não Se Aplica | I9: =COUNTIF(D$1:$D$200,"Não Se Aplica") -> 2 | J9: =I9/$I$10 -> 0.04
A10: Licitação: | I10: =SUM(I6:I9) -> 50 | J10: =I10/$I$10 -> 1
A11: Contratada:
A13: DOCUMENTOS DE ANÁLISE
A15: Documento entregue:
A16: Data de entrega: | D16: Versão:
A17: ENTREGA | E17: FORMATO | F17: OBSERVAÇÕES
A18: Os arquivos digitais foram entregues em mídia convencionais, como CD, pendrive, HD externo ou transferência remota registrada por e-mail ou protocolada nas DUAS VERSÕES:
A19: 1 | B19: - não editável (PDF) ? | D19: Atende Parcialmente
A20: 2 | B20: - editável de acordo com cada tipo (.doc, .xls, .dwg, etc) ? | D20: Atende Parcialmente
A21: ITEM | B21: REFERÊNCIA | C21: QUESITO | E21: VOLUME/PÁGINA | F21: OBSERVAÇÕES
C22: Em relação ao projeto em análise:
A23: 3 | B23: IP-08 (7.2) | C23: Foi apresentado memorial descritivo, justificativa do projeto elaborado e metodologia utilizada? | D23: Atende Parcialmente
A24: =A23+1 -> 4 | B24: IP-08 (7.2) | C24: Foram apresentadas planilhas com memórias de cálculo? | D24: Atende Parcialmente
A25: =A24+1 -> 5 | B25: IP-08 (7.2) | C25: Foram apresentados quadros e gráficos? | D25: Atende Parcialmente
A26: =A25+1 -> 6 | B26: IP-08 (5.1) | C26: Foi apresentado o quadro de características técnicas e operacionais? | D26: Atende
A27: =A26+1 -> 7 | C27: Foi apresentada justificativa para características que estejam divergentes das recomendadas nos quadros do item 4.3.8 da IP-08? | D27: Atende
A28: =A27+1 -> 8 | B28: IP-08 (4.2.2) | C28: Foi informado qual o veículo de projeto adotado? | D28: Atende Parcialmente
A29: =A28+1 -> 9 | B29: IP-08 (7.2) | C29: As plantas e perfis estão nas escalas 1:2.000 (H) e 1:200 (V)? | D29: Atende Parcialmente
C30: No projeto planimétrico:
A31: 10 | B31: IP-08 (5.2.1.1) | C31: O eixo foi estaqueado de 20 m em 20 m? | D31: Atende Parcialmente
A32: =A31+1 -> 11 | B32: IP-08 (5.2.1.1) | C32: A faixa de domínio está representada em projeto indicando seus limites e coordenadas em relação ao eixo? | D32: Atende Parcialmente
A33: =A32+1 -> 12 | B33: IP-08 (5.2.1.1) | C33: As curvas de nível estão interpoladas de 1 em 1m, destacando as linhas mestras de 5 em 5m? | D33: Atende Parcialmente
A34: =A33+1 -> 13 | B34: IP-08 (5.2.1.1) | C34: As curvas horizontais foram numeradas e seus elementos apresentados em tabelas laterais? | D34: Atende Parcialmente
A35: =A34+1 -> 14 | B35: IP-08 (5.2.1.1) | C35: Os azimutes de alinhamento foram informados? | D35: Não Atende
A36: =A35+1 -> 15 | B36: IP-08 (5.2.1.1) | C36: Estão representados os nomes dos proprietários dos imóveis por onde passa a rodovia? | D36: Não Atende
A37: =A36+1 -> 16 | B37: IP-08 (5.2.1.1) | C37: As OAE´s foram indicadas com suas dimensões e nomes dos cursos d’água que atravessam a rodovia? | D37: Atende Parcialmente
A38: =A37+1 -> 17 | B38: IP-08 (5.2.1.1) | C38: As OAC´s foram indicados com informações de sua esconsidade e comprimento? | D38: Não Se Aplica
A39: =A38+1 -> 18 | B39: IP-08 (5.2.1.1) | C39: Todos os elementos especiais foram numerados e possuem indicação de sua prancha de detalhamento? | D39: Atende Parcialmente
C40: No projeto altimétrico:
A41: 19 | B41: IP-08 (5.2.1.2) | C41: Foram indicados todos os elementos do greide projetado (rampas e elementos de curvas verticais)? | D41: Não Se Aplica
A42: =A41+1 -> 20 | B42: IP-08 (5.2.1.2) | C42: Foi representado o geotécnico no perfil longitudinal de acordo com o item 5.2.1.2 da IP-08? | D42: Atende Parcialmente
A43: =A42+1 -> 21 | B43: IP-08 (5.2.1.2) | C43: As OAE e OAC foram representadas no perfil longitudinal de acordo com o item 5.2.1.2 da IP-08? | D43: Atende Parcialmente
A44: =A43+1 -> 22 | C44: Foi apresentado o detalhamento das variações da superelevação nas concordâncias das curvas horizontais, respeitando o limite máximo? | D44: Atende Parcialmente
A45: =A44+1 -> 23 | C45: Foi justificada a utilização de taxas máximas de superelevação de 10% ou 12% (se houver)? | D45: Atende Parcialmente
A46: =A45+1 -> 24 | B46: IP-08 (4.3.2.2) | C46: Para transição da superelevação, foi seguida a metodologia preconizada pelo DNER (Manual de Projeto Geométrico de Rodovias Rurais)? | D46: Atende Parcialmente
A47: =A46+1 -> 25 | B47: IP-08 (7.2) | C47: Foi apresentado o desenho das seções transversais tipo (escalas 1:200 ou 1:100), contendo as seções do terreno, taludes de cortes e saias de aterro? | D47: Atende Parcialmente
A48: =A47+1 -> 26 | B48: IP-08 (5.2.1.2) | C48: No perfil foram destacadas as soluções particulares (que divergem da seção transversal tipo)? | D48: Atende Parcialmente
A49: =A48+1 -> 27 | B49: IP-08 (4.3.2.3) | C49: Houve dispensa de utilização das curvas horizontais de transição? Foi justificado? | D49: Atende Parcialmente
A50: =A49+1 -> 28 | B50: IP-08 (4.3.3.2) | C50: Foi prevista a implantação de 3ª faixa em regiões montanhosas com declividades superiores aos estabelecidos no item 4.3.3.2 da IP-08? | D50: Atende Parcialmente
A51: =A50+1 -> 29 | B51: IP-08 (4.3.3.2) | C51: Teve algum trecho com declividade nula? Este está com extensão máxima de 30m, e com a seção transversal apresentando caimento para os dois lados? | D51: Atende Parcialmente
A52: =A51+1 -> 30 | B52: IP-08 (4.3.3.2) | C52: Foi apresentada justificativa para casos que não tenha sido seguido as declividades máxima e mínima de rampa de acordo com o item 4.3.3.2 da IP-08? | D52: Atende Parcialmente
A53: =A52+1 -> 31 | B53: IP-08 (4.3.3.2) | C53: Foi utilizado greide com declividade inferioir a 0,5%, limitada a 0,35%? Foram verificada as condições exigidas no item 4.3.3.2 da IP-08? | D53: Atende Parcialmente
A54: =A53+1 -> 32 | B54: IP-08 (4.3.2.3) | C54: Para curvas horizontais com raios inferiores aos especificados na tabela 6 da IP-08, foram utilizadas curvas de transição? | D54: Atende Parcialmente
A55: =A54+1 -> 33 | B55: IP-08 (4.3.2.3) | C55: - Nas curvas de raios inferios a 500 metros e superiores a 150 metros a locação das curvas estão de 10 em 10 metros? | D55: Atende Parcialmente
A56: =A55+1 -> 34 | B56: IP-08 (4.3.2.3) | C56: - Nas curvas de raios inferios a 150 metros a locação das curvas estão de 5 em 5 metros? | D56: Atende Parcialmente
A57: =A56+1 -> 35 | B57: IP-08 (4.3.2.4) | C57: - Nos trechos em tangente, foram atendidos os afastamentos mínimos de obstáculos fixos conforme item 4.3.2.4 da IP-8? | D57: Atende Parcialmente
... A69: =A68+1 -> 47 | B69: IP-08 (5.2.2) | C69: Foram apresentados o detalhamento dos elementos especiais, de acordo com o item 5.2.2 da IP-08? | D69: Atende Parcialmente
A70: =A69+1 -> 48 | C70: Em relação ao item acima, apresenta entroncamento/interseção com Rodovia Federal? | D70: Atende Parcialmente
A71: =A70+1 -> 49 | B71: IP-08 (7.2) | C71: Foram entregues os arquivos digitais das plantas, perfis e seções transversais, compatíveis com “Software” de CAD? | D71: Atende Parcialmente
A72: =A71+1 -> 50 | B72: IP-08 (7.2) | C72: Foi entregue o arquivo do projeto geométrico sobreposto à imagem de satélite (.kmz) ou (.kml)? | D72: Atende Parcialmente
E75: Conferente: ___________________________________

Sheet TERRAPLANAGEM
A1: #VALUE! | C1: SEINFRA | F1: CONFERÊNCIA
C2: GEPPI - GERÊNCIA DE PLANEJAMENTO E PROGRAMAÇÃO DE INVESTIMENTOS | F2: Nº XX/XXXX
C3: CHECKLIST - CONFERÊNCIA DE PROJETOS | F3: DATA: | H3: Tabela Resumo
C4: PROJETO DE TERRAPLENAGEM
A6: IDENTIFICAÇÃO | H6: Atende | I6: =COUNTIF(D$1:$D$200,"Atende") -> 1 | J6: =I6/$I$10 -> 0.01369863
A7: Objeto: | H7: Atende Parcialmente | I7: =COUNTIF(D$1:$D$200,"Atende Parcialmente") -> 58 | J7: =I7/$I$10 -> 0.79452055
A8: Rodovia/Trecho: | H8: Não Atende | I8: =COUNTIF(D$1:$D$200,"Não Atende") -> 2 | J8: =I8/$I$10 -> 0.02739726
A9: Complemento: | D9: Extensão: | H9: Não Se Aplica | I9: =COUNTIF(D$1:$D$200,"Não Se Aplica") -> 12 | J9: =I9/$I$10 -> 0.16438356
A10: Licitação: | I10: =SUM(I6:I9) -> 73 | J10: =I10/$I$10 -> 1
A11: Contratada:
A13: DOCUMENTOS DE ANÁLISE
A15: Documento entregue:
A16: Data de entrega: | D16: Versão:
A17: ENTREGA | E17: FORMATO | F17: OBSERVAÇÕES
A18: Os arquivos digitais foram entregues em mídia convencionais, como CD, pendrive, HD externo ou transferência remota registrada por e-mail ou protocolada nas DUAS VERSÕES:
A19: 1 | B19: - não editável (PDF) ? | D19: Atende Parcialmente
A20: 2 | B20: - editável de acordo com cada tipo (.doc, .xls, .dwg, etc) ? | D20: Atende Parcialmente
A21: ITEM | B21: REFERÊNCIA | C21: QUESITO | E21: VOLUME/PÁGINA | F21: OBSERVAÇÕES
B22: IP-09 (4.1) | C22: Em relação ao projeto realizado, foi apresentado:
A23: 3 | B23: IP-09 (6.1) | C23: - texto contendo memória descritiva e metodologia utilizada? | D23: Atende Parcialmente
A24: =A23+1 -> 4 | B24: IP-09 (4.2.b) | C24: Foi apresentada a justificativa da largura da plataforma de terraplenagem adotada conforme as condições estabelecidas no item 4.2.b, pág 6, da IP-09? | D24: Atende Parcialmente
A25: =A24+1 -> 5 | B25: IP-09 (4.2.g.p5) | C25: Foi apresentado cálculo da deflexão de Projeto do sub-leito seguindo a metodologia apresentada no item 4.2 g da IP-9? | D25: Atende Parcialmente
B26: IP-09 (4.2.d.pg4) | C26: Em relação as seções transversais-tipo, foram apresentadas:
A27: 6 | C27: -seção tipo em corte, com indicação das inclinações dos taludes? | D27: Atende Parcialmente
A28: =A27+1 -> 7 | C28: -seção tipo em aterro, com indicação das inclinações dos taludes? | D28: Atende Parcialmente
A29: =A28+1 -> 8 | C29: -seção tipo particularizada, quanto a inclinação de taludes? | D29: Atende Parcialmente
A30: =A29+1 -> 9 | C30: -seção tipo particularizada, quanto a alargamento de cortes? | D30: Atende Parcialmente
A31: =A30+1 -> 10 | C31: -seção tipo particularizada, quanto a fundação de aterro? | D31: Atende Parcialmente
A32: =A31+1 -> 11 | B32: IP-09 (4.2.e.pg4) | C32: Foram apresentadas Notas de Serviço de Terraplenagem? (Modelo 1.0) | D32: Atende Parcialmente
A33: =A32+1 -> 12 | C33: Foram apresentadas a superlargura na Nota de Serviço de Terraplenagem? | D33: Atende Parcialmente
A34: =A33+1 -> 13 | B34: IP-09 (4.1) | C34: Foi identificada ocorrência de solo mole, com apresentação de estudos geotécnicos? | D34: Atende Parcialmente
A35: =A34+1 -> 14 | B35: IP-09 (4.1) | C35: Foi apresentada a quantidade de solo mole identificada? | D35: Atende Parcialmente
A36: =A35+1 -> 15 | C36: Foi apresentada a mémoria de cálculo de desmatamento? (Modelo 9.0) | D36: Atende Parcialmente
C37: Em relação a desmatamento:
A38: 16 | B38: ES-T 001 (3.8) | C38: - na largura considerada para a limpeza da faixa de domínio, foi acrescentado ao offset 2 m para cada lado? | D38: Atende Parcialmente
A39: =A38+1 -> 17 | B39: ES-T 001 (3.8) | C39: - foi descontado do item acima a largura da pista existente, quando for o caso? | D39: Atende Parcialmente
A40: =A39+1 -> 18 | B40: ES-T 001 (3.5) | C40: - para o cálculo do expurgo foi considerado a profundidade média de 20 cm? | D40: Atende Parcialmente
A41: =A40+1 -> 19 | C41: - as áreas de empréstimos laterais e caixas concentradas? | D41: Atende Parcialmente
B42: IP-09 (4.2) | C42: Com relação ao cálculo de volumes, foram apresentados:
A43: 20 | B43: IP-09 (4.2.a.pg4) | C43: - planilha de cálculo de cubação do movimento de terra sem empolamento? (Modelo 2.0) | D43: Atende Parcialmente
A44: =A43+1 -> 21 | B44: IP-09 (4.2.b.pg4) | C44: - planilha de cálculo de cubação separando os volumes de compactação a 95%, 100% e volume de regularização do subleito? (Modelo 2.0) | D44: Atende Parcialmente
A45: =A44+1 -> 22 | B45: IP-09 (4.2.a.pg4) | C45: - planilha de classificação dos materiais escavados? (Modelo 3.0) | D45: Atende Parcialmente
A46: =A45+1 -> 23 | B46: IP-09 (4.2.a.pg6) | C46: - planilha de rebaixo para aterro com altura inferior a 60 cm, garantindo a compactação de 3 camadas de 20 cm? (Modelo 5.1) | D46: Atende Parcialmente
A47: =A46+1 -> 24 | B47: IP-09 (4.2) | C47: - planilha de fundação de aterro, última camada (fundo, com espessura de 20 cm), para aterros com altura inferior a 60 cm? (Modelo 5.2) | D47: Atende Parcialmente
A48: =A47+1 -> 25 | B48: IP-09 (4.2.d.pg6) | C48: - planilha de rebaixo de corte com substituição de material com no mínimo 60 cm (3 camadas de 20 cm)? (Modelo 5.3) | D48: Atende Parcialmente
A49: =A48+1 -> 26 | B49: IP-09 (4.2.c.pg6) | C49: - planilha de rebaixo de corte com reaproveitamento de material, 40 cm (2 camadas de 20 cm)? (Modelo 5.4) | D49: Atende Parcialmente
A50: =A49+1 -> 27 | B50: IP-09 (4.2.c.pg6) | C50: - planilha de fundação de corte, última camada (fundo, com espessura de 20 cm)? (Modelo 5.5) | D50: Atende Parcialmente
A51: =A50+1 -> 28 | B51: IP-09 (4.2.e.pg6) | C51: - planilha de fundação de aterro, para aterros com altura igual ou superior a 60 cm e inferior a 3 m? (Modelo 5.6) | D51: Atende Parcialmente
A52: =A51+1 -> 29 | C52: - planilha resumo contendo relação de empréstimos laterais e caixas concentradas? (Modelo 6.0) | D52: Atende Parcialmente
A53: =A52+1 -> 30 | B53: IP-09 (4.2.g.pg7) | C53: - planilha resumo contendo empolamento de todos os materiais envolvidos na terraplenagem (cortes, empréstimos lateriais e caixas concentradas)? (Modelo 7.0) | D53: Atende Parcialmente
A54: =A53+1 -> 31 | C54: - Foi apresentado o empolamento unificado, levando em consideração todos os resultados apresentadados no item acima? | D54: Atende Parcialmente
A55: =A54+1 -> 32 | B55: IP-09 (6.2) | C55: Foi apresentado a planta geral dos locais de empréstimos laterais? | D55: Atende Parcialmente
A56: =A55+1 -> 33 | B56: IP-09 (6.2) | C56: Foi apresentado a planta geral dos locais de caixas concentradas? | D56: Atende Parcialmente
A57: =A56+1 -> 34 | C57: Foi apresentado o quadro de indicações gerais nas plantas de empréstimos e caixas concentradas? (Modelo 8.0) | D57: Atende Parcialmente
A58: =A57+1 -> 35 | B58: IP-09 (4.1) | C58: Foi apresentado a planta geral dos locais de bota-fora? | D58: Atende Parcialmente
A59: =A58+1 -> 36 | C59: Foi apresentado o quadro de indicações gerais na planta geral de bota-fora (Modelo 8.0) | D59: Atende Parcialmente
A60: =A59+1 -> 37 | B60: IP-09 (6.2) | C60: Foi apresentado o Quadro de Distribuição de Material (QDM)? (Modelo 4.0) | D60: Atende Parcialmente
B61: IP-09 (6.2) | C61: Em relação ao QDM, foram apresentados:
A62: 38 | C62: - Foi apresentado o ISC de projeto? | D62: Atende Parcialmente
C63: Origem do Material:
A64: 39 | C64: - localização do material? | D64: Atende Parcialmente
A65: =A64+1 -> 40 | C65: - denominação do material? | D65: Atende Parcialmente
A66: =A65+1 -> 41 | C66: - ISC do material? | D66: Atende Parcialmente
A67: =A66+1 -> 42 | C67: - volume do material escavado (sem empolamento)? | D67: Atende Parcialmente
C68: Destino do Material (aterro):
A69: 43 | C69: - localização do material? | D69: Atende Parcialmente
A70: =A69+1 -> 44 | C70: - denominação do material? | D70: Atende Parcialmente
A71: =A70+1 -> 45 | C71: - empolamento adotado? | D71: Atende Parcialmente
A72: =A71+1 -> 46 | C72: - volume do material compactado? | D72: Atende Parcialmente
A73: =A72+1 -> 47 | C73: - discriminação do material (corpo/camada final)? | D73: Atende Parcialmente
C74: Destino do Material (bota-fora):
A75: 48 | C75: - localização do material? | D75: Atende Parcialmente
A76: =A75+1 -> 49 | C76: - denominação do material? | D76: Atende Parcialmente
A77: =A76+1 -> 50 | C77: - volume do material confinado (sem empolamento)? | D77: Atende Parcialmente
A78: =A77+1 -> 51 | C78: - volume do material espalhado e compactado (com empolamento)? | D78: Atende Parcialmente
A79: =A78+1 -> 52 | C79: - empolamento adotado? | D79: Atende Parcialmente
C80: Distância Média de Transporte (DMT):
A81: 53 | C81: - cálculo da distância de transporte? | D81: Atende Parcialmente
A82: =A81+1 -> 54 | B82: GUIA | C82: Foi apresentado Diagrama Linear de Distribuição? (Planilha nº 2) | D82: Atende Parcialmente
B83: GUIA | C83: Em relação ao Diagrama Linear de Distribuição, foram apresentados?
A84: 55 | C84: - origem e Destino dos materiais? | D84: Atende Parcialmente
A85: =A84+1 -> 56 | C85: - ISC de cortes e empréstimos? | D85: Atende Parcialmente
A86: =A85+1 -> 57 | C86: - setas com indicações da DMT? | D86: Atende Parcialmente
A87: =A86+1 -> 58 | C87: - volume transportado? | D87: Atende Parcialmente
B88: GUIA | C88: Para os projetos específicos de terraplenagem, foram apresentados:
A89: 59 | C89: - retornos? | D89: Não Atende
A90: =A89+1 -> 60 | C90: - trevos? | D90: Não Atende
A91: =A90+1 -> 61 | C91: - acessos? | D91: Atende
A92: =A91+1 -> 62 | C92: - limpa rodas? | D92: Não Se Aplica
A93: =A92+1 -> 63 | C93: - tapers? | D93: Não Se Aplica
A94: =A93+1 -> 64 | C94: - viadutos? | D94: Não Se Aplica
A95: =A94+1 -> 65 | C95: - trincheiras? | D95: Não Se Aplica
A96: =A95+1 -> 66 | C96: - outros? | D96: Não Se Aplica
A97: =A96+1 -> 67 | B97: IP-09 (4.1) | C97: Foi apresentado Quadro Resumo dos volumes de terraplenagem? (Modelo 10.0) | D97: Não Se Aplica
A98: =A97+1 -> 68 | B98: IP-09 (4.2 b) | C98: Foi descontado o volume de compactação da última camada da “Camada Final do Aterro”, correspondente a Regularização do subleito (20 cm) na compactação 100%? | D98: Não Se Aplica
A99: =A98+1 -> 69 | C99: Foi apresentado e justificado caso específico e atipico que não se enquadre na IP-09? | D99: Não Se Aplica
A100: =A99+1 -> 70 | C100: Foi apresentado no orçamento as Composições de Preços Unitários para os serviços de terraplenagem projetados? | D100: Não Se Aplica
A101: =A100+1 -> 71 | B101: IP-09 (6.2) | C101: Foram entregues todos os arquivos digitais editáveis acordo com cada tipo (.doc, .xls, .dwg, etc)? | D101: Não Se Aplica
A102: =A101+1 -> 72 | B102: DNIT | C102: Foi apresentado a Anotação de Responsabilidade Técnica (ART) do profissional responsável pela disciplina? | D102: Não Se Aplica
A103: =A102+1 -> 73 | B103: DNIT | C103: Foi apresentada a Declaração de Responsabilidade técnica pelo projeto da disciplina? | D103: Não Se Aplica
...

Sheet PAVIMENTAÇÃO
A1: #VALUE! | C1: SEINFRA | F1: CONFERÊNCIA
C2: GEPPI - GERÊNCIA DE PLANEJAMENTO E PROGRAMAÇÃO DE INVESTIMENTOS | F2: Nº XX/XXXX
C3: CHECKLIST - CONFERÊNCIA DE PROJETOS | F3: DATA: | H3: Tabela Resumo
C4: PROJETO DE PAVIMENTAÇÃO
A6: IDENTIFICAÇÃO | H6: Atende | I6: =COUNTIF(D$1:$D$200,"Atende") -> 1 | J6: =I6/$I$10 -> 0.013513514
A7: Objeto: | H7: Atende Parcialmente | I7: =COUNTIF(D$1:$D$200,"Atende Parcialmente") -> 68 | J7: =I7/$I$10 -> 0.91891892
A8: Rodovia/Trecho: | H8: Não Atende | I8: =COUNTIF(D$1:$D$200,"Não Atende") -> 2 | J8: =I8/$I$10 -> 0.027027027
A9: Complemento: | D9: Extensão: | H9: Não Se Aplica | I9: =COUNTIF(D$1:$D$200,"Não Se Aplica") -> 3 | J9: =I9/$I$10 -> 0.040540541
A10: Licitação: | I10: =SUM(I6:I9) -> 74 | J10: =I10/$I$10 -> 1
A11: Contratada:
A13: DOCUMENTOS DE ANÁLISE
A15: Documento entregue:
A16: Data de entrega: | D16: Versão:
A17: ENTREGA | E17: FORMATO | F17: OBSERVAÇÕES
A18: Os arquivos digitais foram entregues em mídia convencionais, como CD, pendrive, HD externo ou transferência remota registrada por e-mail ou protocolada nas DUAS VERSÕES:
A19: 1 | B19: - não editável (PDF) ? | D19: Atende Parcialmente
A20: 2 | B20: - editável de acordo com cada tipo (.doc, .xls, .dwg, etc) ? | D20: Atende Parcialmente
A21: ITEM | B21: REFERÊNCIA | C21: QUESITO | E21: VOLUME/PÁGINA
B22: IP-10 (4.1.1) | C22: Pavimentos Flexíveis e Pavimentos Semirrígidos
A23: 3 | B23: IP-10 (4.1.1) | C23: Foi apresentado o valor do Índice de Irregularidade Longitudinal (IRI), considerado nos estudos do projeto, indicando ao executor qual será o valor admissível para o IRI após a execução da obra? | D23: Não Atende
A24: =A23+1 -> 4 | B24: IP-10 (4.1.1) | C24: Foi apresentado as deflexões máximas admissíveis para cada camada do pavimento projetado, indicando ao executor quais serão os parâmetros a serem buscados ao término da obra? | D24: Não Atende
A25: =A24+1 -> 5 | B25: IP-10 (4.1.1) | C25: No caso de Número “N” USACE superior a 5x107 repetições, foi realizada o dimensionamento por, no mínimo, dois métodos de dimensionamento? | D25: Não Se Aplica
A26: =A25+1 -> 6 | B26: IP-10 (4.1.1) | C26: Foi realizada a verificação mecanicista da estrutura do pavimento dimensionado? | D26: Não Se Aplica
B27: IP-10 (4.1.2) | C27: Pavimentos Rígidos e Peças Pré-moldadas de Concreto
A28: 7 | B28: IP-10 (4.1.2) | C28: Foi apresentada a metodologia de cálculo Conforme Manual de Pavimentos Rígidos do Departamento Nacional de Infraestrutura de Transporte - DNIT? Infraestrutura de Transportes – DNIT? | D28: Não Se Aplica
A29: =A28+1 -> 8 | B29: IP-10 (4.1.2) | C29: Foi apresentada a verificação mecanicista da estrutura do pavimento dimensionado? | D29: Atende Parcialmente
B30: IP-10 (4.2) | C30: Critérios de Cálculo
B31: IP-10 (4.2.1) | C31: Capacidade de Suporte do Subleito
A32: 9 | B32: IP-10 (4.2.1) | C32: Foi apresentado estudo estatístico com o ISC dos materiais que serão utilizados na camada do subleito? | D32: Atende Parcialmente
A33: =A32+1 -> 10 | B33: IP-10 (4.2.1) | C33: O ISC do subleito adotado para o dimensionamento do pavimento está compatível com o mínimo encontrado no estudo estatístico apresentado? | D33: Atende Parcialmente
A34: =A33+1 -> 11 | B34: IP-10 (4.2.1) | C34: Os solos do subleito foram classificados quanto à resiliência, de acordo com a Tabela 2, da IP-10? | D34: Atende Parcialmente
B35: IP-10 (4.2.2) | C35: Tráfego
A36: 12 | B36: IP-10 (4.2.2) | C36: O número “N”, a ser utilizado no dimensionamento dos pavimentos, estão em conformidade com o calculado no Estudo de Tráfego apresentado? | D36: Atende Parcialmente
B37: IP-10 (4.2.3) | C37: Drenagem
A38: 13 | B38: IP-10 (4.2.3 | C38: Foi prevista a utilização de dispositivos de drenagem subsuperficial na estrutura de pavimento? | D38: Atende Parcialmente
B39: IP-10 (4.3) | C39: Parâmetros adicionais para a verificação mecanicista
A40: 14 | B40: IP-10 (4.3) | C40: A verificação mecanicista foram executadas de acordo com o item 4.3 da IP-10 usando a classificação das Tabelas 3 e 4? | D40: Atende Parcialmente
A41: =A40+1 -> 15 | B41: IP-10 (4.3.1) | C41: Para revestimento de concreto asfáltico, a verificação mecanicista foi elaborada de acordo com o item 4.3.1 da IP-10? | D41: Atende Parcialmente
A42: =A41+1 -> 16 | B42: IP-10 (4.3.2) | C42: Para o subleito, a verificação mecanicista foi elaborada de acordo com o item 4.3.2 da IP-10? | D42: Atende Parcialmente
A43: =A42+1 -> 17 | B43: IP-10 (4.3.3) | C43: Para a base ou sub-base de solo-cimento, a verificação mecanicista foi elaborada de acordo com o item 4.3.3 da IP-10? | D43: Atende Parcialmente
A44: =A43+1 -> 18 | B44: IP-10 (4.3.4) | C44: Para a base ou sub-base de brita graduada tratada com cimento, a verificação mecanicista foi elaborada de acordo com o item 4.3.4 da IP-10? | D44: Atende Parcialmente
A45: =A44+1 -> 19 | B45: IP-10 (4.3.5) | C45: Para a superfície do revestimento, a verificação mecanicista foi elaborada de acordo com o item 4.3.5 da IP-10? | D45: Atende Parcialmente
B46: IP-10 (4.4) | C46: Dimensionamento Estrutural de Pavimentos Flexíveis
B47: IP-10 (4.4.1) | C47: Método DNER (Método do CBR)
B48: IP-10 (4.4.1) | C48: Relativo ao item 4.4.1., foram apresentados:
A49: 20 | B49: IP-10 (4.4.1) | C49: Memorial descritivo do dimensionamento? | D49: Atende Parcialmente
A50: =A49+1 -> 21 | B50: IP-10 (4.4.1) | C50: Memórias de cálculo? | D50: Atende Parcialmente
A51: =A50+1 -> 22 | B51: IP-10 (4.4.1) | C51: Gráficos e figuras? | D51: Atende Parcialmente
A52: =A51+1 -> 23 | B52: IP-10 (4.4.1) | C52: Foi apresentada justificativa, caso a projetista tenha adotado considerações diferentes das indicadas no item 4.4.1 da IP-10? | D52: Atende Parcialmente
B53: IP-10 (4.4.2) | C53: DNER – Método da Resiliência
A54: 24 | B54: IP-10 (4.4.2) | C54: Foi apresentado memória de cálculo conforme o método de dimensionamento da Resiliência do DNER e em conformidade com o item 4.4.2 da IP-10? | D54: Atende
B55: IP-10 (4.4.2) | C55: Relativo ao item 4.4.2., foram apresentados:
A56: 25 | B56: IP-10 (4.4.2) | C56: Memorial descritivo do dimensionamento? | D56: Atende Parcialmente
A57: =A56+1 -> 26 | B57: IP-10 (4.4.2) | C57: Memórias de cálculo? | D57: Atende Parcialmente
A58: =A57+1 -> 27 | B58: IP-10 (4.4.2) | C58: Gráficos e figuras? | D58: Atende Parcialmente
A59: =A58+1 -> 28 | B59: IP-10 (4.4.2) | C59: Foi apresentada justificativa, caso a projetista tenha adotado considerações diferentes das indicadas no item 4.4.2 da IP-10? | D59: Atende Parcialmente
B60: IP-10 (4.4.3) | C60: Verificação mecanicista
A61: 29 | B61: IP-10 (4.4.3) | C61: Foram apresentados a memória de cálculo da verificação mecanicista da estrutura de pavimento, de acordo com item 4.4.3 da IP-10? | D61: Atende Parcialmente
A62: =A61+1 -> 30 | B62: IP-10 (4.4.3) | C62: No caso de verificação mecanicista através de programas computacionais, foram apresentados além dos cálculos, os documentos justificativos indicados no item 4.3.3 da IP-10? | D62: Atende Parcialmente
A63: =A62+1 -> 31 | B63: IP-10 (4.4.3) | C63: Caso a projetista tenha optado pela adoção de outros modelos de fadiga, foram apresentadas justificativas quanto à confiabilidade de seus resultados? | D63: Atende Parcialmente
B64: IP-10 (4.4.4) | C64: Recomendações gerais
A65: 32 | B65: IP-10 (4.4.4) | C65: Foi apresentada a justificativa, caso não tenha sido seguido qualquer das recomendações do item 4.4.4 da IP-10? | D65: Atende Parcialmente
B66: IP-10 (4.5) | C66: Pavimentos semirrígidos
B67: IP-10 (4.5.1) | C67: Método do DNER
A68: 33 | B68: IP-10 (4.5.1) | C68: O dimensionamento dos pavimentos semirrígidos foi realizado segundo o Método do DNER, conforme o item 4.5.1 da IP-10? | D68: Atende Parcialmente
B69: IP-10 (4.5.1) | C69: Relativo ao item 4.5.1., foram apresentados:
A70: 34 | B70: IP-10 (4.5.1) | C70: Memorial descritivo do dimensionamento? | D70: Atende Parcialmente
A71: =A70+1 -> 35 | B71: IP-10 (4.5.1) | C71: Memórias de cálculo? | D71: Atende Parcialmente
A72: =A71+1 -> 36 | B72: IP-10 (4.5.1) | C72: Gráficos e figuras? | D72: Atende Parcialmente
A73: =A72+1 -> 37 | B73: IP-10 (4.5.1) | C73: Para os casos de base e/ou sub-base de solo-cimento e; base e/ou sub-base de brita graduada foram adotados os coeficientes estruturais indicados no item 4.5.1 da IP-10? | D73: Atende Parcialmente
A74: =A73+1 -> 38 | B74: IP-10 (4.5.1) | C74: Foi apresentada justificativa, caso a projetista tenha adotado considerações diferentes das indicadas no item 4.5.1 da IP-10? | D74: Atende Parcialmente
B75: IP-10 (4.5.2) | C75: DNER – Método da Resiliência
A76: 39 | B76: IP-10 (4.5.2) | C76: Foi apresentado memória de cálculo conforme o método de dimensionamento da Resiliência do DNER e em conformidade com o item 4.5.2 da IP-10? | D76: Atende Parcialmente
B77: IP-10 (4.5.2) | C77: Relativo ao item 4.5.2., foram apresentados:
A78: 40 | B78: IP-10 (4.5.2) | C78: Memorial descritivo do dimensionamento? | D78: Atende Parcialmente
A79: =A78+1 -> 41 | B79: IP-10 (4.5.2) | C79: Memórias de cálculo? | D79: Atende Parcialmente
A80: =A79+1 -> 42 | B80: IP-10 (4.5.2) | C80: Gráficos e figuras? | D80: Atende Parcialmente
A81: =A80+1 -> 43 | B81: IP-10 (4.5.2) | C81: Foi apresentada justificativa, caso a projetista tenha adotado considerações diferentes das indicadas no item 4.5.2 da IP-10? | D81: Atende Parcialmente
B82: IP-10 (4.5.3) | C82: Verificação mecanicista (se solicitada)
A83: 44 | B83: IP-10 (4.5.3) | C83: Foram apresentados a memória de cálculo da verificação mecanicista da estrutura de pavimento, de acordo com item 4.5.3 da IP-10? | D83: Atende Parcialmente
A84: =A83+1 -> 45 | B84: IP-10 (4.5.3) | C84: No caso de verificação mecanicista através de programas computacionais, foram apresentados além dos cálculos, os documentos justificativos indicados no item 4.5.3 da IP-10? | D84: Atende Parcialmente
A85: =A84+1 -> 46 | B85: IP-10 (4.5.3) | C85: Caso a projetista tenha optado pela adoção de outros modelos de fadiga, foram apresentadas justificativas quanto à confiabilidade de seus resultados? | D85: Atende Parcialmente
B86: IP-10 (4.5.4) | C86: Recomendações gerais
A87: 47 | B87: IP-10 (4.5.4) | C87: Foi apresentada a justificativa, caso não tenha sido seguido qualquer das recomendações do item 4.5.4 da IP-10? | D87: Atende Parcialmente
B88: IP-10 (4.6) | C88: Pavimentos rígidos
B89: IP-10 (4.6.1) | C89: Portland Cement Association – PCA
A90: 48 | B90: IP-10 (4.6.1) | C90: O dimensionamento do pavimento rígido foi realizado segundo o Método PCA, conforme o item 4.6.1 da IP-10? | D90: Atende Parcialmente
A91: =A90+1 -> 49 | B91: IP-10 (4.6.1) | C91: Relativo aos itens acima, foram apresentados o descritivo do dimensionamento, memórias de cálculos, planilhas, gráficos e figuras que viabilize sua análise? | D91: Atende Parcialmente
A92: =A91+1 -> 50 | B92: IP-10 (4.6.1) | C92: Foi apresentada justificativa, caso a projetista tenha adotado considerações diferentes das indicadas no item 4.6.1 da IP-10? | D92: Atende Parcialmente
B93: IP-10 (4.6.2) | C93: Verificação mecanicista
A94: 51 | B94: IP-10 (4.6.2) | C94: Foram apresentados a memória de cálculo da verificação mecanicista da estrutura de pavimento, de acordo com item 4.6.2 da IP-10? | D94: Atende Parcialmente
A95: =A94+1 -> 52 | B95: IP-10 (4.6.2) | C95: No caso de verificação mecanicista através de programas computacionais, foram apresentados além dos cálculos, os documentos justificativos indicados no item 4.6.2 da IP-10? | D95: Atende Parcialmente
A96: =A95+1 -> 53 | B96: IP-10 (4.6.2) | C96: Caso a projetista tenha optado pela adoção de outros modelos de fadiga, foram apresentadas justificativas quanto à confiabilidade de seus resultados? | D96: Atende Parcialmente
B97: IP-10 (4.6.3) | C97: Recomendações gerais
A98: 54 | B98: IP-10 (4.6.3) | C98: Foi apresentada a justificativa, caso não tenha sido seguido qualquer das recomendações do item 4.6.3 da IP-10? | D98: Atende Parcialmente
A100: VERIFICAÇÕES DE CARÁTER GERAL - APRESENTAÇÃO DO PROJETO
B102: IP-10 (7.2) | C102: Em relação ao projeto realizado, foi apresentado:
A103: 55 | C103: Texto contendo memória descritiva e metodologia utilizada? | D103: Atende Parcialmente
A104: =A103+1 -> 56 | C104: Memória justificativa do projeto elaborado? | D104: Atende Parcialmente
B105: IP-10 (7.2) | C105: Com relação os desenhos da seção transversal tipo das camadas de pavimento, foram apresentadas as espessuras e larguras:
...

Sheet PROJ_REABIL
A1: #VALUE! | C1: SEINFRA | F1: CONFERÊNCIA
C2: GEPPI - GERÊNCIA DE PLANEJAMENTO E PROGRAMAÇÃO DE INVESTIMENTOS | F2: Nº XX/XXXX
C3: CHECKLIST - CONFERÊNCIA DE PROJETOS | F3: DATA: | H3: Tabela Resumo
C4: PROJETO REABILITAÇÃO OU RESTAURO DE RODOVIA
A6: IDENTIFICAÇÃO | H6: Atende | I6: =COUNTIF(D$1:$D$200,"Atende") -> 24 | J6: =I6/$I$10 -> 0.31578947
A7: Objeto: | H7: Atende Parcialmente | I7: =COUNTIF(D$1:$D$200,"Atende Parcialmente") -> 48 | J7: =I7/$I$10 -> 0.63157895
A8: Rodovia/Trecho: | H8: Não Atende | I8: =COUNTIF(D$1:$D$200,"Não Atende") -> 2 | J8: =I8/$I$10 -> 0.026315789
A9: Complemento: | D9: Extensão: | H9: Não Se Aplica | I9: =COUNTIF(D$1:$D$200,"Não Se Aplica") -> 2 | J9: =I9/$I$10 -> 0.026315789
A10: Licitação: | I10: =SUM(I6:I9) -> 76 | J10: =I10/$I$10 -> 1
A11: Contratada:
A13: DOCUMENTOS DE ANÁLISE
A15: Documento entregue:
A16: Data de entrega: | D16: Versão:
A17: ENTREGA | E17: FORMATO | F17: OBSERVAÇÕES
A18: Os arquivos digitais foram entregues em mídia convencionais, como CD, pendrive, HD externo ou transferência remota registrada por e-mail ou protocolada nas DUAS VERSÕES:
A19: 1 | B19: - não editável (PDF) ? | D19: Atende Parcialmente
A20: 2 | B20: - editável de acordo com cada tipo (.doc, .xls, .dwg, etc) ? | D20: Atende Parcialmente
A21: ITEM | B21: REFERÊNCIA | C21: QUESITO | E21: VOLUME/PÁGINA | F21: OBSERVAÇÕES
B22: IP-11 (4.1) | C22: Em atendimento as premissas e critérios de aplicabilidade da Reabilitação Funcional, foram apresentados texto com justificativa para os itens:
A23: 3 | B23: IP-11 (4.1) | C23: a) Os segmentos homogêneos com Recapeamento ou Rejuvenescimento tem a maior extensão percentual a ser executada? | D23: Atende
A24: =A23+1 -> 4 | B24: IP-11 (4.1) | C24: b) Os segmentos com intervenções mais pesadas, melhoramentos pontuais, não representam mais que 40% da extensão total do trecho? | D24: Atende Parcialmente
A25: 5 | B25: IP-11 (4.1) | C25: c) Rodovia está inclusa nas Classes II, III e IV? | D25: Atende Parcialmente
A26: 6 | B26: IP-11 (4.1) | C26: d) Rodovia de pista simples (mão dupla)? | D26: Atende Parcialmente
A27: 7 | B27: IP-11 (4.1) | C27: e) Rodovia de pista dupla se a solução for única e ser rejuvenescimento superficial por meio da aplicação de microrevetimento? | D27: Atende
A28: 8 | B28: IP-11 (4.1) | C28: f) Rodovia não recebeu intervenção, seja de reabilitação funcional ou de restauração, em curto espaço de tempo (05 anos)? | D28: Atende Parcialmente
A29: 9 | B29: IP-11 (4.1) | C29: g) Rodovia não tem histórico de defeitos e problemas estruturais graves? | D29: Atende Parcialmente
B30: IP-11 (4.1) | C30: Foram apresentados os dados e informações da rodovia a ser reabilitada, através de texto e/ou documentos comprovando:
A31: 10 | B31: IP-11 (4.1) | C31: a) Dados da implantação da rodovia, data, extensão, larguras, etc? | D31: Não Se Aplica
A32: =A31+1 -> 11 | B32: IP-11 (4.1) | C32: b) Levantamento histórico cadastral incluindo intervenções de conservação, manutenção e reabilitação realizadas em cada trecho? | D32: Não Se Aplica
A33: =A32+1 -> 12 | B33: IP-11 (4.1) | C33: c) Seção transversal do pavimento, com indicação do tipo e espessuras das camadas projetadas e existentes e a natureza do subleito? | D33: Atende Parcialmente
A34: =A33+1 -> 13 | B34: IP-11 (4.1) | C34: d) Tráfego existente na época do projeto (n° N)? | D34: Atende Parcialmente
A35: =A34+1 -> 14 | B35: IP-11 (4.1) | C35: e) Taxa de crescimento do tráfego (evolução do n° N)? | D35: Atende Parcialmente
B36: IP-11 (4.2.2) | C36: Foi apresentado levantamento cadastral dos elementos complementares ao projeto de reabilitação, constando de:
B37: IP-11 (4.2.2) | C37: - Para Drenagem:
A38: 15 | C38: Quadro informativo com no mínimo dados da localização (estaqueamento/km início e final), características (tipo/extensão) e o estado de conservação de cada dispositivo? | D38: Não Atende
A39: =A38+1 -> 16 | C39: Relatório fotográfico (Modelo 1.0) do cadastro executado? | D39: Não Atende
B40: IP-11 (4.2.2) | C40: - Para Sinalização Horizontal e Vertical ?
A41: 17 | C41: Quadro informativo com no mínimo dados da localização (estaqueamento/km início e final), características (tipo/extensão) e o estado de conservação de cada dispositivo? | D41: Atende Parcialmente
A42: 18 | C42: Relatório fotográfico (Modelo 1.0) do cadastro executado? | D42: Atende
B43: IP-11 (4.2.2) | C43: - Para Bueiros (obras de arte correntes) ?
A44: 19 | C44: Quadro informativo com no mínimo dados da localização (estaqueamento/km e coordenadas), características (tipo/dimensões) e o estado de conservação de cada dispositivo? | D44: Atende Parcialmente
A45: =A44+1 -> 20 | C45: Relatório fotográfico (Modelo 1.0) de todos os bueiros cadastrados, com no mínimo 2 fotos (1 montante / 1 jusante) ? | D45: Atende
B46: IP-11 (4.2.2) | C46: - Obra de arte especiais (bueiros celulares, pontes e viadutos) ?
A47: 21 | C47: Quadro informativo com no mínimo dados da localização (estaqueamento/km e coordenadas), características (tipo/dimensões) e o estado de conservação de cada dispositivo? | D47: Atende Parcialmente
A48: 23 | C48: Relatório fotográfico (Modelo 1.0) de todas as obras cadastradas, com no mínimo 2 fotos (1 montante / 1 jusante) ? | D48: Atende
B49: IP-11 (4.2.2) | C49: - Obras complementares ?
A50: 23 | C50: Quadro informativo com no mínimo dados da localização (Estaqueamento início e final), características (tipo/extensão) e o estado de conservação de cada dispositivo? | D50: Atende
A51: =A50+1 -> 24 | C51: Relatório fotográfico (Modelo 1.0) do cadastro executado? | D51: Atende Parcialmente
A52: =A51+1 -> 25 | B52: IP-11 (4.2.2) | C52: A definição dos segmentos homogêneos seguiram os índices de condições do pavimento, obtidos pelo LVC e conforme as Tabelas 1 e 2 do item 4.2.2? | D52: Atende Parcialmente
A53: =A52+1 -> 26 | B53: IP-11 (4.2.3) | C53: Os trechos homogêneos foram parcelados em segmentos de extensão entre 200 m e 5 km? | D53: Atende
A54: =A53+1 -> 27 | C54: Houve caso de parcelamento diferente do relacionado acima, item 4.2.3 ? | D54: Atende Parcialmente
A55: =A54+1 -> 28 | C55: Em relação ao item anterior este caso foi devidamente justificado? | D55: Atende Parcialmente
A56: =A55+1 -> 29 | B56: IP-11 (4.2.2) | C56: Para cada segmento homogêneos foram apresentadas soluções diferentes, mantendo a mesma capa asfáltica ao longo de toda rodovia reabilitada? | D56: Atende Parcialmente
A57: =A56+1 -> 30 | C57: Em relação ao item anterior foi utilizada capa asfáltica diferente ao longo da rodovia? | D57: Atende Parcialmente
A58: =A57+1 -> 31 | C58: Esta solução do item anterior foi devidamente justificativa para esta utilização? | D58: Atende Parcialmente
B59: IP-11 (4.2.3) | C59: Foi adotado alguma das soluções previstas na Tabela 3, de acordo o Índice do Estado da Superfície (IES):
A60: 32 | B60: IP-11 (4.2.3) | C60: - Recapeamento com CAUQ ? | D60: Atende Parcialmente
A61: =A60+1 -> 33 | B61: IP-11 (4.2.3) | C61: - Rejuvenescimento com aplicação de microrevestimento 1 ou 2 camadas ? | D61: Atende Parcialmente
A62: =A61+1 -> 34 | B62: IP-11 (4.2.3) | C62: - Reparos localizados superficiais e profundos + Recapeamento com CAUQ ? | D62: Atende Parcialmente
A63: =A62+1 -> 35 | B63: IP-11 (4.2.3) | C63: - Reparos localizados superficiais e profundos + Microrevestimento 1 ou 2 camadas ? | D63: Atende Parcialmente
A64: =A63+1 -> 36 | B64: IP-11 (4.2.3) | C64: - Fresagem de capa asfáltica existente + TSD + Microrevestimento 1 ou 2 camadas ? | D64: Atende Parcialmente
A65: =A64+1 -> 37 | B65: IP-11 (4.2.3) | C65: - Fresagem de capa asfáltica existente + Reparos profundos + TSD + Microrevestimento 1 ou 2 camadas ? | D65: Atende Parcialmente
A66: =A65+1 -> 38 | B66: IP-11 (4.2.3) | C66: - Reciclagem de base com adição de cimento + TSD + Microrevestimento ? | D66: Atende Parcialmente
A67: =A66+1 -> 39 | B67: IP-11 (4.2.3) | C67: - Reciclagem de base com adição de brita + TSD + Microrevestimento ? | D67: Atende Parcialmente
A68: =A67+1 -> 40 | B68: IP-11 (4.2.3) | C68: - Reciclagem de base com adição de cimento + CAUQ ? | D68: Atende Parcialmente
A69: =A68+1 -> 41 | B69: IP-11 (4.2.3) | C69: - Reciclagem de base com adição de brita + CAUQ ? | D69: Atende Parcialmente
C70: Em relação as soluções adotadas foi apresentado texto descritivo contendo:
A71: 42 | C71: - Metodologia utilizada ? | D71: Atende Parcialmente
A72: =A71+1 -> 43 | C72: - Memórias de cálculo do dimensionamento? | D72: Atende Parcialmente
A73: =A72+1 -> 44 | C73: - Quadros, gráficos e figuras ? | D73: Atende Parcialmente
A74: =A73+1 -> 45 | C74: - Justificativas para a solução adotada ? | D74: Atende Parcialmente
A75: =A74+1 -> 46 | C75: Foi apresentada solução diferente das proposta na Tabela 3? | D75: Atende Parcialmente
C76: Em relação a solução adotada no item anterior foi apresentado texto descritivo contendo:
A77: 47 | C77: - Metodologia utilizada ? | D77: Atende Parcialmente
A78: =A77+1 -> 48 | C78: - Memórias de cálculo do dimensionamento? | D78: Atende Parcialmente
A79: =A78+1 -> 49 | C79: - Quadros, gráficos e figuras ? | D79: Atende
A80: =A79+1 -> 50 | C80: - Justificativas para a solução adotada ? | D80: Atende
A81: =A80+1 -> 51 | B81: IP-11 (5.0 b) | C81: Foram apresentadas as Planilhas do Levantamento realizado, LVC? | D81: Atende
A82: =A81+1 -> 52 | B82: IP-11 (5.0 c) | C82: Foram apresentadas as Planilhas de Cálculo dos índices de condições do pavimento? | D82: Atende
A83: =A82+1 -> 53 | C83: Foi apresentado planilhas de determinação dos segmentos homogêneos (estacas/km de início e fim) e sua soluções propostas ? | D83: Atende
A84: =A83+1 -> 54 | B84: IP-11 (5.0 f) | C84: Foram apresentadas as Composições de serviço das soluções adotadas e suas respectivas seções tipo? | D84: Atende
A85: =A84+1 -> 55 | B85: IP-11 (5.0 g) | C85: Foi apresentado planilha de memória de cálculo com dados do levantamento cadastral e as quantidades dos serviços previstos para Drenagem? | D85: Atende
A86: =A85+1 -> 56 | B86: IP-11 (5.0 g) | C86: Foi apresentado planilha de memória de cálculo com dados do levantamento cadastral e as quantidades dos serviços previstos para Bueiros (obras de arte correntes)? | D86: Atende
A87: =A86+1 -> 57 | B87: IP-11 (5.0 g) | C87: Foi apresentado planilha de memória de cálculo com dados do levantamento cadastral e as quantidades dos serviços previstos para Obra de Arte Especiais (bueiros celulares, pontes e viadutos) ? | D87: Atende
A88: =A87+1 -> 58 | B88: IP-11 (5.0 g) | C88: Foi apresentado planilha de memória de cálculo com dados do levantamento cadastral e as quantidades dos serviços previstos para Obras complementares ? | D88: Atende
A89: =A88+1 -> 59 | B89: IP-11 (5.0 i) | C89: Foi apresentado o Diagrama Linear das soluções de restauração adotadas? | D89: Atende
A90: =A89+1 -> 60 | B90: IP-11 (5.0 k) | C90: Foram apresentadas as Especificações Particulares e Complementares? | D90: Atende
A91: =A90+1 -> 61 | B91: IP-11 (6.0) | C91: Foi apresentado algum caso específico e atípico que não se enquadrem nas especificações e Normas da GOINFRA? | D91: Atende
A92: =A91+1 -> 62 | B92: IP-11 (6.0) | C92: O caso acima, foi devidamente justificado? | D92: Atende
B93: IP-11 (6.0) | C93: Em relação ao item anterior foi apresentado texto descritivo contendo:
A94: 63 | C94: - Metodologia utilizada ? | D94: Atende
A95: =A94+1 -> 64 | C95: - Memórias de cálculo ? | D95: Atende
A96: =A95+1 -> 65 | C96: - Quadros, gráficos e figuras ? | D96: Atende
A97: =A96+1 -> 66 | C97: - Desenhos ? | D97: Atende Parcialmente
A98: =A97+1 -> 67 | B98: IP-11 (7.0) | C98: Foi apresentado a descrição exata dos pontos de início e fim do projeto, contendo as coordenadas e fotos ilustrando? | D98: Atende Parcialmente
A99: =A98+1 -> 68 | B99: IP-11 (7.0) | C99: Foram apresentados desenhos da seção transversal tipo, de cada solução, demonstrando claramente os serviços a serem executados e a descrição dos mesmos? | D99: Atende Parcialmente
A100: =A99+1 -> 69 | B100: IP-11 (7.0) | C100: Foi apresentado os quantitativos com discriminação de todos os serviços e distâncias de transporte? | D100: Atende Parcialmente
A101: =A100+1 -> 70 | B101: IP-11 (7.0) | C101: Foi apresentado a memória de cálculo dos quantitativos apresentados? | D101: Atende Parcialmente
A102: =A101+1 -> 71 | B102: IP-11 (5.0 h) | C102: Foi apresentado o orçamento e CPUs para os serviços de reabilitação projetados? | D102: Atende Parcialmente
A103: =A102+1 -> 72 | B103: IP-11 (7.0) | C103: Foi apresentado o Cronograma físico e financeiro para execução da Obra? | D103: Atende Parcialmente
...

Sheet PROJ_RESTAUR
A1: #VALUE! | C1: SEINFRA | F1: CONFERÊNCIA
C2: GEPPI - GERÊNCIA DE PLANEJAMENTO E PROGRAMAÇÃO DE INVESTIMENTOS | F2: Nº XX/XXXX
C3: CHECKLIST - CONFERÊNCIA DE PROJETOS | F3: DATA: | H3: Tabela Resumo
C4: PROJETO REABILITAÇÃO OU RESTAURO DE RODOVIA
A6: IDENTIFICAÇÃO | H6: Atende | I6: =COUNTIF(D$1:$D$295,"Atende") -> 21 | J6: =I6/$I$10 -> 0.16935484
A7: Objeto: | H7: Atende Parcialmente | I7: =COUNTIF(D$1:$D$295,"Atende Parcialmente") -> 35 | J7: =I7/$I$10 -> 0.28225806
A8: Rodovia/Trecho: | H8: Não Atende | I8: =COUNTIF(D$1:$D$295,"Não Atende") -> 31 | J8: =I8/$I$10 -> 0.25
A9: Complemento: | D9: Extensão: | H9: Não Se Aplica | I9: =COUNTIF(D$1:$D$295,"Não Se Aplica") -> 37 | J9: =I9/$I$10 -> 0.2983871
A10: Licitação: | I10: =SUM(I6:I9) -> 124 | J10: =I10/$I$10 -> 1
A11: Contratada:
A13: DOCUMENTOS DE ANÁLISE
A15: Documento entregue:
A16: Data de entrega: | D16: Versão:
A17: ENTREGA | E17: FORMATO | F17: OBSERVAÇÕES
A18: Os arquivos digitais foram entregues em mídia convencionais, como CD, pendrive, HD externo ou transferência remota registrada por e-mail ou protocolada nas DUAS VERSÕES:
A19: 1 | B19: - não editável (PDF) ? | D19: Atende Parcialmente
A20: 2 | B20: - editável de acordo com cada tipo (.doc, .xls, .dwg, etc) ? | D20: Atende Parcialmente
A21: ITEM | B21: REFERÊNCIA | C21: QUESITO | E21: VOLUME/PÁGINA | F21: OBSERVAÇÕES
C22: Dados iniciais
C23: Foi apresentado levantamento cadastral dos elementos complementares ao projeto de reabilitação, constando de:
B24: IP-13 (5.1.1 e) | C24: - Para Drenagem:
A25: 3 | C25: Quadro informativo com no mínimo dados da localização (estaqueamento/km início e final), características (tipo/extensão) e o estado de conservação de cada dispositivo? | D25: Atende
A26: =A25+1 -> 4 | C26: Relatório fotográfico (Modelo 1.0) do cadastro executado? | D26: Não Atende
B27: IP-14 (4.1.1.1 a) | C27: - Para Bueiros (obras de arte correntes)
A28: 5 | C28: Quadro informativo com no mínimo dados da localização (estaqueamento/km e coordenadas), características (tipo/declividade/dimensões) e o estado de conservação de cada dispositivo? | D28: Não Atende
A29: =A28+1 -> 6 | C29: Relatório fotográfico (Modelo 1.0) de todos os bueiros cadastrados, com no mínimo 2 fotos (1 montante / 1 jusante) ? | D29: Não Atende
B30: IP-14 (4.1.1.1 a) | C30: - Obra de arte especiais (bueiros celulares, pontes e viadutos)
A31: 7 | C31: Quadro informativo com no mínimo dados da localização (estaqueamento/km e coordenadas), características (tipo/declividade/dimensões) e o estado de conservação de cada dispositivo? | D31: Atende Parcialmente
A32: =A31+1 -> 8 | C32: Relatório fotográfico (Modelo 1.0) de todas as obras cadastradas, com no mínimo 2 fotos (1 montante / 1 jusante) ? | D32: Atende Parcialmente
C33: - Para Sinalização Horizontal e Vertical ?
A34: 9 | C34: Quadro informativo com no mínimo dados da localização (estaqueamento/km início e final), características (tipo/extensão) e o estado de conservação de cada dispositivo? | D34: Não Se Aplica
A35: =A34+1 -> 10 | C35: Relatório fotográfico (Modelo 1.0) do cadastro executado? | D35: Não Se Aplica
C36: - Obras complementares
A37: 11 | C37: Quadro informativo com no mínimo dados da localização (Estaqueamento início e final), características (tipo/extensão) e o estado de conservação de cada dispositivo? | D37: Não Se Aplica
A38: =A37+1 -> 12 | C38: Relatório fotográfico (Modelo 1.0) do cadastro executado? | D38: Atende
C39: - Levantamento da Largura de pista e acostamentos
A40: 13 | C40: Quadro informativo com dados do estaqueamento e dimensões das faixas de rolamento, acostamentos e faixas adicionais (se houver) | D40: Atende
A41: =A40+1 -> 14 | C41: Relatório fotográfico (Modelo 1.0) do cadastro executado, a cada alteração significativa de largura? | D41: Não Atende
A42: =A41+1 -> 15 | B42: IP-12 (7.2) | C42: Foram apresentados todos os arquivos relacionados acima em planilhas editáveis com fórmulas em software "Excel" ou similar, além dos desenhos em software "cad" ou similar? | D42: Não Atende
A43: =A42+1 -> 16 | B43: DNIT | C43: Foi apresentado a Anotação de responsabilidade técnica (ART) do profissional responsável pelos estudos e levantamentos? | D43: Não Atende
A44: =A43+1 -> 17 | B44: DNIT | C44: Foi apresentada a Declaração de responsabilidade técnica pelos estudos e levantamentos? | D44: Não Atende
A45: =A44+1 -> 18 | C45: PROJETO | D45: Atende Parcialmente
B46: IP-12 (4.7) | C46: Os parâmetros obtidos nos diversos levantamentos foram representados graficamente, contendo:
A47: 19 | B47: IP-12 (4.7) | C47: - Deflexão característica Benkelman ? | D47: Atende Parcialmente
A48: =A47+1 -> 20 | B48: IP-12 (4.7) | C48: - Raio de curvatura ? | D48: Atende Parcialmente
A49: =A48+1 -> 21 | B49: IP-12 (4.7) | C49: - Tipo de solo do subleito ? | D49: Não Se Aplica
A50: =A49+1 -> 22 | B50: IP-12 (4.7) | C50: - Espessuras das camadas do pavimento de materiais granulares e estabilizadas com aditivos (base, subbase e reforço do subleito) ? | D50: Não Se Aplica
A51: =A50+1 -> 23 | B51: IP-12 (4.7) | C51: - Índice de Gravidade Global (IGG) ? | D51: Não Se Aplica
A52: =A51+1 -> 24 | B52: IP-12 (4.7) | C52: - Índice de Condição do Pavimento Flexível (ICPF), Índice de Condição do Pavimento Rígido (ICPR) ou Valor da Serventia Atual (VSA) ? | D52: Não Se Aplica
A53: =A52+1 -> 25 | B53: IP-12 (4.7) | C53: - Índice de Irregularidade Longidutinal (IRI) ? | D53: Atende
A54: =A53+1 -> 26 | B54: IP-12 (4.7) | C54: - Número “N” Atual ? | D54: Atende
A55: =A54+1 -> 27 | B55: IP-12 (4.7) | C55: - Número Estrutural Corrigido (SNC) ? | D55: Atende
A56: =A55+1 -> 28 | B56: IP-12 (4.7) | C56: - Porcentagem de áreas trincadas do pavimento representadas pelos parâmetros: (FC2 + FC3) ou TR (DNER ES 128/83) ? | D56: Não Atende
A57: =A56+1 -> 29 | B57: IP-12 (4.7) | C57: - Marcação dos defeitos tais com trincas classes 1, 2, 3, afundamentos, ondulações, panelas, flechas etc, de acordo com Método DNIT 006/2003 – PRO ? | D57: Não Atende
A58: =A57+1 -> 30 | B58: IP-12 (4.7a) | C58: Os segmentos homogêneos foram estabelecidos com extensão entre 200m e 2km, de acordo com o comportamento estrutural e funcional ? | D58: Não Atende
A59: =A58+1 -> 31 | B59: IP-12 (4.7) | C59: Foi considerado no caso de emprego do (FWD) ou de outro tipo de deflectômetro, as deflexões características obtidas através da conversão em deflexões características Benkelman? | D59: Não Atende
B60: IP-12 (4.8) | C60: Foram utilizado os métodos aprovados pelo DNIT, relacionados abaixo:
A61: 32 | B61: IP-12 (4.8) | C61: - DNER-PRO 010/79 Avaliação estrutural dos pavimentos flexíveis - procedimento A ? | D61: Atende Parcialmente
A62: =A61+1 -> 33 | B62: IP-12 (4.8) | C62: - DNER-PRO 011/79 Avaliação estrutural dos pavimentos flexíveis - procedimento B ? | D62: Atende Parcialmente
A63: =A62+1 -> 34 | B63: IP-12 (4.8) | C63: - DNER-PRO 159/88 Projeto de restauração de pavimentos flexíveis e semi_x0002_rígidos ? | D63: Atende Parcialmente
A64: =A63+1 -> 35 | B64: IP-12 (4.8) | C64: - DNER-PRO 269/94 Projeto de restauração de pavimentos flexíveis – TECNAPAV ? | D64: Não Se Aplica
A65: =A64+1 -> 36 | B65: IP-12 (4.8) | C65: Em relação aos métodos citados, foram apresentados os demonstrativo de cálculo do dimensionamento por pelo menos 2 (dois) métodos? | D65: Não Se Aplica
A66: =A65+1 -> 37 | B66: IP-12 (4.8) | C66: Foi apresentadas planilhas resumo do dimensionamento pelos métodos citados com detalhe da solução adotada por segmento homogêneo? | D66: Não Se Aplica
A67: =A66+1 -> 38 | C67: Foi apresentada justificativa da utilização dos 2 (dois) métodos escolhidos ? | D67: Não Se Aplica
A68: =A67+1 -> 39 | B68: IP-12 (4.8) | C68: Foi utilizado algum método específico e atípico que não se enquadrem nas especificações acima ? | D68: Atende
A69: =A68+1 -> 40 | C69: O caso acima, foi devidamente justificado? | D69: Atende
C70: Em relação ao item anterior foi apresentado texto descritivo contendo:
A71: 41 | C71: - Metodologia utilizada ? | D71: Não Atende
A72: =A71+1 -> 42 | C72: - Memórias de cálculo ? | D72: Não Atende
A73: =A72+1 -> 43 | C73: - Quadros, gráficos e figuras ? | D73: Não Atende
A74: =A73+1 -> 44 | B74: IP-12 (4.8) | C74: No caso reconstruções mais volumosas da estrutura do pavimento, foram observadas as premissas IP-10 Projeto de Pavimentação? | D74: Não Atende
A75: =A74+1 -> 45 | C75: Em relação ao item anterior foi apresentado o checklist do Projeto de Pavimentação ? | D75: Atende Parcialmente
B76: IP-12 (4.8.1) | C76: Catálogo de Soluções de Restauração
A77: 46 | B77: IP-12 (4.8.1.1) | C77: Foi utilizada a matriz de soluções técnicas de restauração de pavimento - TSD? | D77: Atende Parcialmente
A78: =A77+1 -> 47 | B78: IP-12 (4.8.1.2) | C78: Foi utilizada a matriz de soluções técnicas de restauração de pavimento - CBUQ? | D78: Atende Parcialmente
A79: =A78+1 -> 48 | B79: IP-12 (4.8.1) | C79: Das soluções adotadas da matriz de soluções foi prevista alguma alternativa livre? | D79: Não Se Aplica
A80: =A79+1 -> 49 | B80: IP-12 (4.8.1) | C80: Em relação ao ítem anterior, em caso afirmativo, foi apresentada justificativa? | D80: Não Se Aplica
B81: IP-12 (4.9) | C81: Estudo Econômico e Comparativo
A82: 50 | B82: IP-12 (4.9) | C82: Foram apresentadas no mínimo 2 (dois) conjuntos de soluções acompanhados dos respectivos custos, para serem analisadas pelos setores competentes, objetivando a seleção da alternativa mais equilibrada técnica economicamente ? | D82: Não Se Aplica
A83: =A82+1 -> 51 | B83: IP-12 (4.9) | C83: Em relação ao item anterior, foram seguidos os critérios: | D83: Atende
A84: =A83+1 -> 52 | B84: IP-12 (4.9) | C84: - Para volume de tráfego inferior a 5x106 ? | D84: Atende
A85: =A84+1 -> 53 | B85: IP-12 (4.9) | C85: - Para volume de tráfego inferior a 1x107 ? | D85: Atende
A86: =A85+1 -> 54 | B86: IP-12 (4.9) | C86: - Independente do volume do tráfego ? | D86: Não Atende
A87: =A86+1 -> 55 | B87: IP-12 (4.9) | C87: Em relação aos conjuntos de soluções acima referidas do projeto do pavimento, estão inclusos acostamentos, 3ª faixas, etc conforme o caso? | D87: Não Atende
C88: Para cada conjunto de soluções, foi apresentado:
A89: 56 | B89: IP-12 (4.9) | C89: - Texto descritivo das justificaticas das soluções ? | D89: Não Atende
A90: =A89+1 -> 57 | B90: IP-12 (4.9) | C90: - Composição de serviço e respectiva seção tipo ? | D90: Atende Parcialmente
A91: =A90+1 -> 58 | B91: IP-12 (4.9) | C91: - Indicação dos materiais utilizados? | D91: Atende Parcialmente
A92: =A91+1 -> 59 | B92: IP-12 (4.9) | C92: - Métodos de execução ? | D92: Atende Parcialmente
A93: =A92+1 -> 60 | B93: IP-12 (4.9) | C93: - Quantitativos e Orçamento? | D93: Atende Parcialmente
A94: =A93+1 -> 61 | B94: IP-12 (4.9) | C94: Foi apresentado texto descritivo contendo a justificativa técnico-econômica das soluções adotadas? | D94: Não Se Aplica
A95: =A94+1 -> 62 | B95: IP-12 (4) | C95: Foi necessária a elaboração de verificação mecanística da solução proposta de restauração obtidas pelos procedimentos utilizados anteriormente? | D95: Não Se Aplica
A96: =A95+1 -> 63 | B96: IP-12 (4) | C96: Em relação ao item anterior, foram descritos as caracteristicas do programa computacional utilizado? | D96: Não Se Aplica
A97: =A96+1 -> 64 | B97: IP-12 (4) | C97: Foram apresentadas as hipóteses de cálculo utilizadas? | D97: Não Se Aplica
A98: =A97+1 -> 65 | B98: IP-12 (4) | C98: Foram apresentadas as simplificações utilizadas? | D98: Atende
A99: =A98+1 -> 66 | B99: IP-12 (4) | C99: Foram apresentadas os resultados e conclusões obtidas na análise mecanicista? | D99: Atende
A100: =A99+1 -> 67 | B100: IP-12 (4.8) | C100: Foram apresentados Quadros, contendo todos os parâmetros do trecho, deflexão, IRI, percentual de trincamento, percentual de desgaste, flechas nas trilhas de roda, defeitos no pavimento, de acordo com o preconizado no procedimento DNIT-006/2003-PRO, e a estrutura do pavimento segundo o estaqueamento e quilometragem do trecho, demonstrando a divisão em segmentos homogêneos e as soluções correspondentes? | D100: Atende
C101: Solução do projeto de restauração
A102: 68 | C102: Foi apresentado o documento de anuência comprovando a solução escolhida para desenvolvimento do projeto? | D102: Não Atende
A103: =A102+1 -> 69 | B103: IP-12 (4.8) | C103: Foi apresentado gráfico linear de pavimentação para a pista e acostamento, contendo as fontes e as ocorrências de materiais (pedreiras, cascalheiras, areais, usinas) e travessias urbanas, estabelecendo o estaqueamento e as quilometragens coincidentes com aquelas demarcadas no campo, para a solução adotada? | D103: Não Atende
...

Sheet DRENAGEM
A1: #VALUE! | C1: SEINFRA | F1: CONFERÊNCIA
C2: GEPPI - GERÊNCIA DE PLANEJAMENTO E PROGRAMAÇÃO DE INVESTIMENTOS | F2: Nº XX/XXXX
C3: CHECKLIST - CONFERÊNCIA DE PROJETOS | F3: DATA: | H3: Tabela Resumo
C4: PROJETO DE DRENAGEM
A6: IDENTIFICAÇÃO | H6: Atende | I6: =COUNTIF(D$1:$D$200,"Atende") -> 3 | J6: =I6/$I$10 -> 0.038961039
A7: Objeto: | H7: Atende Parcialmente | I7: =COUNTIF(D$1:$D$200,"Atende Parcialmente") -> 69 | J7: =I7/$I$10 -> 0.8961039
A8: Rodovia/Trecho: | H8: Não Atende | I8: =COUNTIF(D$1:$D$200,"Não Atende") -> 3 | J8: =I8/$I$10 -> 0.038961039
A9: Complemento: | D9: Extensão: | H9: Não Se Aplica | I9: =COUNTIF(D$1:$D$200,"Não Se Aplica") -> 2 | J9: =I9/$I$10 -> 0.025974026
A10: Licitação: | I10: =SUM(I6:I9) -> 77 | J10: =I10/$I$10 -> 1
A11: Contratada:
A13: DOCUMENTOS DE ANÁLISE
A15: Documento entregue:
A16: Data de entrega: | D16: Versão:
A17: ENTREGA | E17: FORMATO | F17: OBSERVAÇÕES
A18: Os arquivos digitais foram entregues em mídia convencionais, como CD, pendrive, HD externo ou transferência remota registrada por e-mail ou protocolada nas DUAS VERSÕES:
A19: 1 | B19: - não editável (PDF) ? | D19: Atende Parcialmente
A20: 2 | B20: - editável de acordo com cada tipo (.doc, .xls, .dwg, etc) ? | D20: Atende Parcialmente
A21: ITEM | B21: REFERÊNCIA | C21: QUESITO | E21: VOLUME/PÁGINA | F21: OBSERVAÇÕES
B22: IP-13 (5.1) | C22: Foi apresentado Relatório com as informações, relacionadas:
A23: 3 | B23: IP-13 (5.1) | C23: - no caso de dispositivos de drenagem existentes, principalmente O.A.C., foram efetuados os cadastros devidos? | D23: Atende Parcialmente
A24: =A23+1 -> 4 | B24: IP-13 (5.1) | C24: - verificação da suficiência hidráulica da obra? | D24: Atende Parcialmente
A25: =A24+1 -> 5 | B25: IP-13 (5.2) | C25: - O Projeto de drenagem está compatível com a alternativa de traçado escolhida, considerada como a mais viável? | D25: Atende Parcialmente
A26: =A25+1 -> 6 | B26: IP-13 (5.1) | C26: Foi verificada se a largura de plataforma de terraplenagem e pavimentação atende aos dispositivos adotados? | D26: Não Se Aplica
A27: =A26+1 -> 7 | B27: IP-13 (7.2) | C27: Foi apresentado memória descritiva e justificativa do projeto elaborado e detalhamento das soluções e memória de cálculo do dimensionamento da Drenagem e OAC? | D27: Não Se Aplica
A28: =A27+1 -> 8 | B28: IP-13 (7.2) | C28: Foi apresentado texto contendo memória descritiva e metodologia utilizada? | D28: Atende Parcialmente
A29: =A28+1 -> 9 | B29: IP-13 (7.2) | C29: Foi apresentado planilhas contendo as memórias de cálculo do dimensionamento da Drenagem e OAC? | D29: Não Atende
A30: =A29+1 -> 10 | B30: IP-13 (7.2) | C30: Foi apresentado detalhamento das soluções? | D30: Atende Parcialmente
A31: =A30+1 -> 11 | B31: IP-13 (7.2) | C31: Foi apresentado justificativa do estudo elaborado? | D31: Não Atende
A32: =A31+1 -> 12 | B32: IP-13 (7.2) | C32: Foi apresentado quadros, gráficos e figuras em complemento aos itens acima que viabilize o exame do projeto executado? | D32: Não Atende
A33: =A32+1 -> 13 | B33: IP-13 (7.2) | C33: Foi apresentada planta esquemática da localização das obras de drenagem? | D33: Atende Parcialmente
A34: =A33+1 -> 14 | B34: IP-13 (7.2) | C34: Foi apresentada quadros e notas de serviços de todos os dispositivos de drenagem e OAC? | D34: Atende
A35: =A34+1 -> 15 | B35: IP-13 (7.2) | C35: Foi adotada a utilização de meio-fio para aterros com altura superior a 1,50 m? | D35: Atende
... A38: =A37+1 -> 18 | B38: IP-13 (5.1.1) | C38: No caso de rodovia já implantada, foram apresentados os cadastros e vistorias dos dispositivos de drenagem existentes, e a memória de cálculo de verificação da suficiência de vazão e o estado de conservação? | D38: Atende Parcialmente
B39: IP-13 (5.2 b) | C39: Foram apresentados desenhos de execução dos dispositivos definidos por plantas, gráficos e tabelas incluindo:
A40: 19 | B40: IP-13 (5.2 b) | C40: - locação em planta e perfil? | D40: Atende Parcialmente
A41: =A40+1 -> 20 | B41: IP-13 (5.2 b) | C41: - possíveis escavações, regularizações e contenções? | D41: Atende Parcialmente
A42: =A41+1 -> 21 | B42: IP-13 (5.2 b) | C42: - as dimensões de todas as peças? | D42: Atende Parcialmente
A43: =A42+1 -> 22 | B43: IP-13 (5.2 b) | C43: - os materiais construtivos de cada uma, com especificações e quantitativos perfeitamente definidos? | D43: Atende Parcialmente
A44: =A43+1 -> 23 | B44: IP-13 (5.2 b) | C44: - os planos de lançamento ou montagem, escoramento, processos construtivos, acabamentos e providências especiais para a execução? | D44: Atende Parcialmente
A45: =A44+1 -> 24 | B45: IP-13 (5.2 b) | C45: Foi apresentado, quando for o caso, legendas nos desenhos distinguindo os dispositivos existentes, os dispositivos a serem demolidos, os dispositivos a serem prolongados e os dispositivos projetados ? | D45: Atende Parcialmente
A46: =A45+1 -> 25 | B46: IP-13 (5.2 c) | C46: Foram indicadas as especificações de todos os serviços a serem executados de acordo com as normas da GOINFRA/DNIT? | D46: Atende Parcialmente
A47: =A46+1 -> 26 | B47: IP-13 (5.2 c) | C47: E em caso de inexistência, nas normas da GOINFRA/DNIT foi apresentada especificações complementares? | D47: Atende Parcialmente
A48: =A47+1 -> 27 | B48: - | C48: As planilhas apresentadas estão de acordo com o modelo (Anexo I)? | D48: Atende Parcialmente
A49: =A48+1 -> 28 | B49: IP-13 (5.2 d) | C49: Foram apresentadas planilhas com todos os bueiros existentes? | D49: Atende Parcialmente
B50: IP-13 (5.2 d) | C50: Nas planilha das obras existentes, forma apresentados os seguintes dados:
A51: 29 | B51: IP-13 (5.2 d) | C51: - nº da bacia? | D51: Atende Parcialmente
A52: =A51+1 -> 30 | B52: IP-13 (5.2 d) | C52: - estaca de localização? | D52: Atende Parcialmente
A53: =A52+1 -> 31 | B53: IP-13 (5.2 d) | C53: - tipo de bueiro? | D53: Atende Parcialmente
A54: =A53+1 -> 32 | B54: IP-13 (5.2 d) | C54: - dimensão? | D54: Atende Parcialmente
A55: =A54+1 -> 33 | B55: IP-13 (5.2 d) | C55: - comprimento (esq. / dir.)? | D55: Atende Parcialmente
A56: =A55+1 -> 34 | B56: IP-13 (5.2 d) | C56: - lado de montante? | D56: Atende Parcialmente
A57: =A56+1 -> 35 | B57: IP-13 (5.2 d) | C57: - declividade (i%)? | D57: Atende Parcialmente
A58: =A57+1 -> 36 | B58: IP-13 (5.2 d) | C58: - esconsidade? | D58: Atende Parcialmente
A59: =A58+1 -> 37 | B59: IP-13 (5.2 d) | C59: - cota (montante /jusante)? | D59: Atende Parcialmente
A60: =A59+1 -> 38 | B60: IP-13 (5.2 d) | C60: - carga hidráulica? | D60: Atende Parcialmente
A61: =A60+1 -> 39 | B61: IP-13 (5.2 d) | C61: - velocidade da vazão? | D61: Atende Parcialmente
A62: =A61+1 -> 40 | B62: IP-13 (5.2 d) | C62: - escavação / reaterro? | D62: Atende Parcialmente
A63: =A62+1 -> 41 | B63: IP-13 (5.2 d) | C63: - boca / caixa? | D63: Atende Parcialmente
A64: =A63+1 -> 42 | B64: IP-13 (5.2 d) | C64: Foram apresentadas planilhas com todos os bueiros projetados? | D64: Atende Parcialmente
B65: IP-13 (5.2 d) | C65: Nas planilha das obras projetadas, foram apresentados os seguintes dados:
A66: 43 | B66: IP-13 (5.2 d) | C66: - nº da bacia? | D66: Atende Parcialmente
A67: =A66+1 -> 44 | B67: IP-13 (5.2 d) | C67: - estaca de localização? | D67: Atende Parcialmente
A68: =A67+1 -> 45 | B68: IP-13 (5.2 d) | C68: - tipo de bueiro? | D68: Atende Parcialmente
A69: =A68+1 -> 46 | B69: IP-13 (5.2 d) | C69: - dimensão? | D69: Atende Parcialmente
A70: =A69+1 -> 47 | B70: IP-13 (5.2 d) | C70: - comprimento (esq. / dir.)? | D70: Atende Parcialmente
A71: =A70+1 -> 48 | B71: IP-13 (5.2 d) | C71: - lado de montante? | D71: Atende Parcialmente
A72: =A71+1 -> 49 | B72: IP-13 (5.2 d) | C72: - declividade (i%)? | D72: Atende Parcialmente
A73: =A72+1 -> 50 | B73: IP-13 (5.2 d) | C73: - esconsidade? | D73: Atende Parcialmente
A74: =A73+1 -> 51 | B74: IP-13 (5.2 d) | C74: - cota (montante /jusante)? | D74: Atende Parcialmente
A75: =A74+1 -> 52 | B75: IP-13 (5.2 d) | C75: - carga hidráulica? | D75: Atende Parcialmente
A76: =A75+1 -> 53 | B76: IP-13 (5.2 d) | C76: - velocidade da vazão? | D76: Atende Parcialmente
A77: =A76+1 -> 54 | B77: IP-13 (5.2 d) | C77: - escavação / reaterro? | D77: Atende Parcialmente
A78: =A77+1 -> 55 | B78: IP-13 (5.2 d) | C78: - boca / caixa? | D78: Atende Parcialmente
... A90: =A89+1 -> 67 | B90: IP-13 (6.0) | C90: O caso acima, foi devidamente justificado? | D90: Atende Parcialmente
B91: IP-13 (6.0) | C91: Em relação ao item anterior foi apresentado texto descritivo contendo:
A92: 68 | B92: IP-13 (6.0) | C92: - Metodologia utilizada ? | D92: Atende Parcialmente
A93: =A92+1 -> 69 | B93: IP-13 (6.0) | C93: - Memórias de cálculo ? | D93: Atende Parcialmente
A94: =A93+1 -> 70 | B94: IP-13 (6.0) | C94: - Quadros, gráficos e figuras ? | D94: Atende Parcialmente
A95: =A94+1 -> 71 | B95: IP-13 (6.0) | C95: - Desenhos ? | D95: Atende Parcialmente
A96: =A95+1 -> 72 | B96: IP-13 (7.2) | C96: Foi apresentado os quantitativos dos serviços de drenagem e OAC? | D96: Atende Parcialmente
A97: =A96+1 -> 73 | B97: IP-13 (7.2) | C97: Foi apresentado o orçamento e CPUs para os serviços de drenagem e OAC projetados? | D97: Atende Parcialmente
A98: =A97+1 -> 74 | B98: IP-13 (7.2) | C98: Foi apresentado a memória de cálculo dos quantitativos apresentados? | D98: Atende Parcialmente
A99: =A98+1 -> 75 | B99: IP-13 (7.2) | C99: Foram apresentados todos os arquivos em planilhas editáveis com fórmulas em software "excel" ou similar? | D99: Atende Parcialmente
A100: =A99+1 -> 76 | B100: DNIT | C100: Foi apresentado a Anotação de responsabilidade técnica (ART) do profissional responsável pela disciplina? | D100: Atende Parcialmente
A101: =A100+1 -> 77 | B101: DNIT | C101: Foi apresentada a Declaração de responsabilidade técnica pelo projeto da disciplina? | D101: Atende Parcialmente
E104: Conferente: ___________________________________

Sheet SINALIZAÇÃO
A1: #VALUE! | C1: SEINFRA | F1: CONFERÊNCIA
C2: GEPPI - GERÊNCIA DE PLANEJAMENTO E PROGRAMAÇÃO DE INVESTIMENTOS | F2: Nº XX/XXXX
C3: CHECKLIST - CONFERÊNCIA DE PROJETOS | F3: DATA: | H3: Tabela Resumo
C4: PROJETO DE SINALIZAÇÃO
A6: IDENTIFICAÇÃO | H6: Atende | I6: =COUNTIF(D$1:$D$200,"Atende") -> 2 | J6: =I6/$I$10 -> 0.033333333
A7: Objeto: | H7: Atende Parcialmente | I7: =COUNTIF(D$1:$D$200,"Atende Parcialmente") -> 53 | J7: =I7/$I$10 -> 0.88333333
A8: Rodovia/Trecho: | H8: Não Atende | I8: =COUNTIF(D$1:$D$200,"Não Atende") -> 3 | J8: =I8/$I$10 -> 0.05
A9: Complemento: | D9: Extensão: | H9: Não Se Aplica | I9: =COUNTIF(D$1:$D$200,"Não Se Aplica") -> 2 | J9: =I9/$I$10 -> 0.033333333
A10: Licitação: | I10: =SUM(I6:I9) -> 60 | J10: =I10/$I$10 -> 1
A11: Contratada:
A13: DOCUMENTOS DE ANÁLISE
A15: Documento entregue:
A16: Data de entrega: | D16: Versão:
A17: ENTREGA | E17: FORMATO | F17: OBSERVAÇÕES
A18: Os arquivos digitais foram entregues em mídia convencionais, como CD, pendrive, HD externo ou transferência remota registrada por e-mail ou protocolada nas DUAS VERSÕES:
A19: 1 | B19: - não editável (PDF) ? | D19: Atende Parcialmente
A20: 2 | B20: - editável de acordo com cada tipo (.doc, .xls, .dwg, etc) ? | D20: Atende Parcialmente
A21: ITEM | B21: REFERÊNCIA | C21: QUESITO | E21: VOLUME/PÁGINA
A22: 3 | B22: IP-15 (5.0) | C22: Na elaboração do projeto de sinalização foi utilizado como referência o Manual de Sinalização Rodoviária – IPR 743 - DNIT e o Código de Trânsito Brasileiro (CONTRAN)? | D22: Não Atende
A23: =A22+1 -> 4 | B23: IP-15 (5.2) | C23: Em relação ao projeto realizado, foi apresentado: | D23: Não Atende
A24: =A23+1 -> 5 | B24: IP-15 (5.2) | C24: - texto contendo memória descritiva e metodologia utilizada? | D24: Não Atende
A25: =A24+1 -> 6 | B25: IP-15 (5.2) | C25: - planilha com memórias de cálculo? | D25: Atende Parcialmente
A26: =A25+1 -> 7 | B26: IP-15 (5.2) | C26: - justificativa do estudo elaborado? | D26: Atende Parcialmente
A27: =A26+1 -> 8 | B27: IP-15 (5.2) | C27: Foi apresentada planta com localização e o tipo da sinalização sobre o projeto geométrico: | D27: Atende Parcialmente
A28: =A27+1 -> 9 | B28: IP-15 (5.2) | C28: - ao longo da via? | D28: Atende Parcialmente
A29: =A28+1 -> 10 | B29: IP-15 (5.2) | C29: - nas interseções? | D29: Atende
A30: =A29+1 -> 11 | B30: IP-15 (5.2) | C30: - nos acessos? | D30: Atende Parcialmente
A31: =A30+1 -> 12 | B31: IP-15 (5.2) | C31: Foram apresentados todos os modelos das placas estabelecidas pela IP-15: | D31: Atende Parcialmente
A32: =A31+1 -> 13 | B32: IP-15 (4.3.2) | C32: - placas indicativas? | D32: Atende
A33: =A32+1 -> 14 | B33: IP-15 (4.3.2) | C33: - placas de advertências? | D33: Atende Parcialmente
A34: =A33+1 -> 15 | B34: IP-15 (4.3.2) | C34: - placas de regulamentação? | D34: Atende Parcialmente
... A43: =A42+1 -> 24 | B43: IP-15 (5.2) | C43: - localização? | D43: Atende Parcialmente
A44: =A43+1 -> 25 | C44: Com relação aos dispositivos de sinalização vertical provisória, foram apresentadas notas de serviço contendo os mesmos itens citados acima? | D44: Atende Parcialmente
A45: =A44+1 -> 26 | B45: IP-15 (5.2) | C45: Em relação à sinalização horizontal, constam os detalhes de todos os símbolos/dispositivos de projeto? | D45: Atende Parcialmente
A46: =A45+1 -> 27 | B46: IP-15 (4.3.1) | C46: No projeto de sinalização horizontal foram apresentadas as especificações de todos materiais de acordo com o item 4.3.1 da IP-15? | D46: Atende Parcialmente
A47: =A46+1 -> 28 | B47: DNIT | C47: As tachas e tachões estão conforme padrões e cadência de utilização apresentados no Guia Prático do BR-LEGAL? | D47: Atende Parcialmente
A48: =A47+1 -> 29 | B48: IP-15 (5.2) | C48: Foram apresentadas notas de serviço para sinalização horizontal contendo: | D48: Atende Parcialmente
A49: =A48+1 -> 30 | B49: IP-15 (5.2) | C49: - tipo de dispositivo? | D49: Atende Parcialmente
A50: =A49+1 -> 31 | B50: IP-15 (5.2) | C50: - localização? | D50: Atende Parcialmente
A51: =A50+1 -> 32 | B51: IP-15 (5.2) | C51: - quantitativo? | D51: Atende Parcialmente
A52: =A51+1 -> 33 | B52: IP-15 (4.3.1) | C52: Com relação aos dispositivos de sinalização horizontal provisória, foram apresentadas notas de serviço contendo os mesmos itens citados acima? | D52: Atende Parcialmente
A53: =A52+1 -> 34 | B53: IP-15 (5.2) | C53: Foi apresentado quadro resumo contendo: | D53: Atende Parcialmente
A54: =A53+1 -> 35 | B54: IP-15 (4.3.2) | C54: - quantitativo em área (m²) de placas, conforme o tipo de película refletiva? | D54: Atende Parcialmente
A55: =A54+1 -> 36 | B55: IP-15 (4.3.2) | C55: - número de placas a serem instaladas? | D55: Atende Parcialmente
A56: =A55+1 -> 37 | B56: IP-15 (4.3.2) | C56: - número de suportes a serem instalados? | D56: Atende Parcialmente
... A79: =A78+1 -> 60 | B79: IP-15 (5.2) | C79: Foram apresentados todos os arquivos em planilhas editáveis com fórmulas em software "Excel" ou similar, e os desenhos em "CAD" ou similar? | D79: Atende Parcialmente
E82: Conferente: ___________________________________

Sheet OAC
A1: #VALUE! | C1: SEINFRA | F1: CONFERÊNCIA
C2: GEPPI - GERÊNCIA DE PLANEJAMENTO E PROGRAMAÇÃO DE INVESTIMENTOS | F2: Nº XX/XXXX
C3: CHECKLIST - CONFERÊNCIA DE PROJETOS | F3: DATA: | H3: Tabela Resumo
C4: PROJETO DE OBRA DE ARTE CORRENTE
A6: IDENTIFICAÇÃO | H6: Atende | I6: =COUNTIF(D$1:$D$314,"Atende") -> 50 | J6: =I6/$I$10 -> 0.40322581
A7: Objeto: | H7: Atende Parcialmente | I7: =COUNTIF(D$1:$D$314,"Atende Parcialmente") -> 70 | J7: =I7/$I$10 -> 0.56451613
A8: Rodovia/Trecho: | H8: Não Atende | I8: =COUNTIF(D$1:$D$314,"Não Atende") -> 2 | J8: =I8/$I$10 -> 0.016129032
A9: Complemento: | D9: Extensão: | H9: Não Se Aplica | I9: =COUNTIF(D$1:$D$314,"Não Se Aplica") -> 2 | J9: =I9/$I$10 -> 0.016129032
A10: Licitação: | I10: =SUM(I6:I9) -> 124 | J10: =I10/$I$10 -> 1
A11: Contratada:
A13: DOCUMENTOS DE ANÁLISE
A15: Documento entregue:
A16: Data de entrega: | D16: Versão:
A17: ENTREGA | E17: FORMATO | F17: OBSERVAÇÕES
A18: Os arquivos digitais foram entregues em mídia convencionais, como CD, pendrive, HD externo ou transferência remota registrada por e-mail ou protocolada nas DUAS VERSÕES:
A19: 1 | B19: - não editável (PDF) ? | D19: Atende Parcialmente
A20: 2 | B20: - editável de acordo com cada tipo (.doc, .xls, .dwg, etc) ? | D20: Atende Parcialmente
A21: ITEM | B21: REFERÊNCIA | C21: QUESITO | E21: VOLUME/PÁGINA
C22: Bueiros
A23: 3 | C23: Checagem de resistência mecânica para cargas altas | D23: Atende Parcialmente
A24: =A23+1 -> 4 | C24: Proteção ambiental nas áreas adjacentes | D24: Atende Parcialmente
A25: =A24+1 -> 5 | C25: Conexão ideal com canais de entrada e saída | D25: Atende Parcialmente
A26: =A25+1 -> 6 | C26: Capacidade de resistência ao impacto mecânico | D26: Atende Parcialmente
A27: =A26+1 -> 7 | C27: Garantia de vazão em máxima eficiência | D27: Atende Parcialmente
A28: =A27+1 -> 8 | B28: DNIT | C28: Os coeficientes de rugosidade adotados no dimensionamento das OACs estão compatíveis com o revestimento do bueiro adotado? | D28: Atende Parcialmente
A29: =A28+1 -> 9 | B29: IP-13 | C29: nº da bacia? | D29: Atende Parcialmente
A30: =A29+1 -> 10 | B30: IP-13 | C30: estaca de localização? | D30: Atende Parcialmente
A31: =A30+1 -> 11 | B31: IP-13 | C31: tipo de bueiro? | D31: Atende Parcialmente
A32: =A31+1 -> 12 | B32: IP-13 | C32: dimensão? | D32: Atende Parcialmente
A33: =A32+1 -> 13 | B33: IP-13 | C33: comprimento (esq. / dir.)? | D33: Atende Parcialmente
A34: =A33+1 -> 14 | B34: IP-13 | C34: lado de montante? | D34: Atende Parcialmente
A35: =A34+1 -> 15 | B35: IP-13 | C35: declividade (i%)? | D35: Atende Parcialmente
A36: =A35+1 -> 16 | B36: IP-13 | C36: esconsidade? | D36: Atende Parcialmente
A37: =A36+1 -> 17 | B37: IP-13 | C37: cota (montante /jusante)? | D37: Atende Parcialmente
A38: =A37+1 -> 18 | B38: IP-13 | C38: carga hidráulica? | D38: Atende Parcialmente
A39: =A38+1 -> 19 | B39: IP-13 | C39: velocidade da vazão? | D39: Atende Parcialmente
... A42: =A41+1 -> 22 | B42: IP-13 | C42: Foram apresentadas planilhas com todos os bueiros projetados? | D42: Atende Parcialmente
C43: Sarjetas
A44: 23 | C44: Verificação de declividade ao longo do comprimento | D44: Atende
A45: =A44+1 -> 24 | C45: Checagem da continuidade do fluxo de água | D45: Atende Parcialmente
A46: =A45+1 -> 25 | C46: Resistência à abrasão em uso contínuo | D46: Atende Parcialmente
A47: =A46+1 -> 26 | C47: Durabilidade em condições climáticas adversas | D47: Atende Parcialmente
A48: =A47+1 -> 27 | C48: Compatibilidade com sistemas adjacentes de drenagem | D48: Atende
A49: =A48+1 -> 28 | C49: Facilidade de limpeza em operações de manutenção | D49: Atende Parcialmente
C50: Drenos Longitudinais
A51: 29 | C51: Proteção contra sobrecarga em períodos chuvosos | D51: Atende Parcialmente
A52: =A51+1 -> 30 | C52: Capacidade para prevenir acúmulo de sedimentos | D52: Não Atende
A53: =A52+1 -> 31 | C53: Conexão ideal com drenagem transversal | D53: Não Atende
A54: =A53+1 -> 32 | C54: Verificação de resistência estrutural | D54: Atende Parcialmente
A55: =A54+1 -> 33 | C55: Revestimento anti-corrosivo conforme normas | D55: Atende Parcialmente
A56: =A55+1 -> 34 | C56: Compatibilidade com expansão futura do sistema | D56: Atende
C57: Drenos Transversais
A58: 35 | C58: Reforço contra alta pressão hidráulica | D58: Atende Parcialmente
A59: =A58+1 -> 36 | C59: Posicionamento ideal em terrenos desnivelados | D59: Atende
A60: =A59+1 -> 37 | C60: Material de construção resistente ao tempo | D60: Atende
A61: =A60+1 -> 38 | C61: Conformidade com o perfil hidráulico projetado | D61: Atende Parcialmente
A62: =A61+1 -> 39 | C62: Facilidade de inspeção durante a operação | D62: Atende
A63: =A62+1 -> 40 | C63: Durabilidade sob condições extremas de clima | D63: Atende Parcialmente
C64: Drenos Subterrâneos (Subdrenos)
A65: 41 | C65: Conexão precisa com poços de inspeção | D65: Atende Parcialmente
A66: =A65+1 -> 42 | C66: Monitoramento do desempenho ao longo do tempo | D66: Atende
A67: =A66+1 -> 43 | C67: Proteção contra colapsos estruturais | D67: Atende Parcialmente
A68: =A67+1 -> 44 | C68: Instalação segura em áreas de difícil acesso | D68: Atende
A69: =A68+1 -> 45 | C69: Capacidade de adaptação a diferentes fluxos | D69: Atende Parcialmente
A70: =A69+1 -> 46 | C70: Conformidade com especificações técnicas detalhadas | D70: Atende Parcialmente
C71: Poços de Inspeção
A72: 47 | C72: Estrutura interna revestida para evitar corrosão | D72: Atende Parcialmente
A73: =A72+1 -> 48 | C73: Compatibilidade com tubulações conectadas | D73: Atende Parcialmente
A74: =A73+1 -> 49 | C74: Verificação da estanqueidade do sistema | D74: Atende Parcialmente
A75: =A74+1 -> 50 | C75: Instalação em locais de fácil acesso operacional | D75: Atende Parcialmente
A76: =A75+1 -> 51 | C76: Monitoramento de integridade estrutural | D76: Atende Parcialmente
A77: =A76+1 -> 52 | C77: Capacidade de adaptação a sistemas de alta pressão | D77: Atende Parcialmente
C78: Canais e Valetas
A79: 53 | C79: Monitoramento de infiltrações durante uso intenso | D79: Atende Parcialmente
A80: =A79+1 -> 54 | C80: Facilidade de remoção de resíduos acumulados | D80: Não Se Aplica
A81: =A80+1 -> 55 | C81: Compatibilidade com topografia local | D81: Não Se Aplica
A82: =A81+1 -> 56 | C82: Proteção contra erosão em áreas vulneráveis | D82: Atende Parcialmente
A83: =A82+1 -> 57 | C83: Durabilidade frente a inundações rápidas | D83: Atende Parcialmente
A84: =A83+1 -> 58 | C84: Resistência a vegetação invasiva | D84: Atende Parcialmente
C85: Pontilhões
A86: 59 | C86: Reforço estrutural para evitar desabamentos | D86: Atende Parcialmente
A87: =A86+1 -> 60 | C87: Monitoramento periódico contra erosão | D87: Atende Parcialmente
A88: =A87+1 -> 61 | C88: Proteção contra assoreamento das margens | D88: Atende Parcialmente
A89: =A88+1 -> 62 | C89: Resistência a cargas dinâmicas altas | D89: Atende Parcialmente
A90: =A89+1 -> 63 | C90: Durabilidade frente a inundações repetitivas | D90: Atende Parcialmente
A91: =A90+1 -> 64 | C91: Conformidade com normas ambientais | D91: Atende Parcialmente
C92: Muretas de Contenção
A93: 65 | C93: Capacidade de absorção de impacto lateral | D93: Atende Parcialmente
A94: =A93+1 -> 66 | C94: Reforço contra desmoronamentos adjacentes | D94: Atende Parcialmente
A95: =A94+1 -> 67 | C95: Durabilidade frente a intempéries e corrosão | D95: Atende Parcialmente
A96: =A95+1 -> 68 | C96: Monitoramento regular da integridade estrutural | D96: Atende Parcialmente
A97: =A96+1 -> 69 | C97: Compatibilidade com sistemas de drenagem próximos | D97: Atende Parcialmente
A98: =A97+1 -> 70 | C98: Estética integrada ao projeto rodoviário | D98: Atende Parcialmente
C99: Muros de Arrimo
A100: 71 | C100: Resistência contra esforços cortantes elevados | D100: Atende Parcialmente
A101: =A100+1 -> 72 | C101: Monitoramento contra recalques diferenciais | D101: Atende Parcialmente
A102: =A101+1 -> 73 | C102: Acabamento adequado para evitar infiltrações | D102: Atende Parcialmente
A103: =A102+1 -> 74 | C103: Reforço com geossintéticos quando necessário | D103: Atende Parcialmente
A104: =A103+1 -> 75 | C104: Proteção contra movimentação excessiva do solo | D104: Atende Parcialmente
A105: =A104+1 -> 76 | C105: Estabilidade garantida para longos períodos | D105: Atende Parcialmente
...

Sheet OAE
A1: #VALUE! | C1: SEINFRA | F1: CONFERÊNCIA
C2: GEPPI - GERÊNCIA DE PLANEJAMENTO E PROGRAMAÇÃO DE INVESTIMENTOS | F2: Nº XX/XXXX
C3: CHECKLIST - CONFERÊNCIA DE PROJETOS | F3: DATA: | H3: Tabela Resumo
C4: PROJETO DE OBRA DE ARTE ESPECIAL
A6: IDENTIFICAÇÃO | H6: Atende | I6: =COUNTIF(D$1:$D$300,"Atende") -> 4 | J6: =I6/$I$10 -> 0.018691589
A7: Objeto: | H7: Atende Parcialmente | I7: =COUNTIF(D$1:$D$300,"Atende Parcialmente") -> 192 | J7: =I7/$I$10 -> 0.89719626
A8: Rodovia/Trecho: | H8: Não Atende | I8: =COUNTIF(D$1:$D$300,"Não Atende") -> 16 | J8: =I8/$I$10 -> 0.074766355
A9: Complemento: | D9: Extensão: | H9: Não Se Aplica | I9: =COUNTIF(D$1:$D$300,"Não Se Aplica") -> 2 | J9: =I9/$I$10 -> 0.0093457944
A10: Licitação: | I10: =SUM(I6:I9) -> 214 | J10: =I10/$I$10 -> 1
A11: Contratada:
A13: DOCUMENTOS DE ANÁLISE
A15: Documento entregue:
A16: Data de entrega: | D16: Versão:
A17: ENTREGA | E17: FORMATO | F17: OBSERVAÇÕES
A18: Os arquivos digitais foram entregues em mídia convencionais, como CD, pendrive, HD externo ou transferência remota registrada por e-mail ou protocolada nas DUAS VERSÕES:
A19: 1 | B19: - não editável (PDF) ? | D19: Atende Parcialmente
A20: 2 | B20: - editável de acordo com cada tipo (.doc, .xls, .dwg, etc) ? | D20: Atende Parcialmente
A21: ITEM | B21: REFERÊNCIA | C21: QUESITO | E21: VOLUME/PÁGINA
A22: 3 | B22: IP-14 (5.3) | C22: Foi apresentao texto informativo do projeto, resumo dos estudos, especificações? | D22: Atende
B23: IP-14 (5.3) | C23: No projeto da OAE foram considerados aspectos específicos:
A24: 4 | C24: - dos estudos topográficos? | D24: Atende
A25: =A24+1 -> 5 | C25: - dos estudos hidrológicos e hidráulicos? | D25: Atende Parcialmente
A26: =A25+1 -> 6 | C26: - dos estudos geotécnicos? | D26: Atende Parcialmente
B27: IP-14 (4.1.1.1) | C27: Dentro dos estudos topográficos, constam:
A28: 7 | C28: - o cadastro de todas as OACs existentes no trecho? | D28: Atende Parcialmente
A29: =A28+1 -> 8 | C29: - o cadastro das OAEs existentes cortadas pelo eixo locado? | D29: Atende
A30: =A29+1 -> 9 | C30: - o levantamento topográfico da área de interesse? | D30: Atende Parcialmente
A31: =A30+1 -> 10 | C31: - o levantamento batimétrico das novas OAEs? | D31: Atende Parcialmente
B32: IP-02 (4.1) | C32: Foram cadastrados os elementos físicos situados na área de interferência da obra, constando das informações:
A33: 11 | C33: - de locação e identificação das estruturas físicas (aéreas e/ou enterradas) de rede de energia/telecomunicação/internet? | D33: Atende Parcialmente
A34: =A33+1 -> 12 | C34: - de locação e identificação de elementos (visíveis e/ou enterrados) de rede de água/esgoto? | D34: Não Se Aplica
A35: =A34+1 -> 13 | C35: - de locação e identificação de elementos (visíveis e/ou enterrados) de galerias de águas pluviais? | D35: Não Se Aplica
A36: =A35+1 -> 14 | C36: - de identificação e locação de demais elementos situados na área de interferência da obra? | D36: Atende Parcialmente
B37: IP-14 (4.1.1.1) | C37: Dentro dos estudos hidrológicos e hidráulicos, constam:
A38: 15 | C38: - a indicação das cotas, épocas e durações das ocorrências de máxima cheia? | D38: Atende Parcialmente
A39: =A38+1 -> 16 | C39: - a memória de cálculo da determinação da seção de vazão necessária à OAE, com indicação da velocidade máxima das águas no local? | D39: Atende Parcialmente
A40: =A39+1 -> 17 | C40: - a indicação da velocidade máxima da água no local? | D40: Não Atende
A41: =A40+1 -> 18 | C41: - a indicação da possibilidade de ocorrência de depósitos no leito, margens e erosões no fundo ou nas margens do curso d'água? | D41: Atende Parcialmente
A42: =A41+1 -> 19 | C42: - a indicação da tendência a divagação do leito do rio e eventual transporte de matérias flutuantes nos períodos de cheia? | D42: Não Atende
A43: =A42+1 -> 20 | C43: - a análise química da água para verificar sobre a possibilidade de ocorrência de águas agressivas, tanto sob o aspecto tóxico como sob o aspecto de ação destrutiva? | D43: Não Atende
A44: =A43+1 -> 21 | C44: - informações relativas aos serviços de regularização, dragagem, retificações ou proteção das margens, em execução e planejados? | D44: Atende Parcialmente
A45: =A44+1 -> 22 | C45: - informações relativas a OAEs implantadas nas proximidades, tais como: tipo da estrutura, extensão da obra, número de vãos, altura de construção, vazão, tipo de fundação, existência ou não de erosão nas fundações, margens e encontros, ou qualquer outro dado de interesse? | D45: Atende Parcialmente
B46: IP-14 (4.1.1.1) | C46: Dentro dos estudos geotécnicos, constam:
A47: 23 | C47: - os relatórios de sondagem de reconhecimento, em número e profundidade tais que permitam a perfeita caracterização do subsolo? | D47: Não Atende
A48: =A47+1 -> 24 | C48: - a planta de locação das sondagens, referida ao eixo locado da rodovia? | D48: Não Atende
A49: =A48+1 -> 25 | C49: - a indicando dos equipamentos utilizados? | D49: Não Atende
A50: =A49+1 -> 26 | C50: - os boletins de sondagens, elaborados em atendimento à norma NBR:6484 vigente e ao item 5.8 do Manual de Sondagens ABGE (2013)? | D50: Não Atende
A51: =A50+1 -> 27 | C51: - a descrição das condições do subsolo explorado? | D51: Não Atende
A52: =A51+1 -> 28 | C52: - a interpretação dos resultados obtidos? | D52: Atende Parcialmente
C53: - os perfis geológicos/geotécnicos e individuais de todas as sondagens, indicando:
A54: 29 | C54: • a natureza e espessura das diversas camadas atravessadas? | D54: Não Atende
A55: =A54+1 -> 30 | C55: • as profundidades em relação às RN da rodovia? | D55: Não Atende
A56: =A55+1 -> 31 | C56: • o índice de resistência à penetração de cada camada? | D56: Não Atende
A57: =A56+1 -> 32 | C57: • os níveis d'água? | D57: Não Atende
A58: =A57+1 -> 33 | C58: Foram atendidos os critérios de paralisação especificados no TR? | D58: Não Atende
A59: =A58+1 -> 34 | C59: As cotas inferiores das sondagens estão abaixo da cotas de assentamento da fundação de apoio? | D59: Não Atende
A60: =A59+1 -> 35 | C60: Em caso de terreno cuja estabilidade possa ser ameaçada pela colocação dos aterros de acesso, foram realizados estudos geotécnicos especiais que permitam a demonstração de estabilidade do conjunto solo - aterro - OAE? | D60: Não Atende
A61: =A60+1 -> 36 | C61: Foram apresentadas informações sobre a existência de jazidas de materiais que possam ser empregados na execução da obra, discriminando tipos disponíveis, quantidades e custos? | D61: Não Atende
B62: IP-14 (4.1.1.1) | C62: Foram apresentadas informações complementares e de interesse relacionadas ao projeto, como:
A63: 37 | C63: - nomenclatura da rodovia, com o S.R.E.? | D63: Atende Parcialmente
A64: =A63+1 -> 38 | C64: - trecho e subtrecho do projeto? | D64: Atende Parcialmente
A65: =A64+1 -> 39 | C65: - classe da rodovia? | D65: Atende Parcialmente
A66: =A65+1 -> 40 | C66: - estaca ou quilômetro em que se implantará a obra? | D66: Atende Parcialmente
A67: =A66+1 -> 41 | C67: - nome do obstáculo a ser transposto? | D67: Atende Parcialmente
A68: =A67+1 -> 42 | C68: - proximidade a centros urbanos? | D68: Atende Parcialmente
A69: =A68+1 -> 43 | C69: - meios de acesso à região onde se situará a obra? | D69: Atende Parcialmente
A70: =A69+1 -> 44 | C70: - gabaritos a obedecer? | D70: Atende Parcialmente
A71: =A70+1 -> 45 | C71: - necessidade de passeios para pedestres ou de pista para bicicletas ou carroças? | D71: Atende Parcialmente
A72: =A71+1 -> 46 | C72: - necessidade de guarda-corpos especiais? | D72: Atende Parcialmente
A73: =A72+1 -> 47 | C73: - aspectos paisagísticos a considerar? | D73: Atende Parcialmente
A74: =A73+1 -> 48 | C74: - possibilidade de aproveitamento de mão-de-obra da região, discriminando tipos, quantidades disponíveis e salários normais? | D74: Atende Parcialmente
A75: =A74+1 -> 49 | C75: - possibilidades de apoio da região, tais como: energia, habitações, comunicações, transportes, bancos e outros? | D75: Atende Parcialmente
A76: =A75+1 -> 50 | C76: - demais informes especiais necessários? | D76: Atende Parcialmente
A77: VERIFICAÇÕES DE CARÁTER ESPECÍFICOS - FASE PRELIMINAR DE CONCEPÇÃO
A78: =A76+1 -> 51 | B78: IP-14 (5.3) | C78: No caso de projeto de mais de uma OAE, foi apresentado o quadro de localização das OAE projetadas? | D78: Atende Parcialmente
A79: =A78+1 -> 52 | B79: IP-14 (4.2 a) | C79: Foi apresentado a definição da concepção estrutural? | D79: Atende Parcialmente
A80: =A79+1 -> 53 | B80: IP-14 (4.2 b) | C80: Foi apresentado estudo de alternativas para a travessia, no que respeita ao local de implantação da obra? | D80: Atende Parcialmente
B81: IP-14 (4.2 c) | C81: Foi apresentado estudo das soluções estruturais exequíveis, em decorrência do exame do local de implantação, com definição, para cada solução proposta:
A82: 54 | C82: - do comprimento total da obra? | D82: Atende Parcialmente
A83: =A82+1 -> 55 | C83: - do número de vãos? | D83: Atende Parcialmente
A84: =A83+1 -> 56 | C84: - das características geométricas principais? | D84: Atende Parcialmente
A85: =A84+1 -> 57 | C85: - do sistema construtivo? | D85: Atende Parcialmente
A86: =A85+1 -> 58 | C86: - da extensão dos aterros de acesso? | D86: Atende Parcialmente
A87: =A86+1 -> 59 | C87: - das fundações? | D87: Atende Parcialmente
B88: IP-14 (4.2 d) | C88: Para cada alternativa selecionada, foi apresentado:
A89: 60 | C89: - pré-dimensionamento da alternativa? | D89: Atende Parcialmente
A90: =A89+1 -> 61 | C90: - estimativas de quantidades? | D90: Atende Parcialmente
A91: =A90+1 -> 62 | C91: - justificativa para cada solução conforme o caso? | D91: Atende Parcialmente
A92: =A91+1 -> 63 | B92: IP-14 (4.2 e) | C92: Foi apresentado a indicação da melhor solução? | D92: Atende Parcialmente
B93: IP-14 (4.2 e) | C93: Na escolha da solução, foram considerados critérios:
A94: 64 | C94: - técnicos? | D94: Atende Parcialmente
A95: =A94+1 -> 65 | C95: - econômicos e administrativos? | D95: Atende Parcialmente
A96: =A95+1 -> 66 | C96: - operacionais para a rodovia? | D96: Atende Parcialmente
A97: =A96+1 -> 67 | C97: - arquitetônicos e paisagísticos da obra? | D97: Atende Parcialmente
A98: =A97+1 -> 68 | B98: IP-14 (4.2 f) | C98: Foi apresentado memória de cálculo estrutural da solução adotada definindo as principais seções e elementos de relevância na estrutura, constando as verificações de resistência e quantidade aproximada de armadura? | D98: Atende Parcialmente
B99: DNIT | C99: Os seguinte elementos estão compatíveis com o apresentado no projeto geométrico:
A100: 69 | C100: - o número/largura de faixas de rolamento? | D100: Atende Parcialmente
A101: =A100+1 -> 70 | C101: - as faixas de segurança? | D101: Atende Parcialmente
A102: =A101+1 -> 71 | C102: - o acostamento? | D102: Atende Parcialmente
A103: =A102+1 -> 72 | C103: - o passeio? | D103: Atende Parcialmente
...

Sheet PAISAGISMO
A1: #VALUE! | C1: SEINFRA | F1: CONFERÊNCIA
C2: GEPPI - GERÊNCIA DE PLANEJAMENTO E PROGRAMAÇÃO DE INVESTIMENTOS | F2: Nº XX/XXXX
C3: CHECKLIST - CONFERÊNCIA DE PROJETOS | F3: DATA: | H3: Tabela Resumo
C4: PROJETO DE PAISAGISMO
A6: IDENTIFICAÇÃO | H6: Atende | I6: =COUNTIF(D$1:$D$200,"Atende") -> 1 | J6: =I6/$I$10 -> 0.083333333
A7: Objeto: | H7: Atende Parcialmente | I7: =COUNTIF(D$1:$D$200,"Atende Parcialmente") -> 8 | J7: =I7/$I$10 -> 0.66666667
A8: Rodovia/Trecho: | H8: Não Atende | I8: =COUNTIF(D$1:$D$200,"Não Atende") -> 2 | J8: =I8/$I$10 -> 0.16666667
A9: Complemento: | D9: Extensão: | H9: Não Se Aplica | I9: =COUNTIF(D$1:$D$200,"Não Se Aplica") -> 1 | J9: =I9/$I$10 -> 0.083333333
A10: Licitação: | I10: =SUM(I6:I9) -> 12 | J10: =I10/$I$10 -> 1
A11: Contratada:
A13: DOCUMENTOS DE ANÁLISE
A15: Documento entregue:
A16: Data de entrega: | D16: Versão:
A17: ENTREGA | E17: FORMATO | F17: OBSERVAÇÕES
A18: Os arquivos digitais foram entregues em mídia convencionais, como CD, pendrive, HD externo ou transferência remota registrada por e-mail ou protocolada nas DUAS VERSÕES:
A19: 1 | B19: - não editável (PDF) ? | D19: Atende Parcialmente
A20: 2 | B20: - editável de acordo com cada tipo (.doc, .xls, .dwg, etc) ? | D20: Atende Parcialmente
A21: ITEM | B21: REFERÊNCIA | C21: QUESITO | E21: VOLUME/PÁGINA | F21: OBSERVAÇÕES
A22: 3 | B22: IP-18 - GOINFRA | C22: Planta geral de situação dos locais dos anteprojetos de tratamento paisagístico, amarrados aos marco quilométricos, assinalados os pontos notáveis, tais como cidades, rios, nascentes; | D22: Atende
A23: =A22+1 -> 4 | B23: IP-18 - GOINFRA | C23: Desenhos com o detalhamento das soluções propostas | D23: Atende Parcialmente
A24: =A23+1 -> 5 | B24: IP-18 - GOINFRA | C24: Divisão em trechos para arborização | D24: Atende Parcialmente
A25: =A24+1 -> 6 | B25: IP-18 - GOINFRA | C25: Divisão em trechos para vegetação a ser preservada | D25: Não Se Aplica
A26: =A25+1 -> 7 | B26: IP-18 - GOINFRA | C26: Divisão em trechos para áreas escolhidas para repouso e/ou recreação | D26: Atende Parcialmente
A27: =A26+1 -> 8 | B27: IP-18 - GOINFRA | C27: Divisão em trechos para locais adequados para postos fiscais | D27: Atende Parcialmente
A28: =A27+1 -> 9 | B28: IP-18 - GOINFRA | C28: Divisão em trechos para postos de serviço e abastecimento | D28: Atende Parcialmente
A29: =A28+1 -> 10 | B29: IP-18 - GOINFRA | C29: Planta de detalhe dos diferentes tipos de arborização como bosques, bosquetes | D29: Não Atende
A30: =A29+1 -> 11 | B30: IP-18 - GOINFRA | C30: Plantas específicas do tratamento paisagístico das interseções e acessos | D30: Atende Parcialmente
A31: =A30+1 -> 12 | B31: IP-18 - GOINFRA | C31: Desenhos, plantas, cortes, vistas e detalhes estruturais dos elementos arquitetônicos | D31: Não Atende
E34: Conferente: ___________________________________

Sheet ILUMINAÇÃO
A1: #VALUE! | C1: SEINFRA | F1: CONFERÊNCIA
C2: GEPPI - GERÊNCIA DE PLANEJAMENTO E PROGRAMAÇÃO DE INVESTIMENTOS | F2: Nº XX/XXXX
C3: CHECKLIST - CONFERÊNCIA DE PROJETOS | F3: DATA: | H3: Tabela Resumo
C4: PROJETO DE ILUMINAÇÃO RODOVIÁRIA
A6: IDENTIFICAÇÃO | H6: Atende | I6: =COUNTIF(D$1:$D$200,"Atende") -> 1 | J6: =I6/$I$10 -> 0.033333333
A7: Objeto: | H7: Atende Parcialmente | I7: =COUNTIF(D$1:$D$200,"Atende Parcialmente") -> 23 | J7: =I7/$I$10 -> 0.76666667
A8: Rodovia/Trecho: | H8: Não Atende | I8: =COUNTIF(D$1:$D$200,"Não Atende") -> 3 | J8: =I8/$I$10 -> 0.1
A9: Complemento: | D9: Extensão: | H9: Não Se Aplica | I9: =COUNTIF(D$1:$D$200,"Não Se Aplica") -> 3 | J9: =I9/$I$10 -> 0.1
A10: Licitação: | I10: =SUM(I6:I9) -> 30 | J10: =I10/$I$10 -> 1
A11: Contratada:
A13: DOCUMENTOS DE ANÁLISE
A15: Documento entregue:
A16: Data de entrega: | D16: Versão:
A17: ENTREGA | E17: FORMATO | F17: OBSERVAÇÕES
A18: Os arquivos digitais foram entregues em mídia convencionais, como CD, pendrive, HD externo ou transferência remota registrada por e-mail ou protocolada nas DUAS VERSÕES:
A19: 1 | B19: - não editável (PDF) ? | D19: Atende Parcialmente
A20: 2 | B20: - editável de acordo com cada tipo (.doc, .xls, .dwg, etc) ? | D20: Atende Parcialmente
A21: ITEM | B21: REFERÊNCIA | C21: QUESITO | E21: VOLUME/PÁGINA | F21: OBSERVAÇÕES
A22: 3 | B22: DNIT | C22: Foram incluídos os documentos referentes à formalização de responsabilidades? | D22: Atende Parcialmente
A23: =A22+1 -> 4 | B23: DNIT | C23: Anotação de responsabilidade técnica (ART) do profissional responsável pela disciplina, com comprovante de pagamento | D23: Atende Parcialmente
A24: =A23+1 -> 5 | B24: DNIT | C24: Declaração de responsabilidade técnica pelo cálculo e verificação dos quantitativos de serviço | D24: Não Se Aplica
A25: =A24+1 -> 6 | B25: DNIT | C25: Outros documentos exigidos pelo TR | D25: Atende Parcialmente
A26: =A25+1 -> 7 | B26: DNIT | C26: O conteúdo apresentado compreende todo escopo previsto pelo TR? | D26: Atende Parcialmente
A27: =A26+1 -> 8 | B27: DNIT | C27: O mapa de localização da obra foi apresentado? | D27: Atende Parcialmente
A28: =A27+1 -> 9 | B28: DNIT | C28: Foram considerados os pontos de interseção do projeto com as disciplinas antecessoras? | D28: Não Atende
A29: =A28+1 -> 10 | B29: DNIT | C29: O projeto de iluminação segue os critérios determinados no projeto geométrico? | D29: Atende Parcialmente
A30: =A29+1 -> 11 | B30: DNIT | C30: O trabalho desenvolvido levou em consideração as condições locais do empreendimento? | D30: Não Atende
A31: =A30+1 -> 12 | B31: DNIT | C31: O projeto de iluminação apresenta os seguintes elementos? | D31: Atende Parcialmente
A32: =A31+1 -> 13 | B32: DNIT | C32: A Memória descritiva do projeto | D32: Atende Parcialmente
A33: =A32+1 -> 14 | B33: DNIT | C33: Documento informando a tensão de fornecimento indicada pela concessionária local | D33: Atende Parcialmente
A34: =A33+1 -> 15 | B34: DNIT | C34: Documento de aprovação da concessionária local | D34: Não Atende
... A49: =A48+1 -> 30 | B49: IP-19 GOINFRA | C49: Detalhamento das interferências; Outros de valia na correta e completa definição do projeto, referentes a nichos, caixas, dutos, cabos, circuitos e outros | D49: Atende
E52: Conferente: ___________________________________

Sheet PLANEJAMENTO
A1: #VALUE! | C1: SEINFRA | F1: CONFERÊNCIA
C2: GEPPI - GERÊNCIA DE PLANEJAMENTO E PROGRAMAÇÃO DE INVESTIMENTOS | F2: Nº XX/XXXX
C3: CHECKLIST - CONFERÊNCIA DE PROJETOS | F3: DATA: | H3: Tabela Resumo
C4: FASE DE PLANEJAMENTO - ORÇAMENTO E MEMORIAIS
A6: IDENTIFICAÇÃO | H6: Atende | I6: =COUNTIF(D$1:$D$180,"Atende") -> 7 | J6: =I6/$I$10 -> 0.14893617
A7: Objeto: | H7: Atende Parcialmente | I7: =COUNTIF(D$1:$D$180,"Atende Parcialmente") -> 32 | J7: =I7/$I$10 -> 0.68085106
A8: Rodovia/Trecho: | H8: Não Atende | I8: =COUNTIF(D$1:$D$180,"Não Atende") -> 4 | J8: =I8/$I$10 -> 0.085106383
A9: Complemento: | D9: Extensão: | H9: Não Se Aplica | I9: =COUNTIF(D$1:$D$180,"Não Se Aplica") -> 4 | J9: =I9/$I$10 -> 0.085106383
A10: Licitação: | I10: =SUM(I6:I9) -> 47 | J10: =I10/$I$10 -> 1
A11: Contratada:
A13: DOCUMENTOS DE ANÁLISE
A15: Documento entregue:
A16: Data de entrega: | D16: Versão:
A17: ENTREGA | E17: FORMATO | F17: OBSERVAÇÕES
A18: Os arquivos digitais foram entregues em mídia convencionais, como CD, pendrive, HD externo ou transferência remota registrada por e-mail ou protocolada nas DUAS VERSÕES:
A19: 1 | B19: - não editável (PDF) ? | D19: Atende
A20: 2 | B20: - editável de acordo com cada tipo (.doc, .xls, .dwg, etc) ? | D20: Atende Parcialmente
A21: ITEM | B21: REFERÊNCIA | C21: QUESITO | E21: VOLUME/PÁGINA | F21: OBSERVAÇÕES
C22: Orçamento técnico
A23: 3 | C23: Conforme orientações do Decreto nº 7.983/2013? | D23: Atende Parcialmente
A24: =A23+1 -> 4 | C24: Conforme orientações da Portaria Conjunta MGI/MG/CGU nº 33/2023? | D24: Atende Parcialmente
A25: =A24+1 -> 5 | C25: Apresentou Orçamento Onerado? | D25: Atende Parcialmente
A26: =A25+1 -> 6 | C26: Apresentou Orçamento Desonerado? | D26: Não Atende
A27: =A26+1 -> 7 | C27: Apresentou relatório de vantajosidade? | D27: Atende Parcialmente
A28: =A27+1 -> 8 | C28: Apresentou Planilha Sintética? | D28: Atende Parcialmente
A29: =A28+1 -> 9 | C29: Apresentou Planilha Analítica? | D29: Atende Parcialmente
A30: =A29+1 -> 10 | C30: Há a descrição do código de todos os itens, conforme tabelas de referencia? | D30: Atende Parcialmente
A31: =A30+1 -> 11 | C31: Existe planilha de composições? | D31: Não Se Aplica
A32: =A31+1 -> 12 | C32: Há composição detalhada da Adminsitração Local, Canteiro de Obras e Mobilização? | D32: Atende Parcialmente
A33: =A32+1 -> 13 | C33: Apresentou relatório de composição de formação de preços que não constam nas tabelas de referência? | D33: Não Se Aplica
A34: =A33+1 -> 14 | C34: Evidencia parcelas de mão-de-obra e insumos? | D34: Não Se Aplica
A35: =A34+1 -> 15 | C35: Os quantitativos da planilha de orçamento estão linkados para com o Memorial de Cálculo? | D35: Atende Parcialmente
... A37: =A36+1 -> 17 | C37: Apresenta Relatório de Itens de Maior Relevância? | D37: Atende Parcialmente
C38: Memorial de Cálculo
A39: 18 | C39: Quantifica os serviços a serem executados? | D39: Atende Parcialmente
A40: =A39+1 -> 19 | C40: Compatível com os projetos e demais peças técnicas? | D40: Atende Parcialmente
A41: =A40+1 -> 20 | C41: Apresenta memória de cálculo referente a todos os quantitativos levantados, informando volumes, distâncias de transporte, áreas, metragens e as demais quantidades levantadas? | D41: Atende
A42: =A41+1 -> 21 | C42: Quadro Resumo de DMTs, contendo, por serviço, ou grupos de serviços de mesma afinidade, as DMTs para trecho pavimentado, revestimento primário e leito natural. Além disso, deverão figurar todas as origens e destinos para cada material transportado; | D42: Atende
A43: =A42+1 -> 22 | C43: O quadro contém coordenadas geográficas e/ou link rastreável? | D43: Atende
A44: =A43+1 -> 23 | C44: Apresenta Linear de Ocorrência de Materiais, para todos os insumos a serem transportados contendo a identificação das rodovias federais ou estaduais respectivas aos trajetos, o tipo da rodovia (pavimentada, em revestimento primário ou em leito natural), os marcos quilométricos e a devida legenda identificando a ocorrência, as origens e destinos correlatos? | D44: Atende
C45: Cronograma Físico Financeiro
A46: 24 | C46: Contem a especificação física completa das etapas necessárias à medição, ao monitoramento e ao controle da obra? | D46: Atende Parcialmente
A47: =A46+1 -> 25 | C47: Divide as etapas principais em subestapas e atividades? | D47: Não Atende
A48: =A47+1 -> 26 | C48: Existe sequenciamento lógico nas atividades dispostas em ordem cronológica de execução, considerando dependências e precedências? | D48: Atende Parcialmente
A49: =A48+1 -> 27 | C49: Foi elaborado levando em consideração aspectos como clima e pluviometria? | D49: Atende Parcialmente
C50: BDI
A51: 28 | C51: O ISS é correspondente ao município de execução das obras? | D51: Atende Parcialmente
A52: =A51+1 -> 29 | C52: Apresentou BDI onerado, desonerado e reduzido? | D52: Não Atende
A53: =A52+1 -> 30 | C53: Evidencia taxa de rateio de administração central? | D53: Atende Parcialmente
A54: =A53+1 -> 31 | C54: Evidencia percentuais de tribudos incidentes sobre o preço do serviço | D54: Atende Parcialmente
A55: =A54+1 -> 32 | C55: Evidencia taxa de risco, seguro e garantia de empreendimento? | D55: Atende
A56: =A55+1 -> 33 | C56: Evidencia taxa de lucro? | D56: Atende Parcialmente
C57: Memorial Descritivo
A58: 34 | C58: Nome do empreendimento. | D58: Atende Parcialmente
A59: =A58+1 -> 35 | C59: Descrição geral do projeto. | D59: Atende Parcialmente
A60: =A59+1 -> 36 | C60: Finalidade do documento (descrição das obras ou serviços previstos). | D60: Atende Parcialmente
A61: =A60+1 -> 37 | C61: Informações sobre os serviços e etapas do projeto. | D61: Atende Parcialmente
A62: =A61+1 -> 38 | C62: Escopo detalhado das obras, com especificação das atividades principais e complementares. | D62: Atende
A63: =A62+1 -> 39 | C63: Limites do escopo (o que está incluído e excluído). | D63: Atende Parcialmente
A64: =A63+1 -> 40 | C64: Tipos de materiais a serem utilizados. | D64: Atende Parcialmente
A65: =A64+1 -> 41 | C65: Normas técnicas aplicáveis (ABNT, ISO, NBR, etc.). | D65: Atende Parcialmente
A66: =A65+1 -> 42 | C66: Métodos de execução das obras e serviços. | D66: Não Atende
A67: =A66+1 -> 43 | C67: Critérios de qualidade para aceitação de materiais e serviços. | D67: Atende Parcialmente
A68: =A67+1 -> 44 | C68: Sequenciamento das atividades. | D68: Atende Parcialmente
A69: =A68+1 -> 45 | C69: Descrição detalhada dos métodos construtivos. | D69: Não Se Aplica
A70: =A69+1 -> 46 | C70: Equipamentos necessários. | D70: Atende Parcialmente
A71: =A70+1 -> 47 | C71: Especificação dos testes e ensaios necessários. | D71: Atende Parcialmente
E76: Conferente: ___________________________________
